Workbook
Name _: #REF!
Name ____MON1: #REF!
Name ____MON2: #REF!
Name ____sub1: #REF!
Name ____sub2: #REF!
Name ____sub3: #REF!
Name ____sub4: #REF!
Name ____sub5: #REF!
Name ____sub6: #REF!
Name ____sub7: #REF!
Name ___sub1: #REF!
Name __1Sin_nombre: #REF!
Name __MON1: #REF!
Name __MON2: #REF!
Name __sub1: #REF!
Name __sub2: #REF!
Name __sub3: #REF!
Name __sub4: #REF!
Name __sub5: #REF!
Name __sub6: #REF!
Name __sub7: #REF!
Name _1: #REF!
Name _12as: #REF!
Name _13_1_6: #REF!
Name _14: #REF!
Name _1Sin_nombre: #REF!
Name _2_: #REF!
Name _a: #REF!
Name _ACT21: [4]ACTA21!$A$6:$U$37
Name _AFC1: [5]INV!$A$25:$D$28
Name _AFC3: [5]INV!$F$25:$I$28
Name _AFC5: [5]INV!$K$25:$N$28
Name _altavista: #REF!
Name _area_s: #REF!
Name _bbbb: #REF!
Name _BGC1: [5]INV!$A$5:$D$8
Name _BGC3: [5]INV!$F$5:$I$8
Name _BGC5: [5]INV!$K$5:$N$8
Name _CAC1: [5]INV!$A$19:$D$22
Name _CAC3: [5]INV!$F$19:$I$22
Name _CAC5: [5]INV!$K$19:$N$22
Name _calculo: #REF!
Name _Cod1: #REF!
Name _Cod11: #REF!
Name _da3: #REF!
Name _fill12: #REF!
Name _hola2: #REF!
Name _imp23: #REF!
Name _MA2: #REF!
Name _MON1: #REF!
Name _MON2: #REF!
Name _Pa1: '[9]Paral. 1'!$E:$E
Name _Pa2: '[9]Paral. 2'!$E:$E
Name _Pa3: '[9]Paral. 3'!$E:$E
Name _Pa4: [9]Paral.4!$E:$E
Name _S8: #REF!
Name _SBC1: [5]INV!$A$12:$D$15
Name _SBC3: [5]INV!$F$12:$I$15
Name _SBC5: [5]INV!$K$12:$N$15
Name _sub1: #REF!

Sheet VÍA
A2: OBRAS COMPLEMENTARIAS VIA CERRO NUTIBARA
A4: ACTIVIDADES | B4: INCLUYE (INFORMATIVO) | C4: UN | D4: VALOR DIRECTO (SIF) | E4: VALOR TOTAL DIRECTO (SIF)
A6: SEÑALIZACIÓN VERTICAL Y HORIZONTAL DE LA VÍA ACCESO. | B6: EL PORTÓN DE ACCESO 30 A | C6: KG | D6: 73662243 | E6: =D12 -> 5.1213e+08
B7: DEMARCACIONES DE CICLORUTA | C7: M2 | D7: 198377892
B8: DEMARCACIONES DE BULEVAR | C8: M2 | D8: 81148427
B9: SEÑALIZACION VERTICAL DEL PROYECTO | D9: 30141396
B10: DEMARCACIÓN VIAL HORIZONTAL DEL PROYECTO | C10: ML | D10: 97840040
B11: COLOCACIÓN DE ADOQUÍN TÁCTIL GUÍA O ALERTA 20 X 20 X 6 | C11: GL | D11: 30960000
B12: TOTAL | D12: =SUM(D6:D11) -> 5.1213e+08
A13: DOTACIÓN URBANA DE LA VÌA ACCESO. | B13: DEFENSA VIAL DE LA 32 D | C13: ML | D13: 36000000 | E13: =D17 -> 1.6842416e+08
B14: PASAMANOS | D14: 36236070
B15: BANCAS Y BASURERAS Y JARDINERAS | C15: GL | D15: 86838092
B16: PLETINA METALICA ALCORQUES CIRCULAR DE DIAMETRO DE 1.0M. | C16: GL | D16: 9350000
B17: TOTAL | D17: =SUM(D13:D16) -> 1.6842416e+08
A18: COMPLEMENTO A RED AGUA LLUVÍAS CERRO NUTIBARA DE LA DESCARGA DEL RÍO MEDELLÍN, ZANJA ABIERTA. | B18: PMT DE ALTO IMPACTO PARA LA DESCARGA AL RÍO MEDELLÍN | C18: GL | D18: 167931034 | E18: =D21 -> 5.5847944e+08
B19: TRAMO B DE LA DESCARGA AL RÍO MEDELLÍN (INTERVENCIÓN EN EL ÁREA DE LA AUTOPISTA) | C19: GL | D19: 3.638281e+08
B20: LOCALIZACION TRAZADO Y REPLANTEO | C20: DIA | D20: 26720310
B21: TOTAL | D21: =SUM(D18:D20) -> 5.5847944e+08
A22: RESTITUCIÓN ELEMENTOS CONSTITUTIVOS DE OPERACIÓN | B22: PORTERÍA 30 | C22: Gl | D22: 44881785 | E22: =D22 -> 44881785 | G22: OTRAS DEPENDENCIA S.S.S (BIENES)
B23: LOCAL COMERCIAL 30 A | C23: Gl | F23: 81930458 | G23: Local se encontraba vacío sin arrendatario, se demoliò para obras de la via, Anterior subsecretario de Bienes solicitaba reposición, ¿Se requiere? ¿Quién será responsable?
D25: SUBTOTAL COSTOS DIRECTOS OBRA | E25: =+E6+E13+E22+E18 -> 1.2839154e+09 | F25: 81930458
C27: 0.168 | D27: ADMINISTRACIÓN DE OBRA (Incluye protocolos bio) | E27: =+E25*C27+142862208 -> 3.5855999e+08 | F27: =+F25*C27 -> 13764317
C28: 0.05 | D28: UTILIDAD DE OBRA | E28: =+E25*C28 -> 64195769 | F28: =+F25*C28 -> 4096522.9
D30: COSTO TOTAL DE LA OBRA | E30: =SUM(E25:E29) -> 1.7066712e+09 | F30: =+F25+F27+F28 -> 99791298
D32: INTERVENTORÍA (7,5 MESES) | E32: 384491142
D33: COSTO TOTAL | E33: =+E30+E32 -> 2.0911623e+09 | F33: =F30 -> 99791298
E35: =+E33+F33 -> 2.1909536e+09
E51: =+E25*C27 -> 2.1569779e+08 | F51: ADMON 16,8%
E52: 142862208 | F52: PROTOCOLOS
E53: =SUM(E51:E52) -> 3.5855999e+08
F59: =+F30+#REF!+#REF! -> #REF! | G59: OTRAS DEPENDENCIAS

Sheet CIMA
A2: OBRAS COMPLEMENTARIAS CIMA DEL CERRO NUTIBARA
A4: ACTIVIDADES | B4: INCLUYE (INFORMATIVO) | C4: UN | D4: VALOR DIRECTO (SIF) | E4: OTRAS DEPENDENCIAS
A6: DOTACIÓN CON ESTRUCTURA METÁLICA LIVIANA COMPLEMENTARIOS A LA CONSTRUCCIÓN AMPLIACIÓN | B6: Incluye extracción del restaurante y mesones en acero inoxidable, divisiones de acero inoxidable de los baños. | C6: gl | D6: 1.6370465e+08
A7: COLOCACIÒN DE ADOQUÍN PEATONAL EN CIRCULACIÒN ZONA COMIDAS Y PLAZOLETA | B7: Adoquón tactil para circulación peatonal | C7: 723 m2 | D7: 1.3859829e+08
A8: DOTACIÓN AL URBANISMO CONSTRUIDO Y GRADERÍAS DE ESTANCIAS EN SITIOS ESPECIFICADOS. | B8: Bancas, alcorques, jardineras, puntos ecológicos, Gradería detrás del Pueblito Paisa, Cubierta de pérgola (policarbonato) | C8: gl | D8: 3.4165176e+08
A9: REDES EXTERNAS ELÉCTRICAS DE ALUMBRADO PUBLICO | B9: Alumbrado exterior zona de comidas A y B (zona de pérgola). | C9: gl | D9: 96869253 | H9: VALOR DIRECTO | I9: A.U | J9: 0.2073
A10: INSTALACIÓN DE 3 MÓDULOS COMERCIALES DE ESPACIO PÚBLICO TIPO 70 | B10: 3 comerciantes ubicados actualmente en el mirador | C10: 3 Und | E10: 1.0004805e+08 | F10: SUBSECRETARÌA ESPACIO PÚBLICO | H10: 82869253 | I10: =+H10*J9 -> 17178796
A11: CONSTRUCCIÓN DE (1) MODULO COMERCIAL (CERCA AL PUNTO DE INFORMACIÓN) | B11: Modulo para reubicar comerciante que se encuentra en la lista de arrendatarios | C11: 1 Und | E11: =+H11+I11 -> 32439250 | F11: S.S.S (Bienes) | H11: 26869253 | I11: =+H11*J9 -> 5569996.2
A12: MANTENIMIENTO DE 5 LOCALES EXTERIORES EN MADERA | B12: Locales ubicados cerca a la glorieta de la cima del Cerro Nutibara | C12: 5 Und | E12: =+H12+I12 -> 1.1815755e+08 | F12: S.S.S (Bienes) | H12: 97869253 | I12: =+H12*J9 -> 20288296
A14: PUESTA A PUNTO DE 5 LOCALES USO GUIÓN MUSEOGRAFICO Y FUENTE DEL PUEBLITO PAISA. | B14: Si se requiere hacer, el plazo del contrato interadministrativo se vería aumentado, por el traslado de los comerciantes | C14: 5 Und | E14: 55190047 | F14: SECRETARÍA CULTURA CIUDADANA | H14: 45713614 | I14: =+H14*J9 -> 9476432.3
B16: SUBTOTAL COSTOS DIRECTOS OBRA | D16: =+D6+D7+D8+D9 -> 7.4082395e+08
B18: ADMINISTRACIÓN DE OBRA (Incluye protocolos bio) | C18: 0.1573 | D18: =E44 -> 1.6903033e+08
B19: UTILIDAD DE OBRA | C19: 0.05 | D19: =+D16*C19 -> 37041197 | E19: SIN LOCALES PUEBLITO PAISA
B21: COSTO TOTAL DE LA OBRA | D21: =+D16+D18+D19 -> 9.4689548e+08 | E21: =SUM(E10:E12) -> 2.5064485e+08
B23: INTERVENTORÍA (4 MESES) | D23: 280000000
B24: COSTO TOTAL | D24: =+D21+D23 -> 1.2268955e+09 | E24: =+E21+E23 -> 2.5064485e+08
D26: =+D24+E24 -> 1.4775403e+09
E42: =+D16*C18 -> 1.1653161e+08 | F42: ADMON 15,73%
E43: 52498724 | F43: PROTOCOLOS BIOSEGURIDAD
E44: =SUM(E42:E43) -> 1.6903033e+08

Sheet CARLOS VIECO
A2: OBRAS COMPLEMENTARIAS TEATRO CARLOS VIECO ORTIZ
A4: ACTIVIDADES | B4: INCLUYE (INFORMATIVO) | C4: VALOR DIRECTO (SIF) | D4: VALOR TOTAL DIRECTO (SIF)
A6: ACABADOS EN PISOS Y REVOQUES TEATRO CARLOS VIECO ORTIZ | B6: REVOQUES/ENCHAPES/PINTURA | C6: 32301508 | D6: =C8 -> 75181056
B7: PISOS | C7: 42879548
B8: TOTAL | C8: =SUM(C6:C7) -> 75181056
A9: ACABADOS EN CARPINTERÍA METÁLICA Y ACERO INOXIDABLE | B9: APARATOS SANITARIOS | C9: 48294491 | D9: =C12 -> 3.7624591e+08
B10: ELEMENTOS ACERO INOXIDABLE | C10: 113054100
B11: CARPINTERÍA METÁLICA Y ACCESORIOS (PUERTAS- PASAMANOS- CORTINAS) | C11: 2.1489732e+08
B12: TOTAL | C12: =SUM(C9:C11) -> 3.7624591e+08
A13: INSTALACIÓN DE REDES | B13: INST. HIDROSANITARIAS INTERNAS | C13: 59604770 | D13: =C18 -> 6.2180132e+08
B14: INST. HIDROSANITARIAS EXTERNAS | C14: 96929156
B15: INST. ELECTRICAS INTERNAS | C15: 2.686828e+08
B16: INST. ELÉCTRICAS EXTERNAS | C16: 151966929
B17: RED DE INCENDIOS | C17: 44617665
B18: TOTAL | C18: =SUM(C13:C17) -> 6.2180132e+08
A19: CERRAMIENTO PERIMETRAL | B19: Cerramiento perimetral para paso y protección de fauna existente (requerimiento AMVA) | C19: 211015000 | D19: =C20 -> 211015000
B20: TOTAL | C20: =SUM(C19) -> 211015000
A21: IMPERMEABILIZACIONES | B21: ACABADO BLOQUE HIDROFUGO | C21: 12169200 | D21: =C23 -> 62033407
B22: FILTROS, IMPERMEABILIZACIONES | C22: 49864207
B23: TOTAL | C23: =SUM(C21:C22) -> 62033407
A24: DOTACIÓN EQUIPOS ELECTROACÚSTICO Y DE ILUMINACIÓN | B24: SISTEMA ELECTROACÚSTICO E ILUMINACION ESCÉNICA V1 Motor Chainmaster BGV-D8 1600KG / Arreglo lineal de parlantes / Amplificador / Poleas / Luminarias tipo Eurotruss / Consola digital audio / dotación sonido. | E24: =E34 -> 7.9143433e+08 | F24: SECRETARÍA CULTURA CIUDADANA
C26: SUBTOTAL COSTOS DIRECTOS OBRA | D26: =SUM(D6:D23) -> 1.3462767e+09 | E26: 656356222
B28: 0.1558 | C28: ADMINISTRACIÓN DE OBRA (Incluye protocolos bio) | D28: =D54 -> 2.2860271e+08 | E28: =+E26*B28 -> 1.022603e+08
B29: 0.05 | C29: UTILIDAD DE OBRA | D29: =+D26*B29 -> 67313835 | E29: =+E26*B29 -> 32817811
C31: COSTO TOTAL DE LA OBRA | D31: =SUM(D26:D30) -> 1.6421932e+09 | E31: =SUM(E26:E29) -> 7.9143433e+08
C33: INTERVENTORÍA (4 MESES) | D33: 2.805647e+08
C34: COSTO TOTAL | D34: =+D31+D33 -> 1.9227579e+09 | E34: =E31 -> 7.9143433e+08
D36: =+D34+E34 -> 2.7141923e+09
D52: =+D26*B28 -> 2.0974991e+08 | E52: ADMON 15,58%
D53: 18852800 | E53: AJUSTE PROTOCOLO BIOSEGURIDAD IMPLEMENTADO
D54: =SUM(D52:D53) -> 2.2860271e+08

Sheet RESUMEN OBRA
D6: TOTAL EJECUCIÓN OBRA | E6: =+E13+E17+E24 -> 6.3826862e+09
D7: TOTAL SIF | E7: =+E14+E18+E25 -> 5.2408157e+09
D8: TOTAL OTRAS DEPENDENCIAS | E8: =+E15+E19+E26 -> 1.1418705e+09
D9: S.S.S (Bienes) | E9: =+E15+E21+E22 -> 2.503881e+08
D10: SEC. CULTURA | E10: =E26 -> 7.9143433e+08
D11: SUB. ESPACIO PÚBLICO | E11: =E20 -> 1.0004805e+08
D13: VÍA | E13: =+E14+E15 -> 2.1909536e+09
D14: SIF | E14: =VÍA!E33 -> 2.0911623e+09
D15: OTRAS DEPENDENCIAS | E15: =VÍA!F33 -> 99791298 | F15: S.S.S (Bienes)
D17: CIMA | E17: =+E18+E19 -> 1.4775403e+09
D18: SIF | E18: =CIMA!D24 -> 1.2268955e+09
D19: OTRAS DEPENDENCIAS | E19: =SUM(E20:E22) -> 2.5064485e+08
E20: =CIMA!E10 -> 1.0004805e+08 | F20: SUBSECRETARÌA ESPACIO PÚBLICO
E21: =CIMA!E11 -> 32439250 | F21: S.S.S (Bienes)
E22: =CIMA!E12 -> 1.1815755e+08 | F22: S.S.S (Bienes)
D24: CARLOS VIECO | E24: =+E25+E26 -> 2.7141923e+09
D25: SIF | E25: ='CARLOS VIECO'!D34 -> 1.9227579e+09
D26: OTRAS DEPENDENCIAS | E26: ='CARLOS VIECO'!E34 -> 7.9143433e+08 | F26: SECRETARÍA CULTURA CIUDADANA
F31: =SUM(E9:E11) -> 1.1418705e+09

Sheet FICHA EDU - 
B1: FICHA TÉCNICO ECONÓMICA EMPRESA DE DESA RROLLO URBANO - EDU
A2: Codigo:FE-01-001 | B2: Version:0 | C2: Fecha: | F2: Pagina 1 de 1
A4: Tipo de Contrato: | B4: Mandato
A6: Contratante: | B6: SECRETARIA DE SALUD DE MEDELLIN
A7: Objeto Convenio: | B7: "CONTRATO INTERADMINISTRATIVO DE MANDATO SIN REPRESENTACIÓN PARA REALIZAR ESTUDIOS, DISEÑOS E INTERVENTORÍA INTEGRAL Y LICENCIAMIENTO DE LA UNIDAD HOSPITALARIA SANTA CRUZ"
A8: Duración (meses): | B8: 9 | C8: Fecha de inicio | F8: Fecha de terminación
A10: COMPONENTE DE PERSONAL
A11: Función en el proyecto | B11: Título (Formación) | C11: Dedicación (meses) | D11: Unidad | E11: % dedicación | F11: Cantidad de recursos | G11: Vr. Unitario | H11: Vr. Total
A12: Coordinación | B12: Coordinador | C12: 9 | D12: Mes | E12: 0.5 | F12: 1 | G12: 7279119 | H12: =C12*E12*F12*G12 -> 32756036
A13: Equipo Administrativo y Jurídico | B13: Administrativo | C13: 9 | D13: Mes | E13: 0.5 | F13: 1 | G13: 5610897 | H13: =C13*E13*F13*G13 -> 25249036
B14: Abogado | C14: 9 | D14: Mes | E14: 0.5 | F14: 1 | G14: 5610897 | H14: =C14*E14*F14*G14 -> 25249036
A15: Equipo Diseño | B15: Arquitecto Líder | C15: 7 | D15: Mes | E15: 1 | F15: 1 | G15: 6597206 | H15: =C15*E15*F15*G15 -> 46180442
B16: Arquitecto | C16: 7 | D16: Mes | E16: 1 | F16: 2 | G16: 5610897 | H16: =C16*E16*F16*G16 -> 78552558
A17: Equipo Estructuración | B17: Normativo | C17: 2 | D17: Mes | E17: 1 | F17: 1 | G17: 5610897 | H17: =C17*E17*F17*G17 -> 11221794
B18: Estructurador | C18: 8 | D18: Mes | E18: 0.5 | F18: 1 | G18: 5610897 | H18: =C18*E18*F18*G18 -> 22443588
B19: Profesional Ambiental /Forestal | C19: 5 | D19: Mes | E19: 1 | F19: 1 | G19: 5610897 | H19: =C19*E19*F19*G19 -> 28054485
B20: Presupuestador | C20: 2 | D20: Mes | E20: 1 | F20: 1 | G20: 5610897 | H20: =C20*E20*F20*G20 -> 11221794
B21: Ingeniero Estructural | C21: 2 | D21: Mes | E21: 1 | F21: 1 | G21: 5610897 | H21: =C21*E21*F21*G21 -> 11221794
B22: Ingeniero Eléctrico | C22: 2 | D22: Mes | E22: 1 | F22: 1 | G22: 5610897 | H22: =C22*E22*F22*G22 -> 11221794
B23: Ingeniero Hidrosanitario | C23: 2 | D23: Mes | E23: 1 | F23: 1 | G23: 5610897 | H23: =C23*E23*F23*G23 -> 11221794
A24: Equipo Gestión Social | B24: Profesional Social | D24: Mes | E24: 1 | F24: 1 | G24: 5610897 | H24: =C24*E24*F24*G24 -> 0
A25: Provisión cambio de año 2022 | C25: 0 | D25: Mes | E25: 0.08 | H25: =C25*E25*G25 -> 0
A26: SUB TOTAL COMPONENTE DE PERSONAL | H26: =SUM(H12:H25) -> 3.1459415e+08 | I26: =H26/L26 -> 0.13758015 | L26: 2.2866245e+09
A27: COMPONENTE DE ESTUDIOS Y DISEÑOS TECNICOS
A28: Estudios y diseños técnicos | H28: =#REF! -> #REF!
A29: SUB TOTAL COMPONENTE DE EDTUDIOS Y DISEÑOS TECNICOS | H29: =SUM(H28:H28) -> #REF!
A30: COMPONENTE DE EJECUCIÓN
A31: Proyecto | D31: Unidad | E31: Área (m2) | H31: Valor total
A32: Obra e interventoría | H32: 0
A33: SUB TOTAL COMPONENTE DE EJECUCIÓN | H33: =H32 -> 0 | I33: =H33/L26 -> 0
A34: COMPONENTE DE GESTION SOCIAL Y COMUNICACIONES
A35: Gestion social y de comunicaciones
A36: SUB TOTAL COMPONENTE DE GESTION SOCIAL Y COMUNICACIONES | H36: =SUM(H35:H35) -> 0 | I36: =H36/L26 -> 0
A37: COMPONENTE DE APOYO LOGÍSTICO
A38: Transporte | C38: 9 | D38: Mes | E38: 0.5 | F38: 1 | G38: 7560800 | H38: =G38*F38*C38*E38 -> 34023600
A39: Suministro de papelería especializada y tóner para impresora | C39: 7 | D39: Mes | E39: 0.5 | F39: 1 | G39: 500000 | H39: =G39*F39*C39*E39 -> 1750000
A40: Impresiones, copias, ploteos y heligraficas | C40: 7 | D40: Mes | E40: 0.5 | F40: 1 | G40: 500000 | H40: =G40*F40*C40*E40 -> 1750000
A41: Impresoras (Color - Blanco y negro) | C41: 7 | D41: Mes | E41: 0.5 | F41: 1 | G41: 500000 | H41: =G41*F41*C41*E41 -> 1750000
A42: Puestos de trabajo | C42: 9 | D42: =D12 -> Mes | E42: =E12 -> 0.5 | F42: 3 | G42: 481954 | H42: =G42*F42*C42*E42 -> 6506379
A43: Puestos de trabajo | C43: 7 | D43: =D13 -> Mes | E43: 1 | F43: 3 | G43: 481954 | H43: =G43*F43*C43*E43 -> 10121034
A44: Puestos de trabajo | C44: 2 | D44: =D13 -> Mes | E44: 1 | F44: 5 | G44: 481954 | H44: =G44*F44*C44*E44 -> 4819540
A45: Puestos de trabajo | C45: 8 | D45: =D14 -> Mes | E45: 0.5 | F45: 1 | G45: 481954 | H45: =G45*F45*C45*E45 -> 1927816
A46: Puestos de trabajo | C46: 5 | D46: =D15 -> Mes | E46: 1 | F46: 1 | G46: 481954 | H46: =G46*F46*C46*E46 -> 2409770
A47: Puestos de trabajo | D47: Mes | E47: 1 | F47: 2 | G47: 481954 | H47: =G47*F47*C47*E47 -> 0
A48: Puestos de trabajo | D48: =D16 -> Mes | E48: 1 | F48: 3 | G48: 481954 | H48: =G48*F48*C48*E48 -> 0
A49: Equipos de cómputo | C49: 9 | D49: =D42 -> Mes | E49: =E42 -> 0.5 | F49: =F42 -> 3 | G49: 426000 | H49: =G49*F49*C49*E49 -> 5751000
A50: Equipos de cómputo | C50: 7 | D50: =D42 -> Mes | E50: 1 | F50: 1 | G50: 944000 | H50: =G50*F50*C50*E50 -> 6608000
A51: Equipos de cómputo | C51: 7 | D51: =D43 -> Mes | E51: =E43 -> 1 | F51: 2 | G51: 426000 | H51: =G51*F51*C51*E51 -> 5964000
A52: Equipos de cómputo | C52: =C44 -> 2 | D52: =D44 -> Mes | E52: =E44 -> 1 | F52: =F44 -> 5 | G52: 426000 | H52: =G52*F52*C52*E52 -> 4260000 | J52: =+J58-H58 -> 7894505.5
A53: Equipos de cómputo | C53: =C45 -> 8 | D53: =D45 -> Mes | E53: =E45 -> 0.5 | F53: =F45 -> 1 | G53: 426000 | H53: =G53*F53*C53*E53 -> 1704000
A54: Equipos de cómputo | C54: =C46 -> 5 | D54: =D46 -> Mes | E54: =E46 -> 1 | F54: =F46 -> 1 | G54: 426000 | H54: =G54*F54*C54*E54 -> 2130000
A55: Equipos de cómputo | C55: =C47 -> 0 | D55: =D47 -> Mes | E55: =E47 -> 1 | F55: =F47 -> 2 | G55: 396273 | H55: =G55*F55*C55*E55 -> 0
A56: Equipos de cómputo | C56: =C48 -> 0 | D56: =D48 -> Mes | E56: =E48 -> 1 | F56: =F48 -> 3 | G56: 396273 | H56: =G56*F56*C56*E56 -> 0 | L56: hospedaje | M56: 140000
A57: Provisión cambio de año 2022 | C57: 0 | E57: 0.08 | H57: =C57*E57*G57 -> 0 | M57: =SUM(M56:M56) -> 140000
A58: SUB TOTAL APOYO LOGÍSTICO | H58: =SUM(H38:H57) -> 91475139 | I58: =H58/L26 -> 0.040004442 | J58: 99369644
A59: Subtotal COSTOS DIRECTOS | H59: =H33+H29 -> #REF!
A60: Subtotal COSTOS INDIRECTOS | H60: =H26+H36+H58 -> 4.0606929e+08
A61: TOTAL RECURSOS ADMINISTRAR | H61: =SUM(H59:H60)+2 -> #REF!
A62: Honorarios EDU Gerencia | G62: 0.08 | H62: =+G62*(H61) -> #REF!
A63: Administración de contrato interadministrativo | G63: 0 | H63: =+G63*H61 -> #REF!
A64: Honorarios EDU Compra de Predios | G64: 0.03 | H64: =+G64 -> 0.03
A65: Seguros _ Pólizas | G65: =+IF($B$4="Consultoria",1.1%,) -> 0 | H65: =+G65*SUM(H61:H63) -> #REF!
A66: TOTAL HONORARIOS EDU: | H66: =+SUM(H62:H65) -> #REF! | I66: =H66/L26 -> #REF!
A67: IMPUESTO DE RENTA | G67: =+IF($B$4="Consultoria",34%,) -> 0 | H67: =+G67*(30%*H62+H63) -> #REF!
A68: Estampilla 1
A69: Estampilla 2 | M69: honorarios
A70: Estampilla 3 | K70: =H66+H71 -> #REF! | L70: 0.2 | M70: =K70*L70 -> #REF! | O70: =39597224+158388894 -> 197986118
A71: IVA | G71: 0.19 | H71: =+IF(B4="Mandato",H66,(H61+H66+H67+H68+H69+H70))*G71 -> #REF! | L71: 0.8 | M71: =K70*L71 -> #REF!
A72: GMF | G72: =+IF($B$4="Consultoria",0%,0.4%) -> 0.004 | H72: =+H73 -> #REF! | I72: =H72/L26 -> #REF! | K72: recursos a desembolsar | M72: =SUM(M70:M71) -> #REF!
A73: 1 | H73: =IF(B4="Mandato",IF(A73=1,(H61+80%*H66*(1+G71)),(H61+H66*(1+G71))),)*G72 -> #REF! | I73: =(H61*G72)+((H66+H71)*0.8)*G72 -> #REF! | K73: =H61+M71+H72 -> #REF!
A74: VALOR TOTAL DEL CONVENIO | H74: =H61+H62+H71+H72 -> #REF! | I74: 1.3983922e+09
A76: Nota 1: El valor de los diseños a realizar pueder variar, de acuerdo los diferentes requerimientos o solicitudes adicionales que se puedan presentar, en tal caso, se debe realizar adiciones y ampliaciones.
A77: Nota 3: Los recursos destinados para la ejecución de obras e interventoría, tendrán un alcance limitado obedeciendo a los resultados de los diseños técnicos realizados y sólo se podrá ejecutar de acuerdo a los recursos asignados, por lo tanto, en caso que las partes, previo concepto del comité de seguimiento del contrato, determine que se requieran las obras o recursos adicionales, la entidad contratante deberá adicionar recursos suficientes para poder ejecutar el total de las obras, con el fin de cumplir con los objetivos de la infraestructura y obtener el recibo por parte de Planeación.
A78: Nota 2: La propuesta aquí presentada está supeditada a cambios en las áreas de intervención y características del suelo del territorio. Los recursos destinados tendrá un alcance limitado y sólo se podrán realizar de acuerdo a los recursos asignados. Por lo tanto, en caso de requerirse una ampliación al alcance se deberá adicionar recursos necesarios para acometer las actividades
A79: Nota 3: el valor de la licencia de construccion no se incluye, teniendo en cuenta que solo se tiene el valor, luego de definir la posible intervencion a realizar.
A80: Nota 7: El plazo establecido en el presente convenio puede variar de acuerdo a las actividades desarrolladas en el mismo.
A81: Nota 8: En caso de que se incremente la duración del convenio, se reajustarán financieramente cada uno de los componentes del VALOR DEL CONTRATO, en procura de su actualización, con las variaciones del Índice de Precios al Consumidor (I.P.C.), en cada vigencia fiscal.
A82: Nota 9: Los costos y gastos reembolsables corresponden a las erogaciones realizadas directamente por la EDU con sus recursos y que deben ser reintegrados por el convenio.
A83: Nota 10: Las obligaciones que asume la Empresa de Desarrollo Urbano – EDU- en el presente contrato específico se limita, a lo que jurídica y técnicamente sea viable ejecutar dentro del plazo pactado y hasta el monto de los recursos entregados para la ejecución del objeto contractual, es decir la cobertura está limitada por estas dos variables.
A84: Nota 11: Dado a que éste es un proyecto estratégico, el componente social y comunicacional es de suma importancia para garantizar la apropiación y proyección del beneficio para la comunidad, por tanto el valor de este componente deberá ser reevaluado por la SIF una vez se presente el Plan Estratégico Social y Comunicacional, el cual deberá estar en articulación con las actividades que en simultánea estará realizando la Gerencia del Centro.

Sheet PROGRAMACIÓN GENERAL (2)
B2: CONVENIO | D2: DURACIÓN meses | E2: INICIO | F2: FIN | G2: VALOR TOTAL CONVENIO
B3: CONVENIO DE DESEMPEÑO 4600103274 de 2024 CONVENIO DE DESEMPEÑO PARA EL FORTALECIMIENTO DE LA RED PÚBLICA DE SERVICIOS DE SALUD DEL DISTRITO DE MEDELLÍN. | D3: 43 | E3: 45671 | F3: 46979 | G3: 44361600711
B5: HITOS PROYECTO | D5: DÍAS | E5: INICIO | F5: FIN | G5: 2025 | NH5: 2026 | ABI5: 2027 | APJ5: 2028
G6: ENE | AL6: FEB | BN6: MAR | CS6: ABR | DW6: MAY | FB6: JUN | GF6: JUL | HK6: AGO | IP6: SEP | JT6: OCT | KY6: NOV | MC6: DIC | NH6: ENE | OM6: FEB | PO6: MAR | QT6: ABR | RX6: MAY | TC6: JUN | UG6: JUL | VL6: AGO | WQ6: SEP | XU6: OCT | YZ6: NOV | AAD6: DIC | ABI6: ENE | ACN6: FEB | ADP6: MAR | AEU6: ABR | AFY6: MAY | AHD6: JUN | AIH6: JUL | AJM6: AGO | AKR6: SEP | ALV6: OCT | ANA6: NOV | AOE6: DIC | APJ6: ENE | AQO6: FEB | ARQ6: MAR | ASV6: ABR | ATZ6: MAY | AVE6: JUN | AWI6: JUL | AXN6: AGO | AYS6: SEP | AZW6: OCT | BBB6: NOV | BCF6: DIC
B8: 1 | C8: FASE PREOPERATIVA | D8: 170 | E8: 45671 | F8: =E32-1 -> 45958 | G8: 45658 | H8: 45659 | I8: 45660 | J8: 45661 | K8: 45662 | L8: 45663 | M8: 45664 | N8: 45665 | O8: 45666 | P8: 45667 | Q8: 45668 | R8: 45669 | S8: 45670 | T8: 45671 | U8: 45672 | V8: 45673 | W8: 45674 | X8: 45675 | Y8: 45676 | Z8: 45677 | AA8: 45678 | AB8: 45679 | AC8: 45680 | AD8: 45681 | AE8: 45682 | AF8: 45683 | AG8: 45684 | AH8: 45685 | AI8: 45686 | AJ8: 45687 | AK8: 45688 | AL8: 45689 | AM8: 45690 | AN8: 45691 | AO8: 45692 | AP8: 45693 | AQ8: 45694 | AR8: 45695 | AS8: 45696 | AT8: 45697 | AU8: 45698 | AV8: 45699 | AW8: 45700 | AX8: 45701 | AY8: 45702 | AZ8: 45703 | BA8: 45704 | BB8: 45705 | BC8: 45706 | BD8: 45707 | BE8: 45708 | BF8: 45709 | BG8: 45710 | BH8: 45711 | BI8: 45712 | BJ8: 45713 | BK8: 45714 | BL8: 45715 | BM8: 45716 | BN8: 45717 | BO8: 45718 | BP8: 45719 | BQ8: 45720 | BR8: 45721 | BS8: 45722 | BT8: 45723 | BU8: 45724 | BV8: 45725 | BW8: 45726 | BX8: 45727 | BY8: 45728 | BZ8: 45729 | CA8: 45730 | CB8: 45731 | CC8: 45732 | CD8: 45733 | CE8: 45734 | CF8: 45735 | CG8: 45736 | CH8: 45737 | CI8: 45738 | CJ8: 45739 | CK8: 45740 | CL8: 45741 | CM8: 45742 | CN8: 45743 | CO8: 45744 | CP8: 45745 | CQ8: 45746 | CR8: 45747 | CS8: 45748 | CT8: 45749 | CU8: 45750 | CV8: 45751 | CW8: 45752 | CX8: 45753 | CY8: 45754 | CZ8: 45755 | DA8: 45756 | DB8: 45757 | DC8: 45758 | DD8: 45759 | DE8: 45760 | DF8: 45761 | DG8: 45762 | DH8: 45763 | DI8: 45764 | DJ8: 45765 | DK8: 45766 | DL8: 45767 | DM8: 45768 | DN8: 45769 | DO8: 45770 | DP8: 45771 | DQ8: 45772 | DR8: 45773 | DS8: 45774 | DT8: 45775 | DU8: 45776 | DV8: 45777 | DW8: 45778 | DX8: 45779 | DY8: 45780 | DZ8: 45781 | EA8: 45782 | EB8: 45783 | EC8: 45784 | ED8: 45785 | EE8: 45786 | EF8: 45787 | EG8: 45788 | EH8: 45789 | EI8: 45790 | EJ8: 45791 | EK8: 45792 | EL8: 45793 | EM8: 45794 | EN8: 45795 | EO8: 45796 | EP8: 45797 | EQ8: 45798 | ER8: 45799 | ES8: 45800 | ET8: 45801 | EU8: 45802 | EV8: 45803 | EW8: 45804 | EX8: 45805 | EY8: 45806 | EZ8: 45807 | FA8: 45808 | FB8: 45809 | FC8: 45810 | FD8: 45811 | FE8: 45812 | FF8: 45813 | FG8: 45814 | FH8: 45815 | FI8: 45816 | FJ8: 45817 | FK8: 45818 | FL8: 45819 | FM8: 45820 | FN8: 45821 | FO8: 45822 | FP8: 45823 | FQ8: 45824 | FR8: 45825 | FS8: 45826 | FT8: 45827 | FU8: 45828 | FV8: 45829 | FW8: 45830 | FX8: 45831 | FY8: 45832 | FZ8: 45833 | GA8: 45834 | GB8: 45835 | GC8: 45836 | GD8: 45837 | GE8: 45838 | GF8: 45839 | GG8: 45840 | GH8: 45841 | GI8: 45842 | GJ8: 45843 | GK8: 45844 | GL8: 45845 | GM8: 45846 | GN8: 45847 | GO8: 45848 | GP8: 45849 | GQ8: 45850 | GR8: 45851 | GS8: 45852 | GT8: 45853 | GU8: 45854 | GV8: 45855 | GW8: 45856 | GX8: 45857 | GY8: 45858 | GZ8: 45859 | HA8: 45860 | HB8: 45861 | HC8: 45862 | HD8: 45863 | HE8: 45864 | HF8: 45865 | HG8: 45866 | HH8: 45867 | HI8: 45868 | HJ8: 45869 | HK8: 45870 | HL8: 45871 | HM8: 45872 | HN8: 45873 | HO8: 45874 | HP8: 45875 | HQ8: 45876 | HR8: 45877 | HS8: 45878 | HT8: 45879 | HU8: 45880 | HV8: 45881 | HW8: 45882 | HX8: 45883 | HY8: 45884 | HZ8: 45885 | IA8: 45886 | IB8: 45887 | IC8: 45888 | ID8: 45889 | IE8: 45890 | IF8: 45891 | IG8: 45892 | IH8: 45893 | II8: 45894 | IJ8: 45895 | IK8: 45896 | IL8: 45897 | IM8: 45898 | IN8: 45899 | IO8: 45900 | IP8: 45901 | IQ8: 45902 | IR8: 45903 | IS8: 45904 | IT8: 45905 | IU8: 45906 | IV8: 45907 | IW8: 45908 | IX8: 45909 | IY8: 45910 | IZ8: 45911 | JA8: 45912 | JB8: 45913 | JC8: 45914 | JD8: 45915 | JE8: 45916 | JF8: 45917 | JG8: 45918 | JH8: 45919 | JI8: 45920 | JJ8: 45921 | JK8: 45922 | JL8: 45923 | JM8: 45924 | JN8: 45925 | JO8: 45926 | JP8: 45927 | JQ8: 45928 | JR8: 45929 | JS8: 45930 | JT8: 45931 | JU8: 45932 | JV8: 45933 | JW8: 45934 | JX8: 45935 | JY8: 45936 | JZ8: 45937 | KA8: 45938 | KB8: 45939 | KC8: 45940 | KD8: 45941 | KE8: 45942 | KF8: 45943 | KG8: 45944 | KH8: 45945 | KI8: 45946 | KJ8: 45947 | KK8: 45948 | KL8: 45949 | KM8: 45950 | KN8: 45951 | KO8: 45952 | KP8: 45953 | KQ8: 45954 | KR8: 45955 | KS8: 45956 | KT8: 45957 | KU8: 45958 | KV8: 45959 | KW8: 45960 | KX8: 45961 | KY8: 45962 | KZ8: 45963 | LA8: 45964 | LB8: 45965 | LC8: 45966 | LD8: 45967 | LE8: 45968 | LF8: 45969 | LG8: 45970 | LH8: 45971 | LI8: 45972 | LJ8: 45973 | LK8: 45974 | LL8: 45975 | LM8: 45976 | LN8: 45977 | LO8: 45978 | LP8: 45979 | LQ8: 45980 | LR8: 45981 | LS8: 45982 | LT8: 45983 | LU8: 45984 | LV8: 45985 | LW8: 45986 | LX8: 45987 | LY8: 45988 | LZ8: 45989 | MA8: 45990 | MB8: 45991 | MC8: 45992 | MD8: 45993 | ME8: 45994 | MF8: 45995 | MG8: 45996 | MH8: 45997 | MI8: 45998 | MJ8: 45999 | MK8: 46000 | ML8: 46001 | MM8: 46002 | MN8: 46003 | MO8: 46004 | MP8: 46005 | MQ8: 46006 | MR8: 46007 | MS8: 46008 | MT8: 46009 | MU8: 46010 | MV8: 46011 | MW8: 46012 | MX8: 46013 | MY8: 46014 | MZ8: 46015 | NA8: 46016 | NB8: 46017 | NC8: 46018 | ND8: 46019 | NE8: 46020 | NF8: 46021 | NG8: 46022 | NH8: 46023 | NI8: 46024 | NJ8: 46025 | NK8: 46026 | NL8: 46027 | NM8: 46028 | NN8: 46029 | NO8: 46030 | NP8: 46031 | NQ8: 46032 | NR8: 46033 | NS8: 46034 | NT8: 46035 | NU8: 46036 | NV8: 46037 | NW8: 46038 | NX8: 46039 | NY8: 46040 | NZ8: 46041 | OA8: 46042 | OB8: 46043 | OC8: 46044 | OD8: 46045 | OE8: 46046 | OF8: 46047 | OG8: 46048 | OH8: 46049 | OI8: 46050 | OJ8: 46051 | OK8: 46052 | OL8: 46053 | OM8: 46054 | ON8: 46055 | OO8: 46056 | OP8: 46057 | OQ8: 46058 | OR8: 46059 | OS8: 46060 | OT8: 46061 | OU8: 46062 | OV8: 46063 | OW8: 46064 | OX8: 46065 | OY8: 46066 | OZ8: 46067 | PA8: 46068 | PB8: 46069 | PC8: 46070 | PD8: 46071 | PE8: 46072 | PF8: 46073 | PG8: 46074 | PH8: 46075 | PI8: 46076 | PJ8: 46077 | PK8: 46078 | PL8: 46079 | PM8: 46080 | PN8: 46081 | PO8: 46082 | PP8: 46083 | PQ8: 46084 | PR8: 46085 | PS8: 46086 | PT8: 46087 | PU8: 46088 | PV8: 46089 | PW8: 46090 | PX8: 46091 | PY8: 46092 | PZ8: 46093 | QA8: 46094 | QB8: 46095 | QC8: 46096 | QD8: 46097 | QE8: 46098 | QF8: 46099 | QG8: 46100 | QH8: 46101 | QI8: 46102 | QJ8: 46103 | QK8: 46104 | QL8: 46105 | QM8: 46106 | QN8: 46107 | QO8: 46108 | QP8: 46109 | QQ8: 46110 | QR8: 46111 | QS8: 46112 | QT8: 46113 | QU8: 46114 | QV8: 46115 | QW8: 46116 | QX8: 46117 | QY8: 46118 | QZ8: 46119 | RA8: 46120 | RB8: 46121 | RC8: 46122 | RD8: 46123 | RE8: 46124 | RF8: 46125 | RG8: 46126 | RH8: 46127 | RI8: 46128 | RJ8: 46129 | RK8: 46130 | RL8: 46131 | RM8: 46132 | RN8: 46133 | RO8: 46134 | RP8: 46135 | RQ8: 46136 | RR8: 46137 | RS8: 46138 | RT8: 46139 | RU8: 46140 | RV8: 46141 | RW8: 46142 | RX8: 46143 | RY8: 46144 | RZ8: 46145 | SA8: 46146 | SB8: 46147 | SC8: 46148 | SD8: 46149 | SE8: 46150 | SF8: 46151 | SG8: 46152 | SH8: 46153 | SI8: 46154 | SJ8: 46155 | SK8: 46156 | SL8: 46157 | SM8: 46158 | SN8: 46159 | SO8: 46160 | SP8: 46161 | SQ8: 46162 | SR8: 46163 | SS8: 46164 | ST8: 46165 | SU8: 46166 | SV8: 46167 | SW8: 46168 | SX8: 46169 | SY8: 46170 | SZ8: 46171 | TA8: 46172 | TB8: 46173 | TC8: 46174 | TD8: 46175 | TE8: 46176 | TF8: 46177 | TG8: 46178 | TH8: 46179 | TI8: 46180 | TJ8: 46181 | TK8: 46182 | TL8: 46183 | TM8: 46184 | TN8: 46185 | TO8: 46186 | TP8: 46187 | TQ8: 46188 | TR8: 46189 | TS8: 46190 | TT8: 46191 | TU8: 46192 | TV8: 46193 | TW8: 46194 | TX8: 46195 | TY8: 46196 | TZ8: 46197 | UA8: 46198 | UB8: 46199 | UC8: 46200 | UD8: 46201 | UE8: 46202 | UF8: 46203 | UG8: 46204 | UH8: 46205 | UI8: 46206 | UJ8: 46207 | UK8: 46208 | UL8: 46209 | UM8: 46210 | UN8: 46211 | UO8: 46212 | UP8: 46213 | UQ8: 46214 | UR8: 46215 | US8: 46216 | UT8: 46217 | UU8: 46218 | UV8: 46219 | UW8: 46220 | UX8: 46221 | UY8: 46222 | UZ8: 46223 | VA8: 46224 | VB8: 46225 | VC8: 46226 | VD8: 46227 | VE8: 46228 | VF8: 46229 | VG8: 46230 | VH8: 46231 | VI8: 46232 | VJ8: 46233 | VK8: 46234 | VL8: 46235 | VM8: 46236 | VN8: 46237 | VO8: 46238 | VP8: 46239 | VQ8: 46240 | VR8: 46241 | VS8: 46242 | VT8: 46243 | VU8: 46244 | VV8: 46245 | VW8: 46246 | VX8: 46247 | VY8: 46248 | VZ8: 46249 | WA8: 46250 | WB8: 46251 | WC8: 46252 | WD8: 46253 | WE8: 46254 | WF8: 46255 | WG8: 46256 | WH8: 46257 | WI8: 46258 | WJ8: 46259 | WK8: 46260 | WL8: 46261 | WM8: 46262 | WN8: 46263 | WO8: 46264 | WP8: 46265 | WQ8: 46266 | WR8: 46267 | WS8: 46268 | WT8: 46269 | WU8: 46270 | WV8: 46271 | WW8: 46272 | WX8: 46273 | WY8: 46274 | WZ8: 46275 | XA8: 46276 | XB8: 46277 | XC8: 46278 | XD8: 46279 | XE8: 46280 | XF8: 46281 | XG8: 46282 | XH8: 46283 | XI8: 46284 | XJ8: 46285 | XK8: 46286 | XL8: 46287 | XM8: 46288 | XN8: 46289 | XO8: 46290 | XP8: 46291 | XQ8: 46292 | XR8: 46293 | XS8: 46294 | XT8: 46295 | XU8: 46296 | XV8: 46297 | XW8: 46298 | XX8: 46299 | XY8: 46300 | XZ8: 46301 | YA8: 46302 | YB8: 46303 | YC8: 46304 | YD8: 46305 | YE8: 46306 | YF8: 46307 | YG8: 46308 | YH8: 46309 | YI8: 46310 | YJ8: 46311 | YK8: 46312 | YL8: 46313 | YM8: 46314 | YN8: 46315 | YO8: 46316 | YP8: 46317 | YQ8: 46318 | YR8: 46319 | YS8: 46320 | YT8: 46321 | YU8: 46322 | YV8: 46323 | YW8: 46324 | YX8: 46325 | YY8: 46326 | YZ8: 46327 | ZA8: 46328 | ZB8: 46329 | ZC8: 46330 | ZD8: 46331 | ZE8: 46332 | ZF8: 46333 | ZG8: 46334 | ZH8: 46335 | ZI8: 46336 | ZJ8: 46337 | ZK8: 46338 | ZL8: 46339 | ZM8: 46340 | ZN8: 46341 | ZO8: 46342 | ZP8: 46343 | ZQ8: 46344 | ZR8: 46345 | ZS8: 46346 | ZT8: 46347 | ZU8: 46348 | ZV8: 46349 | ZW8: 46350 | ZX8: 46351 | ZY8: 46352 | ZZ8: 46353 | AAA8: 46354 | AAB8: 46355 | AAC8: 46356 | AAD8: 46357 | AAE8: 46358 | AAF8: 46359 | AAG8: 46360 | AAH8: 46361 | AAI8: 46362 | AAJ8: 46363 | AAK8: 46364 | AAL8: 46365 | AAM8: 46366 | AAN8: 46367 | AAO8: 46368 | AAP8: 46369 | AAQ8: 46370 | AAR8: 46371 | AAS8: 46372 | AAT8: 46373 | AAU8: 46374 | AAV8: 46375 | AAW8: 46376 | AAX8: 46377 | AAY8: 46378 | AAZ8: 46379 | ABA8: 46380 | ABB8: 46381 | ABC8: 46382 | ABD8: 46383 | ABE8: 46384 | ABF8: 46385 | ABG8: 46386 | ABH8: 46387 | ABI8: 46388 | ABJ8: 46389 | ABK8: 46390 | ABL8: 46391 | ABM8: 46392 | ABN8: 46393 | ABO8: 46394 | ABP8: 46395 | ABQ8: 46396 | ABR8: 46397 | ABS8: 46398 | ABT8: 46399 | ABU8: 46400 | ABV8: 46401 | ABW8: 46402 | ABX8: 46403 | ABY8: 46404 | ABZ8: 46405 | ACA8: 46406 | ACB8: 46407 | ACC8: 46408 | ACD8: 46409 | ACE8: 46410 | ACF8: 46411 | ACG8: 46412 | ACH8: 46413 | ACI8: 46414 | ACJ8: 46415 | ACK8: 46416 | ACL8: 46417 | ACM8: 46418 | ACN8: 46419 | ACO8: 46420 | ACP8: 46421 | ACQ8: 46422 | ACR8: 46423 | ACS8: 46424 | ACT8: 46425 | ACU8: 46426 | ACV8: 46427 | ACW8: 46428 | ACX8: 46429 | ACY8: 46430 | ACZ8: 46431 | ADA8: 46432 | ADB8: 46433 | ADC8: 46434 | ADD8: 46435 | ADE8: 46436 | ADF8: 46437 | ADG8: 46438 | ADH8: 46439 | ADI8: 46440 | ADJ8: 46441 | ADK8: 46442 | ADL8: 46443 | ADM8: 46444 | ADN8: 46445 | ADO8: 46446 | ADP8: 46447 | ADQ8: 46448 | ADR8: 46449 | ADS8: 46450 | ADT8: 46451 | ADU8: 46452 | ADV8: 46453 | ADW8: 46454 | ADX8: 46455 | ADY8: 46456 | ADZ8: 46457 | AEA8: 46458 | AEB8: 46459 | AEC8: 46460 | AED8: 46461 | AEE8: 46462 | AEF8: 46463 | AEG8: 46464 | AEH8: 46465 | AEI8: 46466 | AEJ8: 46467 | AEK8: 46468 | AEL8: 46469 | AEM8: 46470 | AEN8: 46471 | AEO8: 46472 | AEP8: 46473 | AEQ8: 46474 | AER8: 46475 | AES8: 46476 | AET8: 46477 | AEU8: 46478 | AEV8: 46479 | AEW8: 46480 | AEX8: 46481 | AEY8: 46482 | AEZ8: 46483 | AFA8: 46484 | AFB8: 46485 | AFC8: 46486 | AFD8: 46487 | AFE8: 46488 | AFF8: 46489 | AFG8: 46490 | AFH8: 46491 | AFI8: 46492 | AFJ8: 46493 | AFK8: 46494 | AFL8: 46495 | AFM8: 46496 | AFN8: 46497 | AFO8: 46498 | AFP8: 46499 | AFQ8: 46500 | AFR8: 46501 | AFS8: 46502 | AFT8: 46503 | AFU8: 46504 | AFV8: 46505 | AFW8: 46506 | AFX8: 46507 | AFY8: 46508 | AFZ8: 46509 | AGA8: 46510 | AGB8: 46511 | AGC8: 46512 | AGD8: 46513 | AGE8: 46514 | AGF8: 46515 | AGG8: 46516 | AGH8: 46517 | AGI8: 46518 | AGJ8: 46519 | AGK8: 46520 | AGL8: 46521 | AGM8: 46522 | AGN8: 46523 | AGO8: 46524 | AGP8: 46525 | AGQ8: 46526 | AGR8: 46527 | AGS8: 46528 | AGT8: 46529 | AGU8: 46530 | AGV8: 46531 | AGW8: 46532 | AGX8: 46533 | AGY8: 46534 | AGZ8: 46535 | AHA8: 46536 | AHB8: 46537 | AHC8: 46538 | AHD8: 46539 | AHE8: 46540 | AHF8: 46541 | AHG8: 46542 | AHH8: 46543 | AHI8: 46544 | AHJ8: 46545 | AHK8: 46546 | AHL8: 46547 | AHM8: 46548 | AHN8: 46549 | AHO8: 46550 | AHP8: 46551 | AHQ8: 46552 | AHR8: 46553 | AHS8: 46554 | AHT8: 46555 | AHU8: 46556 | AHV8: 46557 | AHW8: 46558 | AHX8: 46559 | AHY8: 46560 | AHZ8: 46561 | AIA8: 46562 | AIB8: 46563 | AIC8: 46564 | AID8: 46565 | AIE8: 46566 | AIF8: 46567 | AIG8: 46568 | AIH8: 46569 | AII8: 46570 | AIJ8: 46571 | AIK8: 46572 | AIL8: 46573 | AIM8: 46574 | AIN8: 46575 | AIO8: 46576 | AIP8: 46577 | AIQ8: 46578 | AIR8: 46579 | AIS8: 46580 | AIT8: 46581 | AIU8: 46582 | AIV8: 46583 | AIW8: 46584 | AIX8: 46585 | AIY8: 46586 | AIZ8: 46587 | AJA8: 46588 | AJB8: 46589 | AJC8: 46590 | AJD8: 46591 | AJE8: 46592 | AJF8: 46593 | AJG8: 46594 | AJH8: 46595 | AJI8: 46596 | AJJ8: 46597 | AJK8: 46598 | AJL8: 46599 | AJM8: 46600 | AJN8: 46601 | AJO8: 46602 | AJP8: 46603 | AJQ8: 46604 | AJR8: 46605 | AJS8: 46606 | AJT8: 46607 | AJU8: 46608 | AJV8: 46609 | AJW8: 46610 | AJX8: 46611 | AJY8: 46612 | AJZ8: 46613 | AKA8: 46614 | AKB8: 46615 | AKC8: 46616 | AKD8: 46617 | AKE8: 46618 | AKF8: 46619 | AKG8: 46620 | AKH8: 46621 | AKI8: 46622 | AKJ8: 46623 | AKK8: 46624 | AKL8: 46625 | AKM8: 46626 | AKN8: 46627 | AKO8: 46628 | AKP8: 46629 | AKQ8: 46630 | AKR8: 46631 | AKS8: 46632 | AKT8: 46633 | AKU8: 46634 | AKV8: 46635 | AKW8: 46636 | AKX8: 46637 | AKY8: 46638 | AKZ8: 46639 | ALA8: 46640 | ALB8: 46641 | ALC8: 46642 | ALD8: 46643 | ALE8: 46644 | ALF8: 46645 | ALG8: 46646 | ALH8: 46647 | ALI8: 46648 | ALJ8: 46649 | ALK8: 46650 | ALL8: 46651 | ALM8: 46652 | ALN8: 46653 | ALO8: 46654 | ALP8: 46655 | ALQ8: 46656 | ALR8: 46657 | ALS8: 46658 | ALT8: 46659 | ALU8: 46660 | ALV8: 46661 | ALW8: 46662 | ALX8: 46663 | ALY8: 46664 | ALZ8: 46665 | AMA8: 46666 | AMB8: 46667 | AMC8: 46668 | AMD8: 46669 | AME8: 46670 | AMF8: 46671 | AMG8: 46672 | AMH8: 46673 | AMI8: 46674 | AMJ8: 46675 | AMK8: 46676 | AML8: 46677 | AMM8: 46678 | AMN8: 46679 | AMO8: 46680 | AMP8: 46681 | AMQ8: 46682 | AMR8: 46683 | AMS8: 46684 | AMT8: 46685 | AMU8: 46686 | AMV8: 46687 | AMW8: 46688 | AMX8: 46689 | AMY8: 46690 | AMZ8: 46691 | ANA8: 46692 | ANB8: 46693 | ANC8: 46694 | AND8: 46695 | ANE8: 46696 | ANF8: 46697 | ANG8: 46698 | ANH8: 46699 | ANI8: 46700 | ANJ8: 46701 | ANK8: 46702 | ANL8: 46703 | ANM8: 46704 | ANN8: 46705 | ANO8: 46706 | ANP8: 46707 | ANQ8: 46708 | ANR8: 46709 | ANS8: 46710 | ANT8: 46711 | ANU8: 46712 | ANV8: 46713 | ANW8: 46714 | ANX8: 46715 | ANY8: 46716 | ANZ8: 46717 | AOA8: 46718 | AOB8: 46719 | AOC8: 46720 | AOD8: 46721 | AOE8: 46722 | AOF8: 46723 | AOG8: 46724 | AOH8: 46725 | AOI8: 46726 | AOJ8: 46727 | AOK8: 46728 | AOL8: 46729 | AOM8: 46730 | AON8: 46731 | AOO8: 46732 | AOP8: 46733 | AOQ8: 46734 | AOR8: 46735 | AOS8: 46736 | AOT8: 46737 | AOU8: 46738 | AOV8: 46739 | AOW8: 46740 | AOX8: 46741 | AOY8: 46742 | AOZ8: 46743 | APA8: 46744 | APB8: 46745 | APC8: 46746 | APD8: 46747 | APE8: 46748 | APF8: 46749 | APG8: 46750 | APH8: 46751 | API8: 46752 | APJ8: 46753 | APK8: 46754 | APL8: 46755 | APM8: 46756 | APN8: 46757 | APO8: 46758 | APP8: 46759 | APQ8: 46760 | APR8: 46761 | APS8: 46762 | APT8: 46763 | APU8: 46764 | APV8: 46765 | APW8: 46766 | APX8: 46767 | APY8: 46768 | APZ8: 46769 | AQA8: 46770 | AQB8: 46771 | AQC8: 46772 | AQD8: 46773 | AQE8: 46774 | AQF8: 46775 | AQG8: 46776 | AQH8: 46777 | AQI8: 46778 | AQJ8: 46779 | AQK8: 46780 | AQL8: 46781 | AQM8: 46782 | AQN8: 46783 | AQO8: 46784 | AQP8: 46785 | AQQ8: 46786 | AQR8: 46787 | AQS8: 46788 | AQT8: 46789 | AQU8: 46790 | AQV8: 46791 | AQW8: 46792 | AQX8: 46793 | AQY8: 46794 | AQZ8: 46795 | ARA8: 46796 | ARB8: 46797 | ARC8: 46798 | ARD8: 46799 | ARE8: 46800 | ARF8: 46801 | ARG8: 46802 | ARH8: 46803 | ARI8: 46804 | ARJ8: 46805 | ARK8: 46806 | ARL8: 46807 | ARM8: 46808 | ARN8: 46809 | ARO8: 46810 | ARP8: 46811 | ARQ8: 46812 | ARR8: 46813 | ARS8: 46814 | ART8: 46815 | ARU8: 46816 | ARV8: 46817 | ARW8: 46818 | ARX8: 46819 | ARY8: 46820 | ARZ8: 46821 | ASA8: 46822 | ASB8: 46823 | ASC8: 46824 | ASD8: 46825 | ASE8: 46826 | ASF8: 46827 | ASG8: 46828 | ASH8: 46829 | ASI8: 46830 | ASJ8: 46831 | ASK8: 46832 | ASL8: 46833 | ASM8: 46834 | ASN8: 46835 | ASO8: 46836 | ASP8: 46837 | ASQ8: 46838 | ASR8: 46839 | ASS8: 46840 | AST8: 46841 | ASU8: 46842 | ASV8: 46843 | ASW8: 46844 | ASX8: 46845 | ASY8: 46846 | ASZ8: 46847 | ATA8: 46848 | ATB8: 46849 | ATC8: 46850 | ATD8: 46851 | ATE8: 46852 | ATF8: 46853 | ATG8: 46854 | ATH8: 46855 | ATI8: 46856 | ATJ8: 46857 | ATK8: 46858 | ATL8: 46859 | ATM8: 46860 | ATN8: 46861 | ATO8: 46862 | ATP8: 46863 | ATQ8: 46864 | ATR8: 46865 | ATS8: 46866 | ATT8: 46867 | ATU8: 46868 | ATV8: 46869 | ATW8: 46870 | ATX8: 46871 | ATY8: 46872 | ATZ8: 46873 | AUA8: 46874 | AUB8: 46875 | AUC8: 46876 | AUD8: 46877 | AUE8: 46878 | AUF8: 46879 | AUG8: 46880 | AUH8: 46881 | AUI8: 46882 | AUJ8: 46883 | AUK8: 46884 | AUL8: 46885 | AUM8: 46886 | AUN8: 46887 | AUO8: 46888 | AUP8: 46889 | AUQ8: 46890 | AUR8: 46891 | AUS8: 46892 | AUT8: 46893 | AUU8: 46894 | AUV8: 46895 | AUW8: 46896 | AUX8: 46897 | AUY8: 46898 | AUZ8: 46899 | AVA8: 46900 | AVB8: 46901 | AVC8: 46902 | AVD8: 46903 | AVE8: 46904 | AVF8: 46905 | AVG8: 46906 | AVH8: 46907 | AVI8: 46908 | AVJ8: 46909 | AVK8: 46910 | AVL8: 46911 | AVM8: 46912 | AVN8: 46913 | AVO8: 46914 | AVP8: 46915 | AVQ8: 46916 | AVR8: 46917 | AVS8: 46918 | AVT8: 46919 | AVU8: 46920 | AVV8: 46921 | AVW8: 46922 | AVX8: 46923 | AVY8: 46924 | AVZ8: 46925 | AWA8: 46926 | AWB8: 46927 | AWC8: 46928 | AWD8: 46929 | AWE8: 46930 | AWF8: 46931 | AWG8: 46932 | AWH8: 46933 | AWI8: 46934 | AWJ8: 46935 | AWK8: 46936 | AWL8: 46937 | AWM8: 46938 | AWN8: 46939 | AWO8: 46940 | AWP8: 46941 | AWQ8: 46942 | AWR8: 46943 | AWS8: 46944 | AWT8: 46945 | AWU8: 46946 | AWV8: 46947 | AWW8: 46948 | AWX8: 46949 | AWY8: 46950 | AWZ8: 46951 | AXA8: 46952 | AXB8: 46953 | AXC8: 46954 | AXD8: 46955 | AXE8: 46956 | AXF8: 46957 | AXG8: 46958 | AXH8: 46959 | AXI8: 46960 | AXJ8: 46961 | AXK8: 46962 | AXL8: 46963 | AXM8: 46964 | AXN8: 46965 | AXO8: 46966 | AXP8: 46967 | AXQ8: 46968 | AXR8: 46969 | AXS8: 46970 | AXT8: 46971 | AXU8: 46972 | AXV8: 46973 | AXW8: 46974 | AXX8: 46975 | AXY8: 46976 | AXZ8: 46977 | AYA8: 46978 | AYB8: 46979 | AYC8: 46980 | AYD8: 46981 | AYE8: 46982 | AYF8: 46983 | AYG8: 46984 | AYH8: 46985 | AYI8: 46986 | AYJ8: 46987 | AYK8: 46988 | AYL8: 46989 | AYM8: 46990 | AYN8: 46991 | AYO8: 46992 | AYP8: 46993 | AYQ8: 46994 | AYR8: 46995 | AYS8: 46996 | AYT8: 46997 | AYU8: 46998 | AYV8: 46999 | AYW8: 47000 | AYX8: 47001 | AYY8: 47002 | AYZ8: 47003 | AZA8: 47004 | AZB8: 47005 | AZC8: 47006 | AZD8: 47007 | AZE8: 47008 | AZF8: 47009 | AZG8: 47010 | AZH8: 47011 | AZI8: 47012 | AZJ8: 47013 | AZK8: 47014 | AZL8: 47015 | AZM8: 47016 | AZN8: 47017 | AZO8: 47018 | AZP8: 47019 | AZQ8: 47020 | AZR8: 47021 | AZS8: 47022 | AZT8: 47023 | AZU8: 47024 | AZV8: 47025 | AZW8: 47026 | AZX8: 47027 | AZY8: 47028 | AZZ8: 47029 | BAA8: 47030 | BAB8: 47031 | BAC8: 47032 | BAD8: 47033 | BAE8: 47034 | BAF8: 47035 | BAG8: 47036 | BAH8: 47037 | BAI8: 47038 | BAJ8: 47039 | BAK8: 47040 | BAL8: 47041 | BAM8: 47042 | BAN8: 47043 | BAO8: 47044 | BAP8: 47045 | BAQ8: 47046 | BAR8: 47047 | BAS8: 47048 | BAT8: 47049 | BAU8: 47050 | BAV8: 47051 | BAW8: 47052 | BAX8: 47053 | BAY8: 47054 | BAZ8: 47055 | BBA8: 47056 | BBB8: 47057 | BBC8: 47058 | BBD8: 47059 | BBE8: 47060 | BBF8: 47061 | BBG8: 47062 | BBH8: 47063 | BBI8: 47064 | BBJ8: 47065 | BBK8: 47066 | BBL8: 47067 | BBM8: 47068 | BBN8: 47069 | BBO8: 47070 | BBP8: 47071 | BBQ8: 47072 | BBR8: 47073 | BBS8: 47074 | BBT8: 47075 | BBU8: 47076 | BBV8: 47077 | BBW8: 47078 | BBX8: 47079 | BBY8: 47080 | BBZ8: 47081 | BCA8: 47082 | BCB8: 47083 | BCC8: 47084 | BCD8: 47085 | BCE8: 47086 | BCF8: 47087 | BCG8: 47088 | BCH8: 47089 | BCI8: 47090 | BCJ8: 47091 | BCK8: 47092 | BCL8: 47093 | BCM8: 47094 | BCN8: 47095 | BCO8: 47096 | BCP8: 47097 | BCQ8: 47098 | BCR8: 47099 | BCS8: 47100 | BCT8: 47101 | BCU8: 47102 | BCV8: 47103 | BCW8: 47104 | BCX8: 47105 | BCY8: 47106 | BCZ8: 47107 | BDA8: 47108 | BDB8: 47109 | BDC8: 47110 | BDD8: 47111 | BDE8: 47112 | BDF8: 47113 | BDG8: 47114 | BDH8: 47115 | BDI8: 47116 | BDJ8: 47117 | BDK8: 47118
B10: 1 | C10: REVISIÓN DOCUMENTACÓN ESE METROSALUD | D10: 60 | E10: 45671 | F10: =E10+D10-1 -> 45730 | G10: 45658 | H10: 45659 | I10: 45660 | J10: 45661 | K10: 45662 | L10: 45663 | M10: 45664 | N10: 45665 | O10: 45666 | P10: 45667 | Q10: 45668 | R10: 45669 | S10: 45670 | T10: 45671 | U10: 45672 | V10: 45673 | W10: 45674 | X10: 45675 | Y10: 45676 | Z10: 45677 | AA10: 45678 | AB10: 45679 | AC10: 45680 | AD10: 45681 | AE10: 45682 | AF10: 45683 | AG10: 45684 | AH10: 45685 | AI10: 45686 | AJ10: 45687 | AK10: 45688 | AL10: 45689 | AM10: 45690 | AN10: 45691 | AO10: 45692 | AP10: 45693 | AQ10: 45694 | AR10: 45695 | AS10: 45696 | AT10: 45697 | AU10: 45698 | AV10: 45699 | AW10: 45700 | AX10: 45701 | AY10: 45702 | AZ10: 45703 | BA10: 45704 | BB10: 45705 | BC10: 45706 | BD10: 45707 | BE10: 45708 | BF10: 45709 | BG10: 45710 | BH10: 45711 | BI10: 45712 | BJ10: 45713 | BK10: 45714 | BL10: 45715 | BM10: 45716 | BN10: 45717 | BO10: 45718 | BP10: 45719 | BQ10: 45720 | BR10: 45721 | BS10: 45722 | BT10: 45723 | BU10: 45724 | BV10: 45725 | BW10: 45726 | BX10: 45727 | BY10: 45728 | BZ10: 45729 | CA10: 45730 | CB10: 45731 | CC10: 45732 | CD10: 45733 | CE10: 45734 | CF10: 45735 | CG10: 45736 | CH10: 45737 | CI10: 45738 | CJ10: 45739 | CK10: 45740 | CL10: 45741 | CM10: 45742 | CN10: 45743 | CO10: 45744 | CP10: 45745 | CQ10: 45746 | CR10: 45747 | CS10: 45748 | CT10: 45749 | CU10: 45750 | CV10: 45751 | CW10: 45752 | CX10: 45753 | CY10: 45754 | CZ10: 45755 | DA10: 45756 | DB10: 45757 | DC10: 45758 | DD10: 45759 | DE10: 45760 | DF10: 45761 | DG10: 45762 | DH10: 45763 | DI10: 45764 | DJ10: 45765 | DK10: 45766 | DL10: 45767 | DM10: 45768 | DN10: 45769 | DO10: 45770 | DP10: 45771 | DQ10: 45772 | DR10: 45773 | DS10: 45774 | DT10: 45775 | DU10: 45776 | DV10: 45777 | DW10: 45778 | DX10: 45779 | DY10: 45780 | DZ10: 45781 | EA10: 45782 | EB10: 45783 | EC10: 45784 | ED10: 45785 | EE10: 45786 | EF10: 45787 | EG10: 45788 | EH10: 45789 | EI10: 45790 | EJ10: 45791 | EK10: 45792 | EL10: 45793 | EM10: 45794 | EN10: 45795 | EO10: 45796 | EP10: 45797 | EQ10: 45798 | ER10: 45799 | ES10: 45800 | ET10: 45801 | EU10: 45802 | EV10: 45803 | EW10: 45804 | EX10: 45805 | EY10: 45806 | EZ10: 45807 | FA10: 45808 | FB10: 45809 | FC10: 45810 | FD10: 45811 | FE10: 45812 | FF10: 45813 | FG10: 45814 | FH10: 45815 | FI10: 45816 | FJ10: 45817 | FK10: 45818 | FL10: 45819 | FM10: 45820 | FN10: 45821 | FO10: 45822 | FP10: 45823 | FQ10: 45824 | FR10: 45825 | FS10: 45826 | FT10: 45827 | FU10: 45828 | FV10: 45829 | FW10: 45830 | FX10: 45831 | FY10: 45832 | FZ10: 45833 | GA10: 45834 | GB10: 45835 | GC10: 45836 | GD10: 45837 | GE10: 45838 | GF10: 45839 | GG10: 45840 | GH10: 45841 | GI10: 45842 | GJ10: 45843 | GK10: 45844 | GL10: 45845 | GM10: 45846 | GN10: 45847 | GO10: 45848 | GP10: 45849 | GQ10: 45850 | GR10: 45851 | GS10: 45852 | GT10: 45853 | GU10: 45854 | GV10: 45855 | GW10: 45856 | GX10: 45857 | GY10: 45858 | GZ10: 45859 | HA10: 45860 | HB10: 45861 | HC10: 45862 | HD10: 45863 | HE10: 45864 | HF10: 45865 | HG10: 45866 | HH10: 45867 | HI10: 45868 | HJ10: 45869 | HK10: 45870 | HL10: 45871 | HM10: 45872 | HN10: 45873 | HO10: 45874 | HP10: 45875 | HQ10: 45876 | HR10: 45877 | HS10: 45878 | HT10: 45879 | HU10: 45880 | HV10: 45881 | HW10: 45882 | HX10: 45883 | HY10: 45884 | HZ10: 45885 | IA10: 45886 | IB10: 45887 | IC10: 45888 | ID10: 45889 | IE10: 45890 | IF10: 45891 | IG10: 45892 | IH10: 45893 | II10: 45894 | IJ10: 45895 | IK10: 45896 | IL10: 45897 | IM10: 45898 | IN10: 45899 | IO10: 45900 | IP10: 45901 | IQ10: 45902 | IR10: 45903 | IS10: 45904 | IT10: 45905 | IU10: 45906 | IV10: 45907 | IW10: 45908 | IX10: 45909 | IY10: 45910 | IZ10: 45911 | JA10: 45912 | JB10: 45913 | JC10: 45914 | JD10: 45915 | JE10: 45916 | JF10: 45917 | JG10: 45918 | JH10: 45919 | JI10: 45920 | JJ10: 45921 | JK10: 45922 | JL10: 45923 | JM10: 45924 | JN10: 45925 | JO10: 45926 | JP10: 45927 | JQ10: 45928 | JR10: 45929 | JS10: 45930 | JT10: 45931 | JU10: 45932 | JV10: 45933 | JW10: 45934 | JX10: 45935 | JY10: 45936 | JZ10: 45937 | KA10: 45938 | KB10: 45939 | KC10: 45940 | KD10: 45941 | KE10: 45942 | KF10: 45943 | KG10: 45944 | KH10: 45945 | KI10: 45946 | KJ10: 45947 | KK10: 45948 | KL10: 45949 | KM10: 45950 | KN10: 45951 | KO10: 45952 | KP10: 45953 | KQ10: 45954 | KR10: 45955 | KS10: 45956 | KT10: 45957 | KU10: 45958 | KV10: 45959 | KW10: 45960 | KX10: 45961 | KY10: 45962 | KZ10: 45963 | LA10: 45964 | LB10: 45965 | LC10: 45966 | LD10: 45967 | LE10: 45968 | LF10: 45969 | LG10: 45970 | LH10: 45971 | LI10: 45972 | LJ10: 45973 | LK10: 45974 | LL10: 45975 | LM10: 45976 | LN10: 45977 | LO10: 45978 | LP10: 45979 | LQ10: 45980 | LR10: 45981 | LS10: 45982 | LT10: 45983 | LU10: 45984 | LV10: 45985 | LW10: 45986 | LX10: 45987 | LY10: 45988 | LZ10: 45989 | MA10: 45990 | MB10: 45991 | MC10: 45992 | MD10: 45993 | ME10: 45994 | MF10: 45995 | MG10: 45996 | MH10: 45997 | MI10: 45998 | MJ10: 45999 | MK10: 46000 | ML10: 46001 | MM10: 46002 | MN10: 46003 | MO10: 46004 | MP10: 46005 | MQ10: 46006 | MR10: 46007 | MS10: 46008 | MT10: 46009 | MU10: 46010 | MV10: 46011 | MW10: 46012 | MX10: 46013 | MY10: 46014 | MZ10: 46015 | NA10: 46016 | NB10: 46017 | NC10: 46018 | ND10: 46019 | NE10: 46020 | NF10: 46021 | NG10: 46022 | NH10: 46023 | NI10: 46024 | NJ10: 46025 | NK10: 46026 | NL10: 46027 | NM10: 46028 | NN10: 46029 | NO10: 46030 | NP10: 46031 | NQ10: 46032 | NR10: 46033 | NS10: 46034 | NT10: 46035 | NU10: 46036 | NV10: 46037 | NW10: 46038 | NX10: 46039 | NY10: 46040 | NZ10: 46041 | OA10: 46042 | OB10: 46043 | OC10: 46044 | OD10: 46045 | OE10: 46046 | OF10: 46047 | OG10: 46048 | OH10: 46049 | OI10: 46050 | OJ10: 46051 | OK10: 46052 | OL10: 46053 | OM10: 46054 | ON10: 46055 | OO10: 46056 | OP10: 46057 | OQ10: 46058 | OR10: 46059 | OS10: 46060 | OT10: 46061 | OU10: 46062 | OV10: 46063 | OW10: 46064 | OX10: 46065 | OY10: 46066 | OZ10: 46067 | PA10: 46068 | PB10: 46069 | PC10: 46070 | PD10: 46071 | PE10: 46072 | PF10: 46073 | PG10: 46074 | PH10: 46075 | PI10: 46076 | PJ10: 46077 | PK10: 46078 | PL10: 46079 | PM10: 46080 | PN10: 46081 | PO10: 46082 | PP10: 46083 | PQ10: 46084 | PR10: 46085 | PS10: 46086 | PT10: 46087 | PU10: 46088 | PV10: 46089 | PW10: 46090 | PX10: 46091 | PY10: 46092 | PZ10: 46093 | QA10: 46094 | QB10: 46095 | QC10: 46096 | QD10: 46097 | QE10: 46098 | QF10: 46099 | QG10: 46100 | QH10: 46101 | QI10: 46102 | QJ10: 46103 | QK10: 46104 | QL10: 46105 | QM10: 46106 | QN10: 46107 | QO10: 46108 | QP10: 46109 | QQ10: 46110 | QR10: 46111 | QS10: 46112 | QT10: 46113 | QU10: 46114 | QV10: 46115 | QW10: 46116 | QX10: 46117 | QY10: 46118 | QZ10: 46119 | RA10: 46120 | RB10: 46121 | RC10: 46122 | RD10: 46123 | RE10: 46124 | RF10: 46125 | RG10: 46126 | RH10: 46127 | RI10: 46128 | RJ10: 46129 | RK10: 46130 | RL10: 46131 | RM10: 46132 | RN10: 46133 | RO10: 46134 | RP10: 46135 | RQ10: 46136 | RR10: 46137 | RS10: 46138 | RT10: 46139 | RU10: 46140 | RV10: 46141 | RW10: 46142 | RX10: 46143 | RY10: 46144 | RZ10: 46145 | SA10: 46146 | SB10: 46147 | SC10: 46148 | SD10: 46149 | SE10: 46150 | SF10: 46151 | SG10: 46152 | SH10: 46153 | SI10: 46154 | SJ10: 46155 | SK10: 46156 | SL10: 46157 | SM10: 46158 | SN10: 46159 | SO10: 46160 | SP10: 46161 | SQ10: 46162 | SR10: 46163 | SS10: 46164 | ST10: 46165 | SU10: 46166 | SV10: 46167 | SW10: 46168 | SX10: 46169 | SY10: 46170 | SZ10: 46171 | TA10: 46172 | TB10: 46173 | TC10: 46174 | TD10: 46175 | TE10: 46176 | TF10: 46177 | TG10: 46178 | TH10: 46179 | TI10: 46180 | TJ10: 46181 | TK10: 46182 | TL10: 46183 | TM10: 46184 | TN10: 46185 | TO10: 46186 | TP10: 46187 | TQ10: 46188 | TR10: 46189 | TS10: 46190 | TT10: 46191 | TU10: 46192 | TV10: 46193 | TW10: 46194 | TX10: 46195 | TY10: 46196 | TZ10: 46197 | UA10: 46198 | UB10: 46199 | UC10: 46200 | UD10: 46201 | UE10: 46202 | UF10: 46203 | UG10: 46204 | UH10: 46205 | UI10: 46206 | UJ10: 46207 | UK10: 46208 | UL10: 46209 | UM10: 46210 | UN10: 46211 | UO10: 46212 | UP10: 46213 | UQ10: 46214 | UR10: 46215 | US10: 46216 | UT10: 46217 | UU10: 46218 | UV10: 46219 | UW10: 46220 | UX10: 46221 | UY10: 46222 | UZ10: 46223 | VA10: 46224 | VB10: 46225 | VC10: 46226 | VD10: 46227 | VE10: 46228 | VF10: 46229 | VG10: 46230 | VH10: 46231 | VI10: 46232 | VJ10: 46233 | VK10: 46234 | VL10: 46235 | VM10: 46236 | VN10: 46237 | VO10: 46238 | VP10: 46239 | VQ10: 46240 | VR10: 46241 | VS10: 46242 | VT10: 46243 | VU10: 46244 | VV10: 46245 | VW10: 46246 | VX10: 46247 | VY10: 46248 | VZ10: 46249 | WA10: 46250 | WB10: 46251 | WC10: 46252 | WD10: 46253 | WE10: 46254 | WF10: 46255 | WG10: 46256 | WH10: 46257 | WI10: 46258 | WJ10: 46259 | WK10: 46260 | WL10: 46261 | WM10: 46262 | WN10: 46263 | WO10: 46264 | WP10: 46265 | WQ10: 46266 | WR10: 46267 | WS10: 46268 | WT10: 46269 | WU10: 46270 | WV10: 46271 | WW10: 46272 | WX10: 46273 | WY10: 46274 | WZ10: 46275 | XA10: 46276 | XB10: 46277 | XC10: 46278 | XD10: 46279 | XE10: 46280 | XF10: 46281 | XG10: 46282 | XH10: 46283 | XI10: 46284 | XJ10: 46285 | XK10: 46286 | XL10: 46287 | XM10: 46288 | XN10: 46289 | XO10: 46290 | XP10: 46291 | XQ10: 46292 | XR10: 46293 | XS10: 46294 | XT10: 46295 | XU10: 46296 | XV10: 46297 | XW10: 46298 | XX10: 46299 | XY10: 46300 | XZ10: 46301 | YA10: 46302 | YB10: 46303 | YC10: 46304 | YD10: 46305 | YE10: 46306 | YF10: 46307 | YG10: 46308 | YH10: 46309 | YI10: 46310 | YJ10: 46311 | YK10: 46312 | YL10: 46313 | YM10: 46314 | YN10: 46315 | YO10: 46316 | YP10: 46317 | YQ10: 46318 | YR10: 46319 | YS10: 46320 | YT10: 46321 | YU10: 46322 | YV10: 46323 | YW10: 46324 | YX10: 46325 | YY10: 46326 | YZ10: 46327 | ZA10: 46328 | ZB10: 46329 | ZC10: 46330 | ZD10: 46331 | ZE10: 46332 | ZF10: 46333 | ZG10: 46334 | ZH10: 46335 | ZI10: 46336 | ZJ10: 46337 | ZK10: 46338 | ZL10: 46339 | ZM10: 46340 | ZN10: 46341 | ZO10: 46342 | ZP10: 46343 | ZQ10: 46344 | ZR10: 46345 | ZS10: 46346 | ZT10: 46347 | ZU10: 46348 | ZV10: 46349 | ZW10: 46350 | ZX10: 46351 | ZY10: 46352 | ZZ10: 46353 | AAA10: 46354 | AAB10: 46355 | AAC10: 46356 | AAD10: 46357 | AAE10: 46358 | AAF10: 46359 | AAG10: 46360 | AAH10: 46361 | AAI10: 46362 | AAJ10: 46363 | AAK10: 46364 | AAL10: 46365 | AAM10: 46366 | AAN10: 46367 | AAO10: 46368 | AAP10: 46369 | AAQ10: 46370 | AAR10: 46371 | AAS10: 46372 | AAT10: 46373 | AAU10: 46374 | AAV10: 46375 | AAW10: 46376 | AAX10: 46377 | AAY10: 46378 | AAZ10: 46379 | ABA10: 46380 | ABB10: 46381 | ABC10: 46382 | ABD10: 46383 | ABE10: 46384 | ABF10: 46385 | ABG10: 46386 | ABH10: 46387 | ABI10: 46388 | ABJ10: 46389 | ABK10: 46390 | ABL10: 46391 | ABM10: 46392 | ABN10: 46393 | ABO10: 46394 | ABP10: 46395 | ABQ10: 46396 | ABR10: 46397 | ABS10: 46398 | ABT10: 46399 | ABU10: 46400 | ABV10: 46401 | ABW10: 46402 | ABX10: 46403 | ABY10: 46404 | ABZ10: 46405 | ACA10: 46406 | ACB10: 46407 | ACC10: 46408 | ACD10: 46409 | ACE10: 46410 | ACF10: 46411 | ACG10: 46412 | ACH10: 46413 | ACI10: 46414 | ACJ10: 46415 | ACK10: 46416 | ACL10: 46417 | ACM10: 46418 | ACN10: 46419 | ACO10: 46420 | ACP10: 46421 | ACQ10: 46422 | ACR10: 46423 | ACS10: 46424 | ACT10: 46425 | ACU10: 46426 | ACV10: 46427 | ACW10: 46428 | ACX10: 46429 | ACY10: 46430 | ACZ10: 46431 | ADA10: 46432 | ADB10: 46433 | ADC10: 46434 | ADD10: 46435 | ADE10: 46436 | ADF10: 46437 | ADG10: 46438 | ADH10: 46439 | ADI10: 46440 | ADJ10: 46441 | ADK10: 46442 | ADL10: 46443 | ADM10: 46444 | ADN10: 46445 | ADO10: 46446 | ADP10: 46447 | ADQ10: 46448 | ADR10: 46449 | ADS10: 46450 | ADT10: 46451 | ADU10: 46452 | ADV10: 46453 | ADW10: 46454 | ADX10: 46455 | ADY10: 46456 | ADZ10: 46457 | AEA10: 46458 | AEB10: 46459 | AEC10: 46460 | AED10: 46461 | AEE10: 46462 | AEF10: 46463 | AEG10: 46464 | AEH10: 46465 | AEI10: 46466 | AEJ10: 46467 | AEK10: 46468 | AEL10: 46469 | AEM10: 46470 | AEN10: 46471 | AEO10: 46472 | AEP10: 46473 | AEQ10: 46474 | AER10: 46475 | AES10: 46476 | AET10: 46477 | AEU10: 46478 | AEV10: 46479 | AEW10: 46480 | AEX10: 46481 | AEY10: 46482 | AEZ10: 46483 | AFA10: 46484 | AFB10: 46485 | AFC10: 46486 | AFD10: 46487 | AFE10: 46488 | AFF10: 46489 | AFG10: 46490 | AFH10: 46491 | AFI10: 46492 | AFJ10: 46493 | AFK10: 46494 | AFL10: 46495 | AFM10: 46496 | AFN10: 46497 | AFO10: 46498 | AFP10: 46499 | AFQ10: 46500 | AFR10: 46501 | AFS10: 46502 | AFT10: 46503 | AFU10: 46504 | AFV10: 46505 | AFW10: 46506 | AFX10: 46507 | AFY10: 46508 | AFZ10: 46509 | AGA10: 46510 | AGB10: 46511 | AGC10: 46512 | AGD10: 46513 | AGE10: 46514 | AGF10: 46515 | AGG10: 46516 | AGH10: 46517 | AGI10: 46518 | AGJ10: 46519 | AGK10: 46520 | AGL10: 46521 | AGM10: 46522 | AGN10: 46523 | AGO10: 46524 | AGP10: 46525 | AGQ10: 46526 | AGR10: 46527 | AGS10: 46528 | AGT10: 46529 | AGU10: 46530 | AGV10: 46531 | AGW10: 46532 | AGX10: 46533 | AGY10: 46534 | AGZ10: 46535 | AHA10: 46536 | AHB10: 46537 | AHC10: 46538 | AHD10: 46539 | AHE10: 46540 | AHF10: 46541 | AHG10: 46542 | AHH10: 46543 | AHI10: 46544 | AHJ10: 46545 | AHK10: 46546 | AHL10: 46547 | AHM10: 46548 | AHN10: 46549 | AHO10: 46550 | AHP10: 46551 | AHQ10: 46552 | AHR10: 46553 | AHS10: 46554 | AHT10: 46555 | AHU10: 46556 | AHV10: 46557 | AHW10: 46558 | AHX10: 46559 | AHY10: 46560 | AHZ10: 46561 | AIA10: 46562 | AIB10: 46563 | AIC10: 46564 | AID10: 46565 | AIE10: 46566 | AIF10: 46567 | AIG10: 46568 | AIH10: 46569 | AII10: 46570 | AIJ10: 46571 | AIK10: 46572 | AIL10: 46573 | AIM10: 46574 | AIN10: 46575 | AIO10: 46576 | AIP10: 46577 | AIQ10: 46578 | AIR10: 46579 | AIS10: 46580 | AIT10: 46581 | AIU10: 46582 | AIV10: 46583 | AIW10: 46584 | AIX10: 46585 | AIY10: 46586 | AIZ10: 46587 | AJA10: 46588 | AJB10: 46589 | AJC10: 46590 | AJD10: 46591 | AJE10: 46592 | AJF10: 46593 | AJG10: 46594 | AJH10: 46595 | AJI10: 46596 | AJJ10: 46597 | AJK10: 46598 | AJL10: 46599 | AJM10: 46600 | AJN10: 46601 | AJO10: 46602 | AJP10: 46603 | AJQ10: 46604 | AJR10: 46605 | AJS10: 46606 | AJT10: 46607 | AJU10: 46608 | AJV10: 46609 | AJW10: 46610 | AJX10: 46611 | AJY10: 46612 | AJZ10: 46613 | AKA10: 46614 | AKB10: 46615 | AKC10: 46616 | AKD10: 46617 | AKE10: 46618 | AKF10: 46619 | AKG10: 46620 | AKH10: 46621 | AKI10: 46622 | AKJ10: 46623 | AKK10: 46624 | AKL10: 46625 | AKM10: 46626 | AKN10: 46627 | AKO10: 46628 | AKP10: 46629 | AKQ10: 46630 | AKR10: 46631 | AKS10: 46632 | AKT10: 46633 | AKU10: 46634 | AKV10: 46635 | AKW10: 46636 | AKX10: 46637 | AKY10: 46638 | AKZ10: 46639 | ALA10: 46640 | ALB10: 46641 | ALC10: 46642 | ALD10: 46643 | ALE10: 46644 | ALF10: 46645 | ALG10: 46646 | ALH10: 46647 | ALI10: 46648 | ALJ10: 46649 | ALK10: 46650 | ALL10: 46651 | ALM10: 46652 | ALN10: 46653 | ALO10: 46654 | ALP10: 46655 | ALQ10: 46656 | ALR10: 46657 | ALS10: 46658 | ALT10: 46659 | ALU10: 46660 | ALV10: 46661 | ALW10: 46662 | ALX10: 46663 | ALY10: 46664 | ALZ10: 46665 | AMA10: 46666 | AMB10: 46667 | AMC10: 46668 | AMD10: 46669 | AME10: 46670 | AMF10: 46671 | AMG10: 46672 | AMH10: 46673 | AMI10: 46674 | AMJ10: 46675 | AMK10: 46676 | AML10: 46677 | AMM10: 46678 | AMN10: 46679 | AMO10: 46680 | AMP10: 46681 | AMQ10: 46682 | AMR10: 46683 | AMS10: 46684 | AMT10: 46685 | AMU10: 46686 | AMV10: 46687 | AMW10: 46688 | AMX10: 46689 | AMY10: 46690 | AMZ10: 46691 | ANA10: 46692 | ANB10: 46693 | ANC10: 46694 | AND10: 46695 | ANE10: 46696 | ANF10: 46697 | ANG10: 46698 | ANH10: 46699 | ANI10: 46700 | ANJ10: 46701 | ANK10: 46702 | ANL10: 46703 | ANM10: 46704 | ANN10: 46705 | ANO10: 46706 | ANP10: 46707 | ANQ10: 46708 | ANR10: 46709 | ANS10: 46710 | ANT10: 46711 | ANU10: 46712 | ANV10: 46713 | ANW10: 46714 | ANX10: 46715 | ANY10: 46716 | ANZ10: 46717 | AOA10: 46718 | AOB10: 46719 | AOC10: 46720 | AOD10: 46721 | AOE10: 46722 | AOF10: 46723 | AOG10: 46724 | AOH10: 46725 | AOI10: 46726 | AOJ10: 46727 | AOK10: 46728 | AOL10: 46729 | AOM10: 46730 | AON10: 46731 | AOO10: 46732 | AOP10: 46733 | AOQ10: 46734 | AOR10: 46735 | AOS10: 46736 | AOT10: 46737 | AOU10: 46738 | AOV10: 46739 | AOW10: 46740 | AOX10: 46741 | AOY10: 46742 | AOZ10: 46743 | APA10: 46744 | APB10: 46745 | APC10: 46746 | APD10: 46747 | APE10: 46748 | APF10: 46749 | APG10: 46750 | APH10: 46751 | API10: 46752 | APJ10: 46753 | APK10: 46754 | APL10: 46755 | APM10: 46756 | APN10: 46757 | APO10: 46758 | APP10: 46759 | APQ10: 46760 | APR10: 46761 | APS10: 46762 | APT10: 46763 | APU10: 46764 | APV10: 46765 | APW10: 46766 | APX10: 46767 | APY10: 46768 | APZ10: 46769 | AQA10: 46770 | AQB10: 46771 | AQC10: 46772 | AQD10: 46773 | AQE10: 46774 | AQF10: 46775 | AQG10: 46776 | AQH10: 46777 | AQI10: 46778 | AQJ10: 46779 | AQK10: 46780 | AQL10: 46781 | AQM10: 46782 | AQN10: 46783 | AQO10: 46784 | AQP10: 46785 | AQQ10: 46786 | AQR10: 46787 | AQS10: 46788 | AQT10: 46789 | AQU10: 46790 | AQV10: 46791 | AQW10: 46792 | AQX10: 46793 | AQY10: 46794 | AQZ10: 46795 | ARA10: 46796 | ARB10: 46797 | ARC10: 46798 | ARD10: 46799 | ARE10: 46800 | ARF10: 46801 | ARG10: 46802 | ARH10: 46803 | ARI10: 46804 | ARJ10: 46805 | ARK10: 46806 | ARL10: 46807 | ARM10: 46808 | ARN10: 46809 | ARO10: 46810 | ARP10: 46811 | ARQ10: 46812 | ARR10: 46813 | ARS10: 46814 | ART10: 46815 | ARU10: 46816 | ARV10: 46817 | ARW10: 46818 | ARX10: 46819 | ARY10: 46820 | ARZ10: 46821 | ASA10: 46822 | ASB10: 46823 | ASC10: 46824 | ASD10: 46825 | ASE10: 46826 | ASF10: 46827 | ASG10: 46828 | ASH10: 46829 | ASI10: 46830 | ASJ10: 46831 | ASK10: 46832 | ASL10: 46833 | ASM10: 46834 | ASN10: 46835 | ASO10: 46836 | ASP10: 46837 | ASQ10: 46838 | ASR10: 46839 | ASS10: 46840 | AST10: 46841 | ASU10: 46842 | ASV10: 46843 | ASW10: 46844 | ASX10: 46845 | ASY10: 46846 | ASZ10: 46847 | ATA10: 46848 | ATB10: 46849 | ATC10: 46850 | ATD10: 46851 | ATE10: 46852 | ATF10: 46853 | ATG10: 46854 | ATH10: 46855 | ATI10: 46856 | ATJ10: 46857 | ATK10: 46858 | ATL10: 46859 | ATM10: 46860 | ATN10: 46861 | ATO10: 46862 | ATP10: 46863 | ATQ10: 46864 | ATR10: 46865 | ATS10: 46866 | ATT10: 46867 | ATU10: 46868 | ATV10: 46869 | ATW10: 46870 | ATX10: 46871 | ATY10: 46872 | ATZ10: 46873 | AUA10: 46874 | AUB10: 46875 | AUC10: 46876 | AUD10: 46877 | AUE10: 46878 | AUF10: 46879 | AUG10: 46880 | AUH10: 46881 | AUI10: 46882 | AUJ10: 46883 | AUK10: 46884 | AUL10: 46885 | AUM10: 46886 | AUN10: 46887 | AUO10: 46888 | AUP10: 46889 | AUQ10: 46890 | AUR10: 46891 | AUS10: 46892 | AUT10: 46893 | AUU10: 46894 | AUV10: 46895 | AUW10: 46896 | AUX10: 46897 | AUY10: 46898 | AUZ10: 46899 | AVA10: 46900 | AVB10: 46901 | AVC10: 46902 | AVD10: 46903 | AVE10: 46904 | AVF10: 46905 | AVG10: 46906 | AVH10: 46907 | AVI10: 46908 | AVJ10: 46909 | AVK10: 46910 | AVL10: 46911 | AVM10: 46912 | AVN10: 46913 | AVO10: 46914 | AVP10: 46915 | AVQ10: 46916 | AVR10: 46917 | AVS10: 46918 | AVT10: 46919 | AVU10: 46920 | AVV10: 46921 | AVW10: 46922 | AVX10: 46923 | AVY10: 46924 | AVZ10: 46925 | AWA10: 46926 | AWB10: 46927 | AWC10: 46928 | AWD10: 46929 | AWE10: 46930 | AWF10: 46931 | AWG10: 46932 | AWH10: 46933 | AWI10: 46934 | AWJ10: 46935 | AWK10: 46936 | AWL10: 46937 | AWM10: 46938 | AWN10: 46939 | AWO10: 46940 | AWP10: 46941 | AWQ10: 46942 | AWR10: 46943 | AWS10: 46944 | AWT10: 46945 | AWU10: 46946 | AWV10: 46947 | AWW10: 46948 | AWX10: 46949 | AWY10: 46950 | AWZ10: 46951 | AXA10: 46952 | AXB10: 46953 | AXC10: 46954 | AXD10: 46955 | AXE10: 46956 | AXF10: 46957 | AXG10: 46958 | AXH10: 46959 | AXI10: 46960 | AXJ10: 46961 | AXK10: 46962 | AXL10: 46963 | AXM10: 46964 | AXN10: 46965 | AXO10: 46966 | AXP10: 46967 | AXQ10: 46968 | AXR10: 46969 | AXS10: 46970 | AXT10: 46971 | AXU10: 46972 | AXV10: 46973 | AXW10: 46974 | AXX10: 46975 | AXY10: 46976 | AXZ10: 46977 | AYA10: 46978 | AYB10: 46979 | AYC10: 46980 | AYD10: 46981 | AYE10: 46982 | AYF10: 46983 | AYG10: 46984 | AYH10: 46985 | AYI10: 46986 | AYJ10: 46987 | AYK10: 46988 | AYL10: 46989 | AYM10: 46990 | AYN10: 46991 | AYO10: 46992 | AYP10: 46993 | AYQ10: 46994 | AYR10: 46995 | AYS10: 46996 | AYT10: 46997 | AYU10: 46998 | AYV10: 46999 | AYW10: 47000 | AYX10: 47001 | AYY10: 47002 | AYZ10: 47003 | AZA10: 47004 | AZB10: 47005 | AZC10: 47006 | AZD10: 47007 | AZE10: 47008 | AZF10: 47009 | AZG10: 47010 | AZH10: 47011 | AZI10: 47012 | AZJ10: 47013 | AZK10: 47014 | AZL10: 47015 | AZM10: 47016 | AZN10: 47017 | AZO10: 47018 | AZP10: 47019 | AZQ10: 47020 | AZR10: 47021 | AZS10: 47022 | AZT10: 47023 | AZU10: 47024 | AZV10: 47025 | AZW10: 47026 | AZX10: 47027 | AZY10: 47028 | AZZ10: 47029 | BAA10: 47030 | BAB10: 47031 | BAC10: 47032 | BAD10: 47033 | BAE10: 47034 | BAF10: 47035 | BAG10: 47036 | BAH10: 47037 | BAI10: 47038 | BAJ10: 47039 | BAK10: 47040 | BAL10: 47041 | BAM10: 47042 | BAN10: 47043 | BAO10: 47044 | BAP10: 47045 | BAQ10: 47046 | BAR10: 47047 | BAS10: 47048 | BAT10: 47049 | BAU10: 47050 | BAV10: 47051 | BAW10: 47052 | BAX10: 47053 | BAY10: 47054 | BAZ10: 47055 | BBA10: 47056 | BBB10: 47057 | BBC10: 47058 | BBD10: 47059 | BBE10: 47060 | BBF10: 47061 | BBG10: 47062 | BBH10: 47063 | BBI10: 47064 | BBJ10: 47065 | BBK10: 47066 | BBL10: 47067 | BBM10: 47068 | BBN10: 47069 | BBO10: 47070 | BBP10: 47071 | BBQ10: 47072 | BBR10: 47073 | BBS10: 47074 | BBT10: 47075 | BBU10: 47076 | BBV10: 47077 | BBW10: 47078 | BBX10: 47079 | BBY10: 47080 | BBZ10: 47081 | BCA10: 47082 | BCB10: 47083 | BCC10: 47084 | BCD10: 47085 | BCE10: 47086 | BCF10: 47087 | BCG10: 47088 | BCH10: 47089 | BCI10: 47090 | BCJ10: 47091 | BCK10: 47092 | BCL10: 47093 | BCM10: 47094 | BCN10: 47095 | BCO10: 47096 | BCP10: 47097 | BCQ10: 47098 | BCR10: 47099 | BCS10: 47100 | BCT10: 47101 | BCU10: 47102 | BCV10: 47103 | BCW10: 47104 | BCX10: 47105 | BCY10: 47106 | BCZ10: 47107 | BDA10: 47108 | BDB10: 47109 | BDC10: 47110 | BDD10: 47111 | BDE10: 47112 | BDF10: 47113 | BDG10: 47114 | BDH10: 47115 | BDI10: 47116 | BDJ10: 47117 | BDK10: 47118
B12: 2 | C12: MODELACIÓN Y COORDINACIÓN BIM | D12: 290 | E12: 45731 | F12: =E12+D12 -> 46021 | G12: 45658 | H12: 45659 | I12: 45660 | J12: 45661 | K12: 45662 | L12: 45663 | M12: 45664 | N12: 45665 | O12: 45666 | P12: 45667 | Q12: 45668 | R12: 45669 | S12: 45670 | T12: 45671 | U12: 45672 | V12: 45673 | W12: 45674 | X12: 45675 | Y12: 45676 | Z12: 45677 | AA12: 45678 | AB12: 45679 | AC12: 45680 | AD12: 45681 | AE12: 45682 | AF12: 45683 | AG12: 45684 | AH12: 45685 | AI12: 45686 | AJ12: 45687 | AK12: 45688 | AL12: 45689 | AM12: 45690 | AN12: 45691 | AO12: 45692 | AP12: 45693 | AQ12: 45694 | AR12: 45695 | AS12: 45696 | AT12: 45697 | AU12: 45698 | AV12: 45699 | AW12: 45700 | AX12: 45701 | AY12: 45702 | AZ12: 45703 | BA12: 45704 | BB12: 45705 | BC12: 45706 | BD12: 45707 | BE12: 45708 | BF12: 45709 | BG12: 45710 | BH12: 45711 | BI12: 45712 | BJ12: 45713 | BK12: 45714 | BL12: 45715 | BM12: 45716 | BN12: 45717 | BO12: 45718 | BP12: 45719 | BQ12: 45720 | BR12: 45721 | BS12: 45722 | BT12: 45723 | BU12: 45724 | BV12: 45725 | BW12: 45726 | BX12: 45727 | BY12: 45728 | BZ12: 45729 | CA12: 45730 | CB12: 45731 | CC12: 45732 | CD12: 45733 | CE12: 45734 | CF12: 45735 | CG12: 45736 | CH12: 45737 | CI12: 45738 | CJ12: 45739 | CK12: 45740 | CL12: 45741 | CM12: 45742 | CN12: 45743 | CO12: 45744 | CP12: 45745 | CQ12: 45746 | CR12: 45747 | CS12: 45748 | CT12: 45749 | CU12: 45750 | CV12: 45751 | CW12: 45752 | CX12: 45753 | CY12: 45754 | CZ12: 45755 | DA12: 45756 | DB12: 45757 | DC12: 45758 | DD12: 45759 | DE12: 45760 | DF12: 45761 | DG12: 45762 | DH12: 45763 | DI12: 45764 | DJ12: 45765 | DK12: 45766 | DL12: 45767 | DM12: 45768 | DN12: 45769 | DO12: 45770 | DP12: 45771 | DQ12: 45772 | DR12: 45773 | DS12: 45774 | DT12: 45775 | DU12: 45776 | DV12: 45777 | DW12: 45778 | DX12: 45779 | DY12: 45780 | DZ12: 45781 | EA12: 45782 | EB12: 45783 | EC12: 45784 | ED12: 45785 | EE12: 45786 | EF12: 45787 | EG12: 45788 | EH12: 45789 | EI12: 45790 | EJ12: 45791 | EK12: 45792 | EL12: 45793 | EM12: 45794 | EN12: 45795 | EO12: 45796 | EP12: 45797 | EQ12: 45798 | ER12: 45799 | ES12: 45800 | ET12: 45801 | EU12: 45802 | EV12: 45803 | EW12: 45804 | EX12: 45805 | EY12: 45806 | EZ12: 45807 | FA12: 45808 | FB12: 45809 | FC12: 45810 | FD12: 45811 | FE12: 45812 | FF12: 45813 | FG12: 45814 | FH12: 45815 | FI12: 45816 | FJ12: 45817 | FK12: 45818 | FL12: 45819 | FM12: 45820 | FN12: 45821 | FO12: 45822 | FP12: 45823 | FQ12: 45824 | FR12: 45825 | FS12: 45826 | FT12: 45827 | FU12: 45828 | FV12: 45829 | FW12: 45830 | FX12: 45831 | FY12: 45832 | FZ12: 45833 | GA12: 45834 | GB12: 45835 | GC12: 45836 | GD12: 45837 | GE12: 45838 | GF12: 45839 | GG12: 45840 | GH12: 45841 | GI12: 45842 | GJ12: 45843 | GK12: 45844 | GL12: 45845 | GM12: 45846 | GN12: 45847 | GO12: 45848 | GP12: 45849 | GQ12: 45850 | GR12: 45851 | GS12: 45852 | GT12: 45853 | GU12: 45854 | GV12: 45855 | GW12: 45856 | GX12: 45857 | GY12: 45858 | GZ12: 45859 | HA12: 45860 | HB12: 45861 | HC12: 45862 | HD12: 45863 | HE12: 45864 | HF12: 45865 | HG12: 45866 | HH12: 45867 | HI12: 45868 | HJ12: 45869 | HK12: 45870 | HL12: 45871 | HM12: 45872 | HN12: 45873 | HO12: 45874 | HP12: 45875 | HQ12: 45876 | HR12: 45877 | HS12: 45878 | HT12: 45879 | HU12: 45880 | HV12: 45881 | HW12: 45882 | HX12: 45883 | HY12: 45884 | HZ12: 45885 | IA12: 45886 | IB12: 45887 | IC12: 45888 | ID12: 45889 | IE12: 45890 | IF12: 45891 | IG12: 45892 | IH12: 45893 | II12: 45894 | IJ12: 45895 | IK12: 45896 | IL12: 45897 | IM12: 45898 | IN12: 45899 | IO12: 45900 | IP12: 45901 | IQ12: 45902 | IR12: 45903 | IS12: 45904 | IT12: 45905 | IU12: 45906 | IV12: 45907 | IW12: 45908 | IX12: 45909 | IY12: 45910 | IZ12: 45911 | JA12: 45912 | JB12: 45913 | JC12: 45914 | JD12: 45915 | JE12: 45916 | JF12: 45917 | JG12: 45918 | JH12: 45919 | JI12: 45920 | JJ12: 45921 | JK12: 45922 | JL12: 45923 | JM12: 45924 | JN12: 45925 | JO12: 45926 | JP12: 45927 | JQ12: 45928 | JR12: 45929 | JS12: 45930 | JT12: 45931 | JU12: 45932 | JV12: 45933 | JW12: 45934 | JX12: 45935 | JY12: 45936 | JZ12: 45937 | KA12: 45938 | KB12: 45939 | KC12: 45940 | KD12: 45941 | KE12: 45942 | KF12: 45943 | KG12: 45944 | KH12: 45945 | KI12: 45946 | KJ12: 45947 | KK12: 45948 | KL12: 45949 | KM12: 45950 | KN12: 45951 | KO12: 45952 | KP12: 45953 | KQ12: 45954 | KR12: 45955 | KS12: 45956 | KT12: 45957 | KU12: 45958 | KV12: 45959 | KW12: 45960 | KX12: 45961 | KY12: 45962 | KZ12: 45963 | LA12: 45964 | LB12: 45965 | LC12: 45966 | LD12: 45967 | LE12: 45968 | LF12: 45969 | LG12: 45970 | LH12: 45971 | LI12: 45972 | LJ12: 45973 | LK12: 45974 | LL12: 45975 | LM12: 45976 | LN12: 45977 | LO12: 45978 | LP12: 45979 | LQ12: 45980 | LR12: 45981 | LS12: 45982 | LT12: 45983 | LU12: 45984 | LV12: 45985 | LW12: 45986 | LX12: 45987 | LY12: 45988 | LZ12: 45989 | MA12: 45990 | MB12: 45991 | MC12: 45992 | MD12: 45993 | ME12: 45994 | MF12: 45995 | MG12: 45996 | MH12: 45997 | MI12: 45998 | MJ12: 45999 | MK12: 46000 | ML12: 46001 | MM12: 46002 | MN12: 46003 | MO12: 46004 | MP12: 46005 | MQ12: 46006 | MR12: 46007 | MS12: 46008 | MT12: 46009 | MU12: 46010 | MV12: 46011 | MW12: 46012 | MX12: 46013 | MY12: 46014 | MZ12: 46015 | NA12: 46016 | NB12: 46017 | NC12: 46018 | ND12: 46019 | NE12: 46020 | NF12: 46021 | NG12: 46022 | NH12: 46023 | NI12: 46024 | NJ12: 46025 | NK12: 46026 | NL12: 46027 | NM12: 46028 | NN12: 46029 | NO12: 46030 | NP12: 46031 | NQ12: 46032 | NR12: 46033 | NS12: 46034 | NT12: 46035 | NU12: 46036 | NV12: 46037 | NW12: 46038 | NX12: 46039 | NY12: 46040 | NZ12: 46041 | OA12: 46042 | OB12: 46043 | OC12: 46044 | OD12: 46045 | OE12: 46046 | OF12: 46047 | OG12: 46048 | OH12: 46049 | OI12: 46050 | OJ12: 46051 | OK12: 46052 | OL12: 46053 | OM12: 46054 | ON12: 46055 | OO12: 46056 | OP12: 46057 | OQ12: 46058 | OR12: 46059 | OS12: 46060 | OT12: 46061 | OU12: 46062 | OV12: 46063 | OW12: 46064 | OX12: 46065 | OY12: 46066 | OZ12: 46067 | PA12: 46068 | PB12: 46069 | PC12: 46070 | PD12: 46071 | PE12: 46072 | PF12: 46073 | PG12: 46074 | PH12: 46075 | PI12: 46076 | PJ12: 46077 | PK12: 46078 | PL12: 46079 | PM12: 46080 | PN12: 46081 | PO12: 46082 | PP12: 46083 | PQ12: 46084 | PR12: 46085 | PS12: 46086 | PT12: 46087 | PU12: 46088 | PV12: 46089 | PW12: 46090 | PX12: 46091 | PY12: 46092 | PZ12: 46093 | QA12: 46094 | QB12: 46095 | QC12: 46096 | QD12: 46097 | QE12: 46098 | QF12: 46099 | QG12: 46100 | QH12: 46101 | QI12: 46102 | QJ12: 46103 | QK12: 46104 | QL12: 46105 | QM12: 46106 | QN12: 46107 | QO12: 46108 | QP12: 46109 | QQ12: 46110 | QR12: 46111 | QS12: 46112 | QT12: 46113 | QU12: 46114 | QV12: 46115 | QW12: 46116 | QX12: 46117 | QY12: 46118 | QZ12: 46119 | RA12: 46120 | RB12: 46121 | RC12: 46122 | RD12: 46123 | RE12: 46124 | RF12: 46125 | RG12: 46126 | RH12: 46127 | RI12: 46128 | RJ12: 46129 | RK12: 46130 | RL12: 46131 | RM12: 46132 | RN12: 46133 | RO12: 46134 | RP12: 46135 | RQ12: 46136 | RR12: 46137 | RS12: 46138 | RT12: 46139 | RU12: 46140 | RV12: 46141 | RW12: 46142 | RX12: 46143 | RY12: 46144 | RZ12: 46145 | SA12: 46146 | SB12: 46147 | SC12: 46148 | SD12: 46149 | SE12: 46150 | SF12: 46151 | SG12: 46152 | SH12: 46153 | SI12: 46154 | SJ12: 46155 | SK12: 46156 | SL12: 46157 | SM12: 46158 | SN12: 46159 | SO12: 46160 | SP12: 46161 | SQ12: 46162 | SR12: 46163 | SS12: 46164 | ST12: 46165 | SU12: 46166 | SV12: 46167 | SW12: 46168 | SX12: 46169 | SY12: 46170 | SZ12: 46171 | TA12: 46172 | TB12: 46173 | TC12: 46174 | TD12: 46175 | TE12: 46176 | TF12: 46177 | TG12: 46178 | TH12: 46179 | TI12: 46180 | TJ12: 46181 | TK12: 46182 | TL12: 46183 | TM12: 46184 | TN12: 46185 | TO12: 46186 | TP12: 46187 | TQ12: 46188 | TR12: 46189 | TS12: 46190 | TT12: 46191 | TU12: 46192 | TV12: 46193 | TW12: 46194 | TX12: 46195 | TY12: 46196 | TZ12: 46197 | UA12: 46198 | UB12: 46199 | UC12: 46200 | UD12: 46201 | UE12: 46202 | UF12: 46203 | UG12: 46204 | UH12: 46205 | UI12: 46206 | UJ12: 46207 | UK12: 46208 | UL12: 46209 | UM12: 46210 | UN12: 46211 | UO12: 46212 | UP12: 46213 | UQ12: 46214 | UR12: 46215 | US12: 46216 | UT12: 46217 | UU12: 46218 | UV12: 46219 | UW12: 46220 | UX12: 46221 | UY12: 46222 | UZ12: 46223 | VA12: 46224 | VB12: 46225 | VC12: 46226 | VD12: 46227 | VE12: 46228 | VF12: 46229 | VG12: 46230 | VH12: 46231 | VI12: 46232 | VJ12: 46233 | VK12: 46234 | VL12: 46235 | VM12: 46236 | VN12: 46237 | VO12: 46238 | VP12: 46239 | VQ12: 46240 | VR12: 46241 | VS12: 46242 | VT12: 46243 | VU12: 46244 | VV12: 46245 | VW12: 46246 | VX12: 46247 | VY12: 46248 | VZ12: 46249 | WA12: 46250 | WB12: 46251 | WC12: 46252 | WD12: 46253 | WE12: 46254 | WF12: 46255 | WG12: 46256 | WH12: 46257 | WI12: 46258 | WJ12: 46259 | WK12: 46260 | WL12: 46261 | WM12: 46262 | WN12: 46263 | WO12: 46264 | WP12: 46265 | WQ12: 46266 | WR12: 46267 | WS12: 46268 | WT12: 46269 | WU12: 46270 | WV12: 46271 | WW12: 46272 | WX12: 46273 | WY12: 46274 | WZ12: 46275 | XA12: 46276 | XB12: 46277 | XC12: 46278 | XD12: 46279 | XE12: 46280 | XF12: 46281 | XG12: 46282 | XH12: 46283 | XI12: 46284 | XJ12: 46285 | XK12: 46286 | XL12: 46287 | XM12: 46288 | XN12: 46289 | XO12: 46290 | XP12: 46291 | XQ12: 46292 | XR12: 46293 | XS12: 46294 | XT12: 46295 | XU12: 46296 | XV12: 46297 | XW12: 46298 | XX12: 46299 | XY12: 46300 | XZ12: 46301 | YA12: 46302 | YB12: 46303 | YC12: 46304 | YD12: 46305 | YE12: 46306 | YF12: 46307 | YG12: 46308 | YH12: 46309 | YI12: 46310 | YJ12: 46311 | YK12: 46312 | YL12: 46313 | YM12: 46314 | YN12: 46315 | YO12: 46316 | YP12: 46317 | YQ12: 46318 | YR12: 46319 | YS12: 46320 | YT12: 46321 | YU12: 46322 | YV12: 46323 | YW12: 46324 | YX12: 46325 | YY12: 46326 | YZ12: 46327 | ZA12: 46328 | ZB12: 46329 | ZC12: 46330 | ZD12: 46331 | ZE12: 46332 | ZF12: 46333 | ZG12: 46334 | ZH12: 46335 | ZI12: 46336 | ZJ12: 46337 | ZK12: 46338 | ZL12: 46339 | ZM12: 46340 | ZN12: 46341 | ZO12: 46342 | ZP12: 46343 | ZQ12: 46344 | ZR12: 46345 | ZS12: 46346 | ZT12: 46347 | ZU12: 46348 | ZV12: 46349 | ZW12: 46350 | ZX12: 46351 | ZY12: 46352 | ZZ12: 46353 | AAA12: 46354 | AAB12: 46355 | AAC12: 46356 | AAD12: 46357 | AAE12: 46358 | AAF12: 46359 | AAG12: 46360 | AAH12: 46361 | AAI12: 46362 | AAJ12: 46363 | AAK12: 46364 | AAL12: 46365 | AAM12: 46366 | AAN12: 46367 | AAO12: 46368 | AAP12: 46369 | AAQ12: 46370 | AAR12: 46371 | AAS12: 46372 | AAT12: 46373 | AAU12: 46374 | AAV12: 46375 | AAW12: 46376 | AAX12: 46377 | AAY12: 46378 | AAZ12: 46379 | ABA12: 46380 | ABB12: 46381 | ABC12: 46382 | ABD12: 46383 | ABE12: 46384 | ABF12: 46385 | ABG12: 46386 | ABH12: 46387 | ABI12: 46388 | ABJ12: 46389 | ABK12: 46390 | ABL12: 46391 | ABM12: 46392 | ABN12: 46393 | ABO12: 46394 | ABP12: 46395 | ABQ12: 46396 | ABR12: 46397 | ABS12: 46398 | ABT12: 46399 | ABU12: 46400 | ABV12: 46401 | ABW12: 46402 | ABX12: 46403 | ABY12: 46404 | ABZ12: 46405 | ACA12: 46406 | ACB12: 46407 | ACC12: 46408 | ACD12: 46409 | ACE12: 46410 | ACF12: 46411 | ACG12: 46412 | ACH12: 46413 | ACI12: 46414 | ACJ12: 46415 | ACK12: 46416 | ACL12: 46417 | ACM12: 46418 | ACN12: 46419 | ACO12: 46420 | ACP12: 46421 | ACQ12: 46422 | ACR12: 46423 | ACS12: 46424 | ACT12: 46425 | ACU12: 46426 | ACV12: 46427 | ACW12: 46428 | ACX12: 46429 | ACY12: 46430 | ACZ12: 46431 | ADA12: 46432 | ADB12: 46433 | ADC12: 46434 | ADD12: 46435 | ADE12: 46436 | ADF12: 46437 | ADG12: 46438 | ADH12: 46439 | ADI12: 46440 | ADJ12: 46441 | ADK12: 46442 | ADL12: 46443 | ADM12: 46444 | ADN12: 46445 | ADO12: 46446 | ADP12: 46447 | ADQ12: 46448 | ADR12: 46449 | ADS12: 46450 | ADT12: 46451 | ADU12: 46452 | ADV12: 46453 | ADW12: 46454 | ADX12: 46455 | ADY12: 46456 | ADZ12: 46457 | AEA12: 46458 | AEB12: 46459 | AEC12: 46460 | AED12: 46461 | AEE12: 46462 | AEF12: 46463 | AEG12: 46464 | AEH12: 46465 | AEI12: 46466 | AEJ12: 46467 | AEK12: 46468 | AEL12: 46469 | AEM12: 46470 | AEN12: 46471 | AEO12: 46472 | AEP12: 46473 | AEQ12: 46474 | AER12: 46475 | AES12: 46476 | AET12: 46477 | AEU12: 46478 | AEV12: 46479 | AEW12: 46480 | AEX12: 46481 | AEY12: 46482 | AEZ12: 46483 | AFA12: 46484 | AFB12: 46485 | AFC12: 46486 | AFD12: 46487 | AFE12: 46488 | AFF12: 46489 | AFG12: 46490 | AFH12: 46491 | AFI12: 46492 | AFJ12: 46493 | AFK12: 46494 | AFL12: 46495 | AFM12: 46496 | AFN12: 46497 | AFO12: 46498 | AFP12: 46499 | AFQ12: 46500 | AFR12: 46501 | AFS12: 46502 | AFT12: 46503 | AFU12: 46504 | AFV12: 46505 | AFW12: 46506 | AFX12: 46507 | AFY12: 46508 | AFZ12: 46509 | AGA12: 46510 | AGB12: 46511 | AGC12: 46512 | AGD12: 46513 | AGE12: 46514 | AGF12: 46515 | AGG12: 46516 | AGH12: 46517 | AGI12: 46518 | AGJ12: 46519 | AGK12: 46520 | AGL12: 46521 | AGM12: 46522 | AGN12: 46523 | AGO12: 46524 | AGP12: 46525 | AGQ12: 46526 | AGR12: 46527 | AGS12: 46528 | AGT12: 46529 | AGU12: 46530 | AGV12: 46531 | AGW12: 46532 | AGX12: 46533 | AGY12: 46534 | AGZ12: 46535 | AHA12: 46536 | AHB12: 46537 | AHC12: 46538 | AHD12: 46539 | AHE12: 46540 | AHF12: 46541 | AHG12: 46542 | AHH12: 46543 | AHI12: 46544 | AHJ12: 46545 | AHK12: 46546 | AHL12: 46547 | AHM12: 46548 | AHN12: 46549 | AHO12: 46550 | AHP12: 46551 | AHQ12: 46552 | AHR12: 46553 | AHS12: 46554 | AHT12: 46555 | AHU12: 46556 | AHV12: 46557 | AHW12: 46558 | AHX12: 46559 | AHY12: 46560 | AHZ12: 46561 | AIA12: 46562 | AIB12: 46563 | AIC12: 46564 | AID12: 46565 | AIE12: 46566 | AIF12: 46567 | AIG12: 46568 | AIH12: 46569 | AII12: 46570 | AIJ12: 46571 | AIK12: 46572 | AIL12: 46573 | AIM12: 46574 | AIN12: 46575 | AIO12: 46576 | AIP12: 46577 | AIQ12: 46578 | AIR12: 46579 | AIS12: 46580 | AIT12: 46581 | AIU12: 46582 | AIV12: 46583 | AIW12: 46584 | AIX12: 46585 | AIY12: 46586 | AIZ12: 46587 | AJA12: 46588 | AJB12: 46589 | AJC12: 46590 | AJD12: 46591 | AJE12: 46592 | AJF12: 46593 | AJG12: 46594 | AJH12: 46595 | AJI12: 46596 | AJJ12: 46597 | AJK12: 46598 | AJL12: 46599 | AJM12: 46600 | AJN12: 46601 | AJO12: 46602 | AJP12: 46603 | AJQ12: 46604 | AJR12: 46605 | AJS12: 46606 | AJT12: 46607 | AJU12: 46608 | AJV12: 46609 | AJW12: 46610 | AJX12: 46611 | AJY12: 46612 | AJZ12: 46613 | AKA12: 46614 | AKB12: 46615 | AKC12: 46616 | AKD12: 46617 | AKE12: 46618 | AKF12: 46619 | AKG12: 46620 | AKH12: 46621 | AKI12: 46622 | AKJ12: 46623 | AKK12: 46624 | AKL12: 46625 | AKM12: 46626 | AKN12: 46627 | AKO12: 46628 | AKP12: 46629 | AKQ12: 46630 | AKR12: 46631 | AKS12: 46632 | AKT12: 46633 | AKU12: 46634 | AKV12: 46635 | AKW12: 46636 | AKX12: 46637 | AKY12: 46638 | AKZ12: 46639 | ALA12: 46640 | ALB12: 46641 | ALC12: 46642 | ALD12: 46643 | ALE12: 46644 | ALF12: 46645 | ALG12: 46646 | ALH12: 46647 | ALI12: 46648 | ALJ12: 46649 | ALK12: 46650 | ALL12: 46651 | ALM12: 46652 | ALN12: 46653 | ALO12: 46654 | ALP12: 46655 | ALQ12: 46656 | ALR12: 46657 | ALS12: 46658 | ALT12: 46659 | ALU12: 46660 | ALV12: 46661 | ALW12: 46662 | ALX12: 46663 | ALY12: 46664 | ALZ12: 46665 | AMA12: 46666 | AMB12: 46667 | AMC12: 46668 | AMD12: 46669 | AME12: 46670 | AMF12: 46671 | AMG12: 46672 | AMH12: 46673 | AMI12: 46674 | AMJ12: 46675 | AMK12: 46676 | AML12: 46677 | AMM12: 46678 | AMN12: 46679 | AMO12: 46680 | AMP12: 46681 | AMQ12: 46682 | AMR12: 46683 | AMS12: 46684 | AMT12: 46685 | AMU12: 46686 | AMV12: 46687 | AMW12: 46688 | AMX12: 46689 | AMY12: 46690 | AMZ12: 46691 | ANA12: 46692 | ANB12: 46693 | ANC12: 46694 | AND12: 46695 | ANE12: 46696 | ANF12: 46697 | ANG12: 46698 | ANH12: 46699 | ANI12: 46700 | ANJ12: 46701 | ANK12: 46702 | ANL12: 46703 | ANM12: 46704 | ANN12: 46705 | ANO12: 46706 | ANP12: 46707 | ANQ12: 46708 | ANR12: 46709 | ANS12: 46710 | ANT12: 46711 | ANU12: 46712 | ANV12: 46713 | ANW12: 46714 | ANX12: 46715 | ANY12: 46716 | ANZ12: 46717 | AOA12: 46718 | AOB12: 46719 | AOC12: 46720 | AOD12: 46721 | AOE12: 46722 | AOF12: 46723 | AOG12: 46724 | AOH12: 46725 | AOI12: 46726 | AOJ12: 46727 | AOK12: 46728 | AOL12: 46729 | AOM12: 46730 | AON12: 46731 | AOO12: 46732 | AOP12: 46733 | AOQ12: 46734 | AOR12: 46735 | AOS12: 46736 | AOT12: 46737 | AOU12: 46738 | AOV12: 46739 | AOW12: 46740 | AOX12: 46741 | AOY12: 46742 | AOZ12: 46743 | APA12: 46744 | APB12: 46745 | APC12: 46746 | APD12: 46747 | APE12: 46748 | APF12: 46749 | APG12: 46750 | APH12: 46751 | API12: 46752 | APJ12: 46753 | APK12: 46754 | APL12: 46755 | APM12: 46756 | APN12: 46757 | APO12: 46758 | APP12: 46759 | APQ12: 46760 | APR12: 46761 | APS12: 46762 | APT12: 46763 | APU12: 46764 | APV12: 46765 | APW12: 46766 | APX12: 46767 | APY12: 46768 | APZ12: 46769 | AQA12: 46770 | AQB12: 46771 | AQC12: 46772 | AQD12: 46773 | AQE12: 46774 | AQF12: 46775 | AQG12: 46776 | AQH12: 46777 | AQI12: 46778 | AQJ12: 46779 | AQK12: 46780 | AQL12: 46781 | AQM12: 46782 | AQN12: 46783 | AQO12: 46784 | AQP12: 46785 | AQQ12: 46786 | AQR12: 46787 | AQS12: 46788 | AQT12: 46789 | AQU12: 46790 | AQV12: 46791 | AQW12: 46792 | AQX12: 46793 | AQY12: 46794 | AQZ12: 46795 | ARA12: 46796 | ARB12: 46797 | ARC12: 46798 | ARD12: 46799 | ARE12: 46800 | ARF12: 46801 | ARG12: 46802 | ARH12: 46803 | ARI12: 46804 | ARJ12: 46805 | ARK12: 46806 | ARL12: 46807 | ARM12: 46808 | ARN12: 46809 | ARO12: 46810 | ARP12: 46811 | ARQ12: 46812 | ARR12: 46813 | ARS12: 46814 | ART12: 46815 | ARU12: 46816 | ARV12: 46817 | ARW12: 46818 | ARX12: 46819 | ARY12: 46820 | ARZ12: 46821 | ASA12: 46822 | ASB12: 46823 | ASC12: 46824 | ASD12: 46825 | ASE12: 46826 | ASF12: 46827 | ASG12: 46828 | ASH12: 46829 | ASI12: 46830 | ASJ12: 46831 | ASK12: 46832 | ASL12: 46833 | ASM12: 46834 | ASN12: 46835 | ASO12: 46836 | ASP12: 46837 | ASQ12: 46838 | ASR12: 46839 | ASS12: 46840 | AST12: 46841 | ASU12: 46842 | ASV12: 46843 | ASW12: 46844 | ASX12: 46845 | ASY12: 46846 | ASZ12: 46847 | ATA12: 46848 | ATB12: 46849 | ATC12: 46850 | ATD12: 46851 | ATE12: 46852 | ATF12: 46853 | ATG12: 46854 | ATH12: 46855 | ATI12: 46856 | ATJ12: 46857 | ATK12: 46858 | ATL12: 46859 | ATM12: 46860 | ATN12: 46861 | ATO12: 46862 | ATP12: 46863 | ATQ12: 46864 | ATR12: 46865 | ATS12: 46866 | ATT12: 46867 | ATU12: 46868 | ATV12: 46869 | ATW12: 46870 | ATX12: 46871 | ATY12: 46872 | ATZ12: 46873 | AUA12: 46874 | AUB12: 46875 | AUC12: 46876 | AUD12: 46877 | AUE12: 46878 | AUF12: 46879 | AUG12: 46880 | AUH12: 46881 | AUI12: 46882 | AUJ12: 46883 | AUK12: 46884 | AUL12: 46885 | AUM12: 46886 | AUN12: 46887 | AUO12: 46888 | AUP12: 46889 | AUQ12: 46890 | AUR12: 46891 | AUS12: 46892 | AUT12: 46893 | AUU12: 46894 | AUV12: 46895 | AUW12: 46896 | AUX12: 46897 | AUY12: 46898 | AUZ12: 46899 | AVA12: 46900 | AVB12: 46901 | AVC12: 46902 | AVD12: 46903 | AVE12: 46904 | AVF12: 46905 | AVG12: 46906 | AVH12: 46907 | AVI12: 46908 | AVJ12: 46909 | AVK12: 46910 | AVL12: 46911 | AVM12: 46912 | AVN12: 46913 | AVO12: 46914 | AVP12: 46915 | AVQ12: 46916 | AVR12: 46917 | AVS12: 46918 | AVT12: 46919 | AVU12: 46920 | AVV12: 46921 | AVW12: 46922 | AVX12: 46923 | AVY12: 46924 | AVZ12: 46925 | AWA12: 46926 | AWB12: 46927 | AWC12: 46928 | AWD12: 46929 | AWE12: 46930 | AWF12: 46931 | AWG12: 46932 | AWH12: 46933 | AWI12: 46934 | AWJ12: 46935 | AWK12: 46936 | AWL12: 46937 | AWM12: 46938 | AWN12: 46939 | AWO12: 46940 | AWP12: 46941 | AWQ12: 46942 | AWR12: 46943 | AWS12: 46944 | AWT12: 46945 | AWU12: 46946 | AWV12: 46947 | AWW12: 46948 | AWX12: 46949 | AWY12: 46950 | AWZ12: 46951 | AXA12: 46952 | AXB12: 46953 | AXC12: 46954 | AXD12: 46955 | AXE12: 46956 | AXF12: 46957 | AXG12: 46958 | AXH12: 46959 | AXI12: 46960 | AXJ12: 46961 | AXK12: 46962 | AXL12: 46963 | AXM12: 46964 | AXN12: 46965 | AXO12: 46966 | AXP12: 46967 | AXQ12: 46968 | AXR12: 46969 | AXS12: 46970 | AXT12: 46971 | AXU12: 46972 | AXV12: 46973 | AXW12: 46974 | AXX12: 46975 | AXY12: 46976 | AXZ12: 46977 | AYA12: 46978 | AYB12: 46979 | AYC12: 46980 | AYD12: 46981 | AYE12: 46982 | AYF12: 46983 | AYG12: 46984 | AYH12: 46985 | AYI12: 46986 | AYJ12: 46987 | AYK12: 46988 | AYL12: 46989 | AYM12: 46990 | AYN12: 46991 | AYO12: 46992 | AYP12: 46993 | AYQ12: 46994 | AYR12: 46995 | AYS12: 46996 | AYT12: 46997 | AYU12: 46998 | AYV12: 46999 | AYW12: 47000 | AYX12: 47001 | AYY12: 47002 | AYZ12: 47003 | AZA12: 47004 | AZB12: 47005 | AZC12: 47006 | AZD12: 47007 | AZE12: 47008 | AZF12: 47009 | AZG12: 47010 | AZH12: 47011 | AZI12: 47012 | AZJ12: 47013 | AZK12: 47014 | AZL12: 47015 | AZM12: 47016 | AZN12: 47017 | AZO12: 47018 | AZP12: 47019 | AZQ12: 47020 | AZR12: 47021 | AZS12: 47022 | AZT12: 47023 | AZU12: 47024 | AZV12: 47025 | AZW12: 47026 | AZX12: 47027 | AZY12: 47028 | AZZ12: 47029 | BAA12: 47030 | BAB12: 47031 | BAC12: 47032 | BAD12: 47033 | BAE12: 47034 | BAF12: 47035 | BAG12: 47036 | BAH12: 47037 | BAI12: 47038 | BAJ12: 47039 | BAK12: 47040 | BAL12: 47041 | BAM12: 47042 | BAN12: 47043 | BAO12: 47044 | BAP12: 47045 | BAQ12: 47046 | BAR12: 47047 | BAS12: 47048 | BAT12: 47049 | BAU12: 47050 | BAV12: 47051 | BAW12: 47052 | BAX12: 47053 | BAY12: 47054 | BAZ12: 47055 | BBA12: 47056 | BBB12: 47057 | BBC12: 47058 | BBD12: 47059 | BBE12: 47060 | BBF12: 47061 | BBG12: 47062 | BBH12: 47063 | BBI12: 47064 | BBJ12: 47065 | BBK12: 47066 | BBL12: 47067 | BBM12: 47068 | BBN12: 47069 | BBO12: 47070 | BBP12: 47071 | BBQ12: 47072 | BBR12: 47073 | BBS12: 47074 | BBT12: 47075 | BBU12: 47076 | BBV12: 47077 | BBW12: 47078 | BBX12: 47079 | BBY12: 47080 | BBZ12: 47081 | BCA12: 47082 | BCB12: 47083 | BCC12: 47084 | BCD12: 47085 | BCE12: 47086 | BCF12: 47087 | BCG12: 47088 | BCH12: 47089 | BCI12: 47090 | BCJ12: 47091 | BCK12: 47092 | BCL12: 47093 | BCM12: 47094 | BCN12: 47095 | BCO12: 47096 | BCP12: 47097 | BCQ12: 47098 | BCR12: 47099 | BCS12: 47100 | BCT12: 47101 | BCU12: 47102 | BCV12: 47103 | BCW12: 47104 | BCX12: 47105 | BCY12: 47106 | BCZ12: 47107 | BDA12: 47108 | BDB12: 47109 | BDC12: 47110 | BDD12: 47111 | BDE12: 47112 | BDF12: 47113 | BDG12: 47114 | BDH12: 47115 | BDI12: 47116 | BDJ12: 47117 | BDK12: 47118
B14: 3 | C14: MGA (METODOLOGÍA GENERAL AJUSTADA) | D14: 30 | E14: 45717 | F14: =E14+D14 -> 45747 | G14: 45658 | H14: 45659 | I14: 45660 | J14: 45661 | K14: 45662 | L14: 45663 | M14: 45664 | N14: 45665 | O14: 45666 | P14: 45667 | Q14: 45668 | R14: 45669 | S14: 45670 | T14: 45671 | U14: 45672 | V14: 45673 | W14: 45674 | X14: 45675 | Y14: 45676 | Z14: 45677 | AA14: 45678 | AB14: 45679 | AC14: 45680 | AD14: 45681 | AE14: 45682 | AF14: 45683 | AG14: 45684 | AH14: 45685 | AI14: 45686 | AJ14: 45687 | AK14: 45688 | AL14: 45689 | AM14: 45690 | AN14: 45691 | AO14: 45692 | AP14: 45693 | AQ14: 45694 | AR14: 45695 | AS14: 45696 | AT14: 45697 | AU14: 45698 | AV14: 45699 | AW14: 45700 | AX14: 45701 | AY14: 45702 | AZ14: 45703 | BA14: 45704 | BB14: 45705 | BC14: 45706 | BD14: 45707 | BE14: 45708 | BF14: 45709 | BG14: 45710 | BH14: 45711 | BI14: 45712 | BJ14: 45713 | BK14: 45714 | BL14: 45715 | BM14: 45716 | BN14: 45717 | BO14: 45718 | BP14: 45719 | BQ14: 45720 | BR14: 45721 | BS14: 45722 | BT14: 45723 | BU14: 45724 | BV14: 45725 | BW14: 45726 | BX14: 45727 | BY14: 45728 | BZ14: 45729 | CA14: 45730 | CB14: 45731 | CC14: 45732 | CD14: 45733 | CE14: 45734 | CF14: 45735 | CG14: 45736 | CH14: 45737 | CI14: 45738 | CJ14: 45739 | CK14: 45740 | CL14: 45741 | CM14: 45742 | CN14: 45743 | CO14: 45744 | CP14: 45745 | CQ14: 45746 | CR14: 45747 | CS14: 45748 | CT14: 45749 | CU14: 45750 | CV14: 45751 | CW14: 45752 | CX14: 45753 | CY14: 45754 | CZ14: 45755 | DA14: 45756 | DB14: 45757 | DC14: 45758 | DD14: 45759 | DE14: 45760 | DF14: 45761 | DG14: 45762 | DH14: 45763 | DI14: 45764 | DJ14: 45765 | DK14: 45766 | DL14: 45767 | DM14: 45768 | DN14: 45769 | DO14: 45770 | DP14: 45771 | DQ14: 45772 | DR14: 45773 | DS14: 45774 | DT14: 45775 | DU14: 45776 | DV14: 45777 | DW14: 45778 | DX14: 45779 | DY14: 45780 | DZ14: 45781 | EA14: 45782 | EB14: 45783 | EC14: 45784 | ED14: 45785 | EE14: 45786 | EF14: 45787 | EG14: 45788 | EH14: 45789 | EI14: 45790 | EJ14: 45791 | EK14: 45792 | EL14: 45793 | EM14: 45794 | EN14: 45795 | EO14: 45796 | EP14: 45797 | EQ14: 45798 | ER14: 45799 | ES14: 45800 | ET14: 45801 | EU14: 45802 | EV14: 45803 | EW14: 45804 | EX14: 45805 | EY14: 45806 | EZ14: 45807 | FA14: 45808 | FB14: 45809 | FC14: 45810 | FD14: 45811 | FE14: 45812 | FF14: 45813 | FG14: 45814 | FH14: 45815 | FI14: 45816 | FJ14: 45817 | FK14: 45818 | FL14: 45819 | FM14: 45820 | FN14: 45821 | FO14: 45822 | FP14: 45823 | FQ14: 45824 | FR14: 45825 | FS14: 45826 | FT14: 45827 | FU14: 45828 | FV14: 45829 | FW14: 45830 | FX14: 45831 | FY14: 45832 | FZ14: 45833 | GA14: 45834 | GB14: 45835 | GC14: 45836 | GD14: 45837 | GE14: 45838 | GF14: 45839 | GG14: 45840 | GH14: 45841 | GI14: 45842 | GJ14: 45843 | GK14: 45844 | GL14: 45845 | GM14: 45846 | GN14: 45847 | GO14: 45848 | GP14: 45849 | GQ14: 45850 | GR14: 45851 | GS14: 45852 | GT14: 45853 | GU14: 45854 | GV14: 45855 | GW14: 45856 | GX14: 45857 | GY14: 45858 | GZ14: 45859 | HA14: 45860 | HB14: 45861 | HC14: 45862 | HD14: 45863 | HE14: 45864 | HF14: 45865 | HG14: 45866 | HH14: 45867 | HI14: 45868 | HJ14: 45869 | HK14: 45870 | HL14: 45871 | HM14: 45872 | HN14: 45873 | HO14: 45874 | HP14: 45875 | HQ14: 45876 | HR14: 45877 | HS14: 45878 | HT14: 45879 | HU14: 45880 | HV14: 45881 | HW14: 45882 | HX14: 45883 | HY14: 45884 | HZ14: 45885 | IA14: 45886 | IB14: 45887 | IC14: 45888 | ID14: 45889 | IE14: 45890 | IF14: 45891 | IG14: 45892 | IH14: 45893 | II14: 45894 | IJ14: 45895 | IK14: 45896 | IL14: 45897 | IM14: 45898 | IN14: 45899 | IO14: 45900 | IP14: 45901 | IQ14: 45902 | IR14: 45903 | IS14: 45904 | IT14: 45905 | IU14: 45906 | IV14: 45907 | IW14: 45908 | IX14: 45909 | IY14: 45910 | IZ14: 45911 | JA14: 45912 | JB14: 45913 | JC14: 45914 | JD14: 45915 | JE14: 45916 | JF14: 45917 | JG14: 45918 | JH14: 45919 | JI14: 45920 | JJ14: 45921 | JK14: 45922 | JL14: 45923 | JM14: 45924 | JN14: 45925 | JO14: 45926 | JP14: 45927 | JQ14: 45928 | JR14: 45929 | JS14: 45930 | JT14: 45931 | JU14: 45932 | JV14: 45933 | JW14: 45934 | JX14: 45935 | JY14: 45936 | JZ14: 45937 | KA14: 45938 | KB14: 45939 | KC14: 45940 | KD14: 45941 | KE14: 45942 | KF14: 45943 | KG14: 45944 | KH14: 45945 | KI14: 45946 | KJ14: 45947 | KK14: 45948 | KL14: 45949 | KM14: 45950 | KN14: 45951 | KO14: 45952 | KP14: 45953 | KQ14: 45954 | KR14: 45955 | KS14: 45956 | KT14: 45957 | KU14: 45958 | KV14: 45959 | KW14: 45960 | KX14: 45961 | KY14: 45962 | KZ14: 45963 | LA14: 45964 | LB14: 45965 | LC14: 45966 | LD14: 45967 | LE14: 45968 | LF14: 45969 | LG14: 45970 | LH14: 45971 | LI14: 45972 | LJ14: 45973 | LK14: 45974 | LL14: 45975 | LM14: 45976 | LN14: 45977 | LO14: 45978 | LP14: 45979 | LQ14: 45980 | LR14: 45981 | LS14: 45982 | LT14: 45983 | LU14: 45984 | LV14: 45985 | LW14: 45986 | LX14: 45987 | LY14: 45988 | LZ14: 45989 | MA14: 45990 | MB14: 45991 | MC14: 45992 | MD14: 45993 | ME14: 45994 | MF14: 45995 | MG14: 45996 | MH14: 45997 | MI14: 45998 | MJ14: 45999 | MK14: 46000 | ML14: 46001 | MM14: 46002 | MN14: 46003 | MO14: 46004 | MP14: 46005 | MQ14: 46006 | MR14: 46007 | MS14: 46008 | MT14: 46009 | MU14: 46010 | MV14: 46011 | MW14: 46012 | MX14: 46013 | MY14: 46014 | MZ14: 46015 | NA14: 46016 | NB14: 46017 | NC14: 46018 | ND14: 46019 | NE14: 46020 | NF14: 46021 | NG14: 46022 | NH14: 46023 | NI14: 46024 | NJ14: 46025 | NK14: 46026 | NL14: 46027 | NM14: 46028 | NN14: 46029 | NO14: 46030 | NP14: 46031 | NQ14: 46032 | NR14: 46033 | NS14: 46034 | NT14: 46035 | NU14: 46036 | NV14: 46037 | NW14: 46038 | NX14: 46039 | NY14: 46040 | NZ14: 46041 | OA14: 46042 | OB14: 46043 | OC14: 46044 | OD14: 46045 | OE14: 46046 | OF14: 46047 | OG14: 46048 | OH14: 46049 | OI14: 46050 | OJ14: 46051 | OK14: 46052 | OL14: 46053 | OM14: 46054 | ON14: 46055 | OO14: 46056 | OP14: 46057 | OQ14: 46058 | OR14: 46059 | OS14: 46060 | OT14: 46061 | OU14: 46062 | OV14: 46063 | OW14: 46064 | OX14: 46065 | OY14: 46066 | OZ14: 46067 | PA14: 46068 | PB14: 46069 | PC14: 46070 | PD14: 46071 | PE14: 46072 | PF14: 46073 | PG14: 46074 | PH14: 46075 | PI14: 46076 | PJ14: 46077 | PK14: 46078 | PL14: 46079 | PM14: 46080 | PN14: 46081 | PO14: 46082 | PP14: 46083 | PQ14: 46084 | PR14: 46085 | PS14: 46086 | PT14: 46087 | PU14: 46088 | PV14: 46089 | PW14: 46090 | PX14: 46091 | PY14: 46092 | PZ14: 46093 | QA14: 46094 | QB14: 46095 | QC14: 46096 | QD14: 46097 | QE14: 46098 | QF14: 46099 | QG14: 46100 | QH14: 46101 | QI14: 46102 | QJ14: 46103 | QK14: 46104 | QL14: 46105 | QM14: 46106 | QN14: 46107 | QO14: 46108 | QP14: 46109 | QQ14: 46110 | QR14: 46111 | QS14: 46112 | QT14: 46113 | QU14: 46114 | QV14: 46115 | QW14: 46116 | QX14: 46117 | QY14: 46118 | QZ14: 46119 | RA14: 46120 | RB14: 46121 | RC14: 46122 | RD14: 46123 | RE14: 46124 | RF14: 46125 | RG14: 46126 | RH14: 46127 | RI14: 46128 | RJ14: 46129 | RK14: 46130 | RL14: 46131 | RM14: 46132 | RN14: 46133 | RO14: 46134 | RP14: 46135 | RQ14: 46136 | RR14: 46137 | RS14: 46138 | RT14: 46139 | RU14: 46140 | RV14: 46141 | RW14: 46142 | RX14: 46143 | RY14: 46144 | RZ14: 46145 | SA14: 46146 | SB14: 46147 | SC14: 46148 | SD14: 46149 | SE14: 46150 | SF14: 46151 | SG14: 46152 | SH14: 46153 | SI14: 46154 | SJ14: 46155 | SK14: 46156 | SL14: 46157 | SM14: 46158 | SN14: 46159 | SO14: 46160 | SP14: 46161 | SQ14: 46162 | SR14: 46163 | SS14: 46164 | ST14: 46165 | SU14: 46166 | SV14: 46167 | SW14: 46168 | SX14: 46169 | SY14: 46170 | SZ14: 46171 | TA14: 46172 | TB14: 46173 | TC14: 46174 | TD14: 46175 | TE14: 46176 | TF14: 46177 | TG14: 46178 | TH14: 46179 | TI14: 46180 | TJ14: 46181 | TK14: 46182 | TL14: 46183 | TM14: 46184 | TN14: 46185 | TO14: 46186 | TP14: 46187 | TQ14: 46188 | TR14: 46189 | TS14: 46190 | TT14: 46191 | TU14: 46192 | TV14: 46193 | TW14: 46194 | TX14: 46195 | TY14: 46196 | TZ14: 46197 | UA14: 46198 | UB14: 46199 | UC14: 46200 | UD14: 46201 | UE14: 46202 | UF14: 46203 | UG14: 46204 | UH14: 46205 | UI14: 46206 | UJ14: 46207 | UK14: 46208 | UL14: 46209 | UM14: 46210 | UN14: 46211 | UO14: 46212 | UP14: 46213 | UQ14: 46214 | UR14: 46215 | US14: 46216 | UT14: 46217 | UU14: 46218 | UV14: 46219 | UW14: 46220 | UX14: 46221 | UY14: 46222 | UZ14: 46223 | VA14: 46224 | VB14: 46225 | VC14: 46226 | VD14: 46227 | VE14: 46228 | VF14: 46229 | VG14: 46230 | VH14: 46231 | VI14: 46232 | VJ14: 46233 | VK14: 46234 | VL14: 46235 | VM14: 46236 | VN14: 46237 | VO14: 46238 | VP14: 46239 | VQ14: 46240 | VR14: 46241 | VS14: 46242 | VT14: 46243 | VU14: 46244 | VV14: 46245 | VW14: 46246 | VX14: 46247 | VY14: 46248 | VZ14: 46249 | WA14: 46250 | WB14: 46251 | WC14: 46252 | WD14: 46253 | WE14: 46254 | WF14: 46255 | WG14: 46256 | WH14: 46257 | WI14: 46258 | WJ14: 46259 | WK14: 46260 | WL14: 46261 | WM14: 46262 | WN14: 46263 | WO14: 46264 | WP14: 46265 | WQ14: 46266 | WR14: 46267 | WS14: 46268 | WT14: 46269 | WU14: 46270 | WV14: 46271 | WW14: 46272 | WX14: 46273 | WY14: 46274 | WZ14: 46275 | XA14: 46276 | XB14: 46277 | XC14: 46278 | XD14: 46279 | XE14: 46280 | XF14: 46281 | XG14: 46282 | XH14: 46283 | XI14: 46284 | XJ14: 46285 | XK14: 46286 | XL14: 46287 | XM14: 46288 | XN14: 46289 | XO14: 46290 | XP14: 46291 | XQ14: 46292 | XR14: 46293 | XS14: 46294 | XT14: 46295 | XU14: 46296 | XV14: 46297 | XW14: 46298 | XX14: 46299 | XY14: 46300 | XZ14: 46301 | YA14: 46302 | YB14: 46303 | YC14: 46304 | YD14: 46305 | YE14: 46306 | YF14: 46307 | YG14: 46308 | YH14: 46309 | YI14: 46310 | YJ14: 46311 | YK14: 46312 | YL14: 46313 | YM14: 46314 | YN14: 46315 | YO14: 46316 | YP14: 46317 | YQ14: 46318 | YR14: 46319 | YS14: 46320 | YT14: 46321 | YU14: 46322 | YV14: 46323 | YW14: 46324 | YX14: 46325 | YY14: 46326 | YZ14: 46327 | ZA14: 46328 | ZB14: 46329 | ZC14: 46330 | ZD14: 46331 | ZE14: 46332 | ZF14: 46333 | ZG14: 46334 | ZH14: 46335 | ZI14: 46336 | ZJ14: 46337 | ZK14: 46338 | ZL14: 46339 | ZM14: 46340 | ZN14: 46341 | ZO14: 46342 | ZP14: 46343 | ZQ14: 46344 | ZR14: 46345 | ZS14: 46346 | ZT14: 46347 | ZU14: 46348 | ZV14: 46349 | ZW14: 46350 | ZX14: 46351 | ZY14: 46352 | ZZ14: 46353 | AAA14: 46354 | AAB14: 46355 | AAC14: 46356 | AAD14: 46357 | AAE14: 46358 | AAF14: 46359 | AAG14: 46360 | AAH14: 46361 | AAI14: 46362 | AAJ14: 46363 | AAK14: 46364 | AAL14: 46365 | AAM14: 46366 | AAN14: 46367 | AAO14: 46368 | AAP14: 46369 | AAQ14: 46370 | AAR14: 46371 | AAS14: 46372 | AAT14: 46373 | AAU14: 46374 | AAV14: 46375 | AAW14: 46376 | AAX14: 46377 | AAY14: 46378 | AAZ14: 46379 | ABA14: 46380 | ABB14: 46381 | ABC14: 46382 | ABD14: 46383 | ABE14: 46384 | ABF14: 46385 | ABG14: 46386 | ABH14: 46387 | ABI14: 46388 | ABJ14: 46389 | ABK14: 46390 | ABL14: 46391 | ABM14: 46392 | ABN14: 46393 | ABO14: 46394 | ABP14: 46395 | ABQ14: 46396 | ABR14: 46397 | ABS14: 46398 | ABT14: 46399 | ABU14: 46400 | ABV14: 46401 | ABW14: 46402 | ABX14: 46403 | ABY14: 46404 | ABZ14: 46405 | ACA14: 46406 | ACB14: 46407 | ACC14: 46408 | ACD14: 46409 | ACE14: 46410 | ACF14: 46411 | ACG14: 46412 | ACH14: 46413 | ACI14: 46414 | ACJ14: 46415 | ACK14: 46416 | ACL14: 46417 | ACM14: 46418 | ACN14: 46419 | ACO14: 46420 | ACP14: 46421 | ACQ14: 46422 | ACR14: 46423 | ACS14: 46424 | ACT14: 46425 | ACU14: 46426 | ACV14: 46427 | ACW14: 46428 | ACX14: 46429 | ACY14: 46430 | ACZ14: 46431 | ADA14: 46432 | ADB14: 46433 | ADC14: 46434 | ADD14: 46435 | ADE14: 46436 | ADF14: 46437 | ADG14: 46438 | ADH14: 46439 | ADI14: 46440 | ADJ14: 46441 | ADK14: 46442 | ADL14: 46443 | ADM14: 46444 | ADN14: 46445 | ADO14: 46446 | ADP14: 46447 | ADQ14: 46448 | ADR14: 46449 | ADS14: 46450 | ADT14: 46451 | ADU14: 46452 | ADV14: 46453 | ADW14: 46454 | ADX14: 46455 | ADY14: 46456 | ADZ14: 46457 | AEA14: 46458 | AEB14: 46459 | AEC14: 46460 | AED14: 46461 | AEE14: 46462 | AEF14: 46463 | AEG14: 46464 | AEH14: 46465 | AEI14: 46466 | AEJ14: 46467 | AEK14: 46468 | AEL14: 46469 | AEM14: 46470 | AEN14: 46471 | AEO14: 46472 | AEP14: 46473 | AEQ14: 46474 | AER14: 46475 | AES14: 46476 | AET14: 46477 | AEU14: 46478 | AEV14: 46479 | AEW14: 46480 | AEX14: 46481 | AEY14: 46482 | AEZ14: 46483 | AFA14: 46484 | AFB14: 46485 | AFC14: 46486 | AFD14: 46487 | AFE14: 46488 | AFF14: 46489 | AFG14: 46490 | AFH14: 46491 | AFI14: 46492 | AFJ14: 46493 | AFK14: 46494 | AFL14: 46495 | AFM14: 46496 | AFN14: 46497 | AFO14: 46498 | AFP14: 46499 | AFQ14: 46500 | AFR14: 46501 | AFS14: 46502 | AFT14: 46503 | AFU14: 46504 | AFV14: 46505 | AFW14: 46506 | AFX14: 46507 | AFY14: 46508 | AFZ14: 46509 | AGA14: 46510 | AGB14: 46511 | AGC14: 46512 | AGD14: 46513 | AGE14: 46514 | AGF14: 46515 | AGG14: 46516 | AGH14: 46517 | AGI14: 46518 | AGJ14: 46519 | AGK14: 46520 | AGL14: 46521 | AGM14: 46522 | AGN14: 46523 | AGO14: 46524 | AGP14: 46525 | AGQ14: 46526 | AGR14: 46527 | AGS14: 46528 | AGT14: 46529 | AGU14: 46530 | AGV14: 46531 | AGW14: 46532 | AGX14: 46533 | AGY14: 46534 | AGZ14: 46535 | AHA14: 46536 | AHB14: 46537 | AHC14: 46538 | AHD14: 46539 | AHE14: 46540 | AHF14: 46541 | AHG14: 46542 | AHH14: 46543 | AHI14: 46544 | AHJ14: 46545 | AHK14: 46546 | AHL14: 46547 | AHM14: 46548 | AHN14: 46549 | AHO14: 46550 | AHP14: 46551 | AHQ14: 46552 | AHR14: 46553 | AHS14: 46554 | AHT14: 46555 | AHU14: 46556 | AHV14: 46557 | AHW14: 46558 | AHX14: 46559 | AHY14: 46560 | AHZ14: 46561 | AIA14: 46562 | AIB14: 46563 | AIC14: 46564 | AID14: 46565 | AIE14: 46566 | AIF14: 46567 | AIG14: 46568 | AIH14: 46569 | AII14: 46570 | AIJ14: 46571 | AIK14: 46572 | AIL14: 46573 | AIM14: 46574 | AIN14: 46575 | AIO14: 46576 | AIP14: 46577 | AIQ14: 46578 | AIR14: 46579 | AIS14: 46580 | AIT14: 46581 | AIU14: 46582 | AIV14: 46583 | AIW14: 46584 | AIX14: 46585 | AIY14: 46586 | AIZ14: 46587 | AJA14: 46588 | AJB14: 46589 | AJC14: 46590 | AJD14: 46591 | AJE14: 46592 | AJF14: 46593 | AJG14: 46594 | AJH14: 46595 | AJI14: 46596 | AJJ14: 46597 | AJK14: 46598 | AJL14: 46599 | AJM14: 46600 | AJN14: 46601 | AJO14: 46602 | AJP14: 46603 | AJQ14: 46604 | AJR14: 46605 | AJS14: 46606 | AJT14: 46607 | AJU14: 46608 | AJV14: 46609 | AJW14: 46610 | AJX14: 46611 | AJY14: 46612 | AJZ14: 46613 | AKA14: 46614 | AKB14: 46615 | AKC14: 46616 | AKD14: 46617 | AKE14: 46618 | AKF14: 46619 | AKG14: 46620 | AKH14: 46621 | AKI14: 46622 | AKJ14: 46623 | AKK14: 46624 | AKL14: 46625 | AKM14: 46626 | AKN14: 46627 | AKO14: 46628 | AKP14: 46629 | AKQ14: 46630 | AKR14: 46631 | AKS14: 46632 | AKT14: 46633 | AKU14: 46634 | AKV14: 46635 | AKW14: 46636 | AKX14: 46637 | AKY14: 46638 | AKZ14: 46639 | ALA14: 46640 | ALB14: 46641 | ALC14: 46642 | ALD14: 46643 | ALE14: 46644 | ALF14: 46645 | ALG14: 46646 | ALH14: 46647 | ALI14: 46648 | ALJ14: 46649 | ALK14: 46650 | ALL14: 46651 | ALM14: 46652 | ALN14: 46653 | ALO14: 46654 | ALP14: 46655 | ALQ14: 46656 | ALR14: 46657 | ALS14: 46658 | ALT14: 46659 | ALU14: 46660 | ALV14: 46661 | ALW14: 46662 | ALX14: 46663 | ALY14: 46664 | ALZ14: 46665 | AMA14: 46666 | AMB14: 46667 | AMC14: 46668 | AMD14: 46669 | AME14: 46670 | AMF14: 46671 | AMG14: 46672 | AMH14: 46673 | AMI14: 46674 | AMJ14: 46675 | AMK14: 46676 | AML14: 46677 | AMM14: 46678 | AMN14: 46679 | AMO14: 46680 | AMP14: 46681 | AMQ14: 46682 | AMR14: 46683 | AMS14: 46684 | AMT14: 46685 | AMU14: 46686 | AMV14: 46687 | AMW14: 46688 | AMX14: 46689 | AMY14: 46690 | AMZ14: 46691 | ANA14: 46692 | ANB14: 46693 | ANC14: 46694 | AND14: 46695 | ANE14: 46696 | ANF14: 46697 | ANG14: 46698 | ANH14: 46699 | ANI14: 46700 | ANJ14: 46701 | ANK14: 46702 | ANL14: 46703 | ANM14: 46704 | ANN14: 46705 | ANO14: 46706 | ANP14: 46707 | ANQ14: 46708 | ANR14: 46709 | ANS14: 46710 | ANT14: 46711 | ANU14: 46712 | ANV14: 46713 | ANW14: 46714 | ANX14: 46715 | ANY14: 46716 | ANZ14: 46717 | AOA14: 46718 | AOB14: 46719 | AOC14: 46720 | AOD14: 46721 | AOE14: 46722 | AOF14: 46723 | AOG14: 46724 | AOH14: 46725 | AOI14: 46726 | AOJ14: 46727 | AOK14: 46728 | AOL14: 46729 | AOM14: 46730 | AON14: 46731 | AOO14: 46732 | AOP14: 46733 | AOQ14: 46734 | AOR14: 46735 | AOS14: 46736 | AOT14: 46737 | AOU14: 46738 | AOV14: 46739 | AOW14: 46740 | AOX14: 46741 | AOY14: 46742 | AOZ14: 46743 | APA14: 46744 | APB14: 46745 | APC14: 46746 | APD14: 46747 | APE14: 46748 | APF14: 46749 | APG14: 46750 | APH14: 46751 | API14: 46752 | APJ14: 46753 | APK14: 46754 | APL14: 46755 | APM14: 46756 | APN14: 46757 | APO14: 46758 | APP14: 46759 | APQ14: 46760 | APR14: 46761 | APS14: 46762 | APT14: 46763 | APU14: 46764 | APV14: 46765 | APW14: 46766 | APX14: 46767 | APY14: 46768 | APZ14: 46769 | AQA14: 46770 | AQB14: 46771 | AQC14: 46772 | AQD14: 46773 | AQE14: 46774 | AQF14: 46775 | AQG14: 46776 | AQH14: 46777 | AQI14: 46778 | AQJ14: 46779 | AQK14: 46780 | AQL14: 46781 | AQM14: 46782 | AQN14: 46783 | AQO14: 46784 | AQP14: 46785 | AQQ14: 46786 | AQR14: 46787 | AQS14: 46788 | AQT14: 46789 | AQU14: 46790 | AQV14: 46791 | AQW14: 46792 | AQX14: 46793 | AQY14: 46794 | AQZ14: 46795 | ARA14: 46796 | ARB14: 46797 | ARC14: 46798 | ARD14: 46799 | ARE14: 46800 | ARF14: 46801 | ARG14: 46802 | ARH14: 46803 | ARI14: 46804 | ARJ14: 46805 | ARK14: 46806 | ARL14: 46807 | ARM14: 46808 | ARN14: 46809 | ARO14: 46810 | ARP14: 46811 | ARQ14: 46812 | ARR14: 46813 | ARS14: 46814 | ART14: 46815 | ARU14: 46816 | ARV14: 46817 | ARW14: 46818 | ARX14: 46819 | ARY14: 46820 | ARZ14: 46821 | ASA14: 46822 | ASB14: 46823 | ASC14: 46824 | ASD14: 46825 | ASE14: 46826 | ASF14: 46827 | ASG14: 46828 | ASH14: 46829 | ASI14: 46830 | ASJ14: 46831 | ASK14: 46832 | ASL14: 46833 | ASM14: 46834 | ASN14: 46835 | ASO14: 46836 | ASP14: 46837 | ASQ14: 46838 | ASR14: 46839 | ASS14: 46840 | AST14: 46841 | ASU14: 46842 | ASV14: 46843 | ASW14: 46844 | ASX14: 46845 | ASY14: 46846 | ASZ14: 46847 | ATA14: 46848 | ATB14: 46849 | ATC14: 46850 | ATD14: 46851 | ATE14: 46852 | ATF14: 46853 | ATG14: 46854 | ATH14: 46855 | ATI14: 46856 | ATJ14: 46857 | ATK14: 46858 | ATL14: 46859 | ATM14: 46860 | ATN14: 46861 | ATO14: 46862 | ATP14: 46863 | ATQ14: 46864 | ATR14: 46865 | ATS14: 46866 | ATT14: 46867 | ATU14: 46868 | ATV14: 46869 | ATW14: 46870 | ATX14: 46871 | ATY14: 46872 | ATZ14: 46873 | AUA14: 46874 | AUB14: 46875 | AUC14: 46876 | AUD14: 46877 | AUE14: 46878 | AUF14: 46879 | AUG14: 46880 | AUH14: 46881 | AUI14: 46882 | AUJ14: 46883 | AUK14: 46884 | AUL14: 46885 | AUM14: 46886 | AUN14: 46887 | AUO14: 46888 | AUP14: 46889 | AUQ14: 46890 | AUR14: 46891 | AUS14: 46892 | AUT14: 46893 | AUU14: 46894 | AUV14: 46895 | AUW14: 46896 | AUX14: 46897 | AUY14: 46898 | AUZ14: 46899 | AVA14: 46900 | AVB14: 46901 | AVC14: 46902 | AVD14: 46903 | AVE14: 46904 | AVF14: 46905 | AVG14: 46906 | AVH14: 46907 | AVI14: 46908 | AVJ14: 46909 | AVK14: 46910 | AVL14: 46911 | AVM14: 46912 | AVN14: 46913 | AVO14: 46914 | AVP14: 46915 | AVQ14: 46916 | AVR14: 46917 | AVS14: 46918 | AVT14: 46919 | AVU14: 46920 | AVV14: 46921 | AVW14: 46922 | AVX14: 46923 | AVY14: 46924 | AVZ14: 46925 | AWA14: 46926 | AWB14: 46927 | AWC14: 46928 | AWD14: 46929 | AWE14: 46930 | AWF14: 46931 | AWG14: 46932 | AWH14: 46933 | AWI14: 46934 | AWJ14: 46935 | AWK14: 46936 | AWL14: 46937 | AWM14: 46938 | AWN14: 46939 | AWO14: 46940 | AWP14: 46941 | AWQ14: 46942 | AWR14: 46943 | AWS14: 46944 | AWT14: 46945 | AWU14: 46946 | AWV14: 46947 | AWW14: 46948 | AWX14: 46949 | AWY14: 46950 | AWZ14: 46951 | AXA14: 46952 | AXB14: 46953 | AXC14: 46954 | AXD14: 46955 | AXE14: 46956 | AXF14: 46957 | AXG14: 46958 | AXH14: 46959 | AXI14: 46960 | AXJ14: 46961 | AXK14: 46962 | AXL14: 46963 | AXM14: 46964 | AXN14: 46965 | AXO14: 46966 | AXP14: 46967 | AXQ14: 46968 | AXR14: 46969 | AXS14: 46970 | AXT14: 46971 | AXU14: 46972 | AXV14: 46973 | AXW14: 46974 | AXX14: 46975 | AXY14: 46976 | AXZ14: 46977 | AYA14: 46978 | AYB14: 46979 | AYC14: 46980 | AYD14: 46981 | AYE14: 46982 | AYF14: 46983 | AYG14: 46984 | AYH14: 46985 | AYI14: 46986 | AYJ14: 46987 | AYK14: 46988 | AYL14: 46989 | AYM14: 46990 | AYN14: 46991 | AYO14: 46992 | AYP14: 46993 | AYQ14: 46994 | AYR14: 46995 | AYS14: 46996 | AYT14: 46997 | AYU14: 46998 | AYV14: 46999 | AYW14: 47000 | AYX14: 47001 | AYY14: 47002 | AYZ14: 47003 | AZA14: 47004 | AZB14: 47005 | AZC14: 47006 | AZD14: 47007 | AZE14: 47008 | AZF14: 47009 | AZG14: 47010 | AZH14: 47011 | AZI14: 47012 | AZJ14: 47013 | AZK14: 47014 | AZL14: 47015 | AZM14: 47016 | AZN14: 47017 | AZO14: 47018 | AZP14: 47019 | AZQ14: 47020 | AZR14: 47021 | AZS14: 47022 | AZT14: 47023 | AZU14: 47024 | AZV14: 47025 | AZW14: 47026 | AZX14: 47027 | AZY14: 47028 | AZZ14: 47029 | BAA14: 47030 | BAB14: 47031 | BAC14: 47032 | BAD14: 47033 | BAE14: 47034 | BAF14: 47035 | BAG14: 47036 | BAH14: 47037 | BAI14: 47038 | BAJ14: 47039 | BAK14: 47040 | BAL14: 47041 | BAM14: 47042 | BAN14: 47043 | BAO14: 47044 | BAP14: 47045 | BAQ14: 47046 | BAR14: 47047 | BAS14: 47048 | BAT14: 47049 | BAU14: 47050 | BAV14: 47051 | BAW14: 47052 | BAX14: 47053 | BAY14: 47054 | BAZ14: 47055 | BBA14: 47056 | BBB14: 47057 | BBC14: 47058 | BBD14: 47059 | BBE14: 47060 | BBF14: 47061 | BBG14: 47062 | BBH14: 47063 | BBI14: 47064 | BBJ14: 47065 | BBK14: 47066 | BBL14: 47067 | BBM14: 47068 | BBN14: 47069 | BBO14: 47070 | BBP14: 47071 | BBQ14: 47072 | BBR14: 47073 | BBS14: 47074 | BBT14: 47075 | BBU14: 47076 | BBV14: 47077 | BBW14: 47078 | BBX14: 47079 | BBY14: 47080 | BBZ14: 47081 | BCA14: 47082 | BCB14: 47083 | BCC14: 47084 | BCD14: 47085 | BCE14: 47086 | BCF14: 47087 | BCG14: 47088 | BCH14: 47089 | BCI14: 47090 | BCJ14: 47091 | BCK14: 47092 | BCL14: 47093 | BCM14: 47094 | BCN14: 47095 | BCO14: 47096 | BCP14: 47097 | BCQ14: 47098 | BCR14: 47099 | BCS14: 47100 | BCT14: 47101 | BCU14: 47102 | BCV14: 47103 | BCW14: 47104 | BCX14: 47105 | BCY14: 47106 | BCZ14: 47107 | BDA14: 47108 | BDB14: 47109 | BDC14: 47110 | BDD14: 47111 | BDE14: 47112 | BDF14: 47113 | BDG14: 47114 | BDH14: 47115 | BDI14: 47116 | BDJ14: 47117 | BDK14: 47118
B16: 4 | C16: SECCIONAL SALUD ANTIOQUIA | D16: 60 | E16: =F14+1 -> 45748 | F16: =E16+D16 -> 45808 | G16: 45658 | H16: 45659 | I16: 45660 | J16: 45661 | K16: 45662 | L16: 45663 | M16: 45664 | N16: 45665 | O16: 45666 | P16: 45667 | Q16: 45668 | R16: 45669 | S16: 45670 | T16: 45671 | U16: 45672 | V16: 45673 | W16: 45674 | X16: 45675 | Y16: 45676 | Z16: 45677 | AA16: 45678 | AB16: 45679 | AC16: 45680 | AD16: 45681 | AE16: 45682 | AF16: 45683 | AG16: 45684 | AH16: 45685 | AI16: 45686 | AJ16: 45687 | AK16: 45688 | AL16: 45689 | AM16: 45690 | AN16: 45691 | AO16: 45692 | AP16: 45693 | AQ16: 45694 | AR16: 45695 | AS16: 45696 | AT16: 45697 | AU16: 45698 | AV16: 45699 | AW16: 45700 | AX16: 45701 | AY16: 45702 | AZ16: 45703 | BA16: 45704 | BB16: 45705 | BC16: 45706 | BD16: 45707 | BE16: 45708 | BF16: 45709 | BG16: 45710 | BH16: 45711 | BI16: 45712 | BJ16: 45713 | BK16: 45714 | BL16: 45715 | BM16: 45716 | BN16: 45717 | BO16: 45718 | BP16: 45719 | BQ16: 45720 | BR16: 45721 | BS16: 45722 | BT16: 45723 | BU16: 45724 | BV16: 45725 | BW16: 45726 | BX16: 45727 | BY16: 45728 | BZ16: 45729 | CA16: 45730 | CB16: 45731 | CC16: 45732 | CD16: 45733 | CE16: 45734 | CF16: 45735 | CG16: 45736 | CH16: 45737 | CI16: 45738 | CJ16: 45739 | CK16: 45740 | CL16: 45741 | CM16: 45742 | CN16: 45743 | CO16: 45744 | CP16: 45745 | CQ16: 45746 | CR16: 45747 | CS16: 45748 | CT16: 45749 | CU16: 45750 | CV16: 45751 | CW16: 45752 | CX16: 45753 | CY16: 45754 | CZ16: 45755 | DA16: 45756 | DB16: 45757 | DC16: 45758 | DD16: 45759 | DE16: 45760 | DF16: 45761 | DG16: 45762 | DH16: 45763 | DI16: 45764 | DJ16: 45765 | DK16: 45766 | DL16: 45767 | DM16: 45768 | DN16: 45769 | DO16: 45770 | DP16: 45771 | DQ16: 45772 | DR16: 45773 | DS16: 45774 | DT16: 45775 | DU16: 45776 | DV16: 45777 | DW16: 45778 | DX16: 45779 | DY16: 45780 | DZ16: 45781 | EA16: 45782 | EB16: 45783 | EC16: 45784 | ED16: 45785 | EE16: 45786 | EF16: 45787 | EG16: 45788 | EH16: 45789 | EI16: 45790 | EJ16: 45791 | EK16: 45792 | EL16: 45793 | EM16: 45794 | EN16: 45795 | EO16: 45796 | EP16: 45797 | EQ16: 45798 | ER16: 45799 | ES16: 45800 | ET16: 45801 | EU16: 45802 | EV16: 45803 | EW16: 45804 | EX16: 45805 | EY16: 45806 | EZ16: 45807 | FA16: 45808 | FB16: 45809 | FC16: 45810 | FD16: 45811 | FE16: 45812 | FF16: 45813 | FG16: 45814 | FH16: 45815 | FI16: 45816 | FJ16: 45817 | FK16: 45818 | FL16: 45819 | FM16: 45820 | FN16: 45821 | FO16: 45822 | FP16: 45823 | FQ16: 45824 | FR16: 45825 | FS16: 45826 | FT16: 45827 | FU16: 45828 | FV16: 45829 | FW16: 45830 | FX16: 45831 | FY16: 45832 | FZ16: 45833 | GA16: 45834 | GB16: 45835 | GC16: 45836 | GD16: 45837 | GE16: 45838 | GF16: 45839 | GG16: 45840 | GH16: 45841 | GI16: 45842 | GJ16: 45843 | GK16: 45844 | GL16: 45845 | GM16: 45846 | GN16: 45847 | GO16: 45848 | GP16: 45849 | GQ16: 45850 | GR16: 45851 | GS16: 45852 | GT16: 45853 | GU16: 45854 | GV16: 45855 | GW16: 45856 | GX16: 45857 | GY16: 45858 | GZ16: 45859 | HA16: 45860 | HB16: 45861 | HC16: 45862 | HD16: 45863 | HE16: 45864 | HF16: 45865 | HG16: 45866 | HH16: 45867 | HI16: 45868 | HJ16: 45869 | HK16: 45870 | HL16: 45871 | HM16: 45872 | HN16: 45873 | HO16: 45874 | HP16: 45875 | HQ16: 45876 | HR16: 45877 | HS16: 45878 | HT16: 45879 | HU16: 45880 | HV16: 45881 | HW16: 45882 | HX16: 45883 | HY16: 45884 | HZ16: 45885 | IA16: 45886 | IB16: 45887 | IC16: 45888 | ID16: 45889 | IE16: 45890 | IF16: 45891 | IG16: 45892 | IH16: 45893 | II16: 45894 | IJ16: 45895 | IK16: 45896 | IL16: 45897 | IM16: 45898 | IN16: 45899 | IO16: 45900 | IP16: 45901 | IQ16: 45902 | IR16: 45903 | IS16: 45904 | IT16: 45905 | IU16: 45906 | IV16: 45907 | IW16: 45908 | IX16: 45909 | IY16: 45910 | IZ16: 45911 | JA16: 45912 | JB16: 45913 | JC16: 45914 | JD16: 45915 | JE16: 45916 | JF16: 45917 | JG16: 45918 | JH16: 45919 | JI16: 45920 | JJ16: 45921 | JK16: 45922 | JL16: 45923 | JM16: 45924 | JN16: 45925 | JO16: 45926 | JP16: 45927 | JQ16: 45928 | JR16: 45929 | JS16: 45930 | JT16: 45931 | JU16: 45932 | JV16: 45933 | JW16: 45934 | JX16: 45935 | JY16: 45936 | JZ16: 45937 | KA16: 45938 | KB16: 45939 | KC16: 45940 | KD16: 45941 | KE16: 45942 | KF16: 45943 | KG16: 45944 | KH16: 45945 | KI16: 45946 | KJ16: 45947 | KK16: 45948 | KL16: 45949 | KM16: 45950 | KN16: 45951 | KO16: 45952 | KP16: 45953 | KQ16: 45954 | KR16: 45955 | KS16: 45956 | KT16: 45957 | KU16: 45958 | KV16: 45959 | KW16: 45960 | KX16: 45961 | KY16: 45962 | KZ16: 45963 | LA16: 45964 | LB16: 45965 | LC16: 45966 | LD16: 45967 | LE16: 45968 | LF16: 45969 | LG16: 45970 | LH16: 45971 | LI16: 45972 | LJ16: 45973 | LK16: 45974 | LL16: 45975 | LM16: 45976 | LN16: 45977 | LO16: 45978 | LP16: 45979 | LQ16: 45980 | LR16: 45981 | LS16: 45982 | LT16: 45983 | LU16: 45984 | LV16: 45985 | LW16: 45986 | LX16: 45987 | LY16: 45988 | LZ16: 45989 | MA16: 45990 | MB16: 45991 | MC16: 45992 | MD16: 45993 | ME16: 45994 | MF16: 45995 | MG16: 45996 | MH16: 45997 | MI16: 45998 | MJ16: 45999 | MK16: 46000 | ML16: 46001 | MM16: 46002 | MN16: 46003 | MO16: 46004 | MP16: 46005 | MQ16: 46006 | MR16: 46007 | MS16: 46008 | MT16: 46009 | MU16: 46010 | MV16: 46011 | MW16: 46012 | MX16: 46013 | MY16: 46014 | MZ16: 46015 | NA16: 46016 | NB16: 46017 | NC16: 46018 | ND16: 46019 | NE16: 46020 | NF16: 46021 | NG16: 46022 | NH16: 46023 | NI16: 46024 | NJ16: 46025 | NK16: 46026 | NL16: 46027 | NM16: 46028 | NN16: 46029 | NO16: 46030 | NP16: 46031 | NQ16: 46032 | NR16: 46033 | NS16: 46034 | NT16: 46035 | NU16: 46036 | NV16: 46037 | NW16: 46038 | NX16: 46039 | NY16: 46040 | NZ16: 46041 | OA16: 46042 | OB16: 46043 | OC16: 46044 | OD16: 46045 | OE16: 46046 | OF16: 46047 | OG16: 46048 | OH16: 46049 | OI16: 46050 | OJ16: 46051 | OK16: 46052 | OL16: 46053 | OM16: 46054 | ON16: 46055 | OO16: 46056 | OP16: 46057 | OQ16: 46058 | OR16: 46059 | OS16: 46060 | OT16: 46061 | OU16: 46062 | OV16: 46063 | OW16: 46064 | OX16: 46065 | OY16: 46066 | OZ16: 46067 | PA16: 46068 | PB16: 46069 | PC16: 46070 | PD16: 46071 | PE16: 46072 | PF16: 46073 | PG16: 46074 | PH16: 46075 | PI16: 46076 | PJ16: 46077 | PK16: 46078 | PL16: 46079 | PM16: 46080 | PN16: 46081 | PO16: 46082 | PP16: 46083 | PQ16: 46084 | PR16: 46085 | PS16: 46086 | PT16: 46087 | PU16: 46088 | PV16: 46089 | PW16: 46090 | PX16: 46091 | PY16: 46092 | PZ16: 46093 | QA16: 46094 | QB16: 46095 | QC16: 46096 | QD16: 46097 | QE16: 46098 | QF16: 46099 | QG16: 46100 | QH16: 46101 | QI16: 46102 | QJ16: 46103 | QK16: 46104 | QL16: 46105 | QM16: 46106 | QN16: 46107 | QO16: 46108 | QP16: 46109 | QQ16: 46110 | QR16: 46111 | QS16: 46112 | QT16: 46113 | QU16: 46114 | QV16: 46115 | QW16: 46116 | QX16: 46117 | QY16: 46118 | QZ16: 46119 | RA16: 46120 | RB16: 46121 | RC16: 46122 | RD16: 46123 | RE16: 46124 | RF16: 46125 | RG16: 46126 | RH16: 46127 | RI16: 46128 | RJ16: 46129 | RK16: 46130 | RL16: 46131 | RM16: 46132 | RN16: 46133 | RO16: 46134 | RP16: 46135 | RQ16: 46136 | RR16: 46137 | RS16: 46138 | RT16: 46139 | RU16: 46140 | RV16: 46141 | RW16: 46142 | RX16: 46143 | RY16: 46144 | RZ16: 46145 | SA16: 46146 | SB16: 46147 | SC16: 46148 | SD16: 46149 | SE16: 46150 | SF16: 46151 | SG16: 46152 | SH16: 46153 | SI16: 46154 | SJ16: 46155 | SK16: 46156 | SL16: 46157 | SM16: 46158 | SN16: 46159 | SO16: 46160 | SP16: 46161 | SQ16: 46162 | SR16: 46163 | SS16: 46164 | ST16: 46165 | SU16: 46166 | SV16: 46167 | SW16: 46168 | SX16: 46169 | SY16: 46170 | SZ16: 46171 | TA16: 46172 | TB16: 46173 | TC16: 46174 | TD16: 46175 | TE16: 46176 | TF16: 46177 | TG16: 46178 | TH16: 46179 | TI16: 46180 | TJ16: 46181 | TK16: 46182 | TL16: 46183 | TM16: 46184 | TN16: 46185 | TO16: 46186 | TP16: 46187 | TQ16: 46188 | TR16: 46189 | TS16: 46190 | TT16: 46191 | TU16: 46192 | TV16: 46193 | TW16: 46194 | TX16: 46195 | TY16: 46196 | TZ16: 46197 | UA16: 46198 | UB16: 46199 | UC16: 46200 | UD16: 46201 | UE16: 46202 | UF16: 46203 | UG16: 46204 | UH16: 46205 | UI16: 46206 | UJ16: 46207 | UK16: 46208 | UL16: 46209 | UM16: 46210 | UN16: 46211 | UO16: 46212 | UP16: 46213 | UQ16: 46214 | UR16: 46215 | US16: 46216 | UT16: 46217 | UU16: 46218 | UV16: 46219 | UW16: 46220 | UX16: 46221 | UY16: 46222 | UZ16: 46223 | VA16: 46224 | VB16: 46225 | VC16: 46226 | VD16: 46227 | VE16: 46228 | VF16: 46229 | VG16: 46230 | VH16: 46231 | VI16: 46232 | VJ16: 46233 | VK16: 46234 | VL16: 46235 | VM16: 46236 | VN16: 46237 | VO16: 46238 | VP16: 46239 | VQ16: 46240 | VR16: 46241 | VS16: 46242 | VT16: 46243 | VU16: 46244 | VV16: 46245 | VW16: 46246 | VX16: 46247 | VY16: 46248 | VZ16: 46249 | WA16: 46250 | WB16: 46251 | WC16: 46252 | WD16: 46253 | WE16: 46254 | WF16: 46255 | WG16: 46256 | WH16: 46257 | WI16: 46258 | WJ16: 46259 | WK16: 46260 | WL16: 46261 | WM16: 46262 | WN16: 46263 | WO16: 46264 | WP16: 46265 | WQ16: 46266 | WR16: 46267 | WS16: 46268 | WT16: 46269 | WU16: 46270 | WV16: 46271 | WW16: 46272 | WX16: 46273 | WY16: 46274 | WZ16: 46275 | XA16: 46276 | XB16: 46277 | XC16: 46278 | XD16: 46279 | XE16: 46280 | XF16: 46281 | XG16: 46282 | XH16: 46283 | XI16: 46284 | XJ16: 46285 | XK16: 46286 | XL16: 46287 | XM16: 46288 | XN16: 46289 | XO16: 46290 | XP16: 46291 | XQ16: 46292 | XR16: 46293 | XS16: 46294 | XT16: 46295 | XU16: 46296 | XV16: 46297 | XW16: 46298 | XX16: 46299 | XY16: 46300 | XZ16: 46301 | YA16: 46302 | YB16: 46303 | YC16: 46304 | YD16: 46305 | YE16: 46306 | YF16: 46307 | YG16: 46308 | YH16: 46309 | YI16: 46310 | YJ16: 46311 | YK16: 46312 | YL16: 46313 | YM16: 46314 | YN16: 46315 | YO16: 46316 | YP16: 46317 | YQ16: 46318 | YR16: 46319 | YS16: 46320 | YT16: 46321 | YU16: 46322 | YV16: 46323 | YW16: 46324 | YX16: 46325 | YY16: 46326 | YZ16: 46327 | ZA16: 46328 | ZB16: 46329 | ZC16: 46330 | ZD16: 46331 | ZE16: 46332 | ZF16: 46333 | ZG16: 46334 | ZH16: 46335 | ZI16: 46336 | ZJ16: 46337 | ZK16: 46338 | ZL16: 46339 | ZM16: 46340 | ZN16: 46341 | ZO16: 46342 | ZP16: 46343 | ZQ16: 46344 | ZR16: 46345 | ZS16: 46346 | ZT16: 46347 | ZU16: 46348 | ZV16: 46349 | ZW16: 46350 | ZX16: 46351 | ZY16: 46352 | ZZ16: 46353 | AAA16: 46354 | AAB16: 46355 | AAC16: 46356 | AAD16: 46357 | AAE16: 46358 | AAF16: 46359 | AAG16: 46360 | AAH16: 46361 | AAI16: 46362 | AAJ16: 46363 | AAK16: 46364 | AAL16: 46365 | AAM16: 46366 | AAN16: 46367 | AAO16: 46368 | AAP16: 46369 | AAQ16: 46370 | AAR16: 46371 | AAS16: 46372 | AAT16: 46373 | AAU16: 46374 | AAV16: 46375 | AAW16: 46376 | AAX16: 46377 | AAY16: 46378 | AAZ16: 46379 | ABA16: 46380 | ABB16: 46381 | ABC16: 46382 | ABD16: 46383 | ABE16: 46384 | ABF16: 46385 | ABG16: 46386 | ABH16: 46387 | ABI16: 46388 | ABJ16: 46389 | ABK16: 46390 | ABL16: 46391 | ABM16: 46392 | ABN16: 46393 | ABO16: 46394 | ABP16: 46395 | ABQ16: 46396 | ABR16: 46397 | ABS16: 46398 | ABT16: 46399 | ABU16: 46400 | ABV16: 46401 | ABW16: 46402 | ABX16: 46403 | ABY16: 46404 | ABZ16: 46405 | ACA16: 46406 | ACB16: 46407 | ACC16: 46408 | ACD16: 46409 | ACE16: 46410 | ACF16: 46411 | ACG16: 46412 | ACH16: 46413 | ACI16: 46414 | ACJ16: 46415 | ACK16: 46416 | ACL16: 46417 | ACM16: 46418 | ACN16: 46419 | ACO16: 46420 | ACP16: 46421 | ACQ16: 46422 | ACR16: 46423 | ACS16: 46424 | ACT16: 46425 | ACU16: 46426 | ACV16: 46427 | ACW16: 46428 | ACX16: 46429 | ACY16: 46430 | ACZ16: 46431 | ADA16: 46432 | ADB16: 46433 | ADC16: 46434 | ADD16: 46435 | ADE16: 46436 | ADF16: 46437 | ADG16: 46438 | ADH16: 46439 | ADI16: 46440 | ADJ16: 46441 | ADK16: 46442 | ADL16: 46443 | ADM16: 46444 | ADN16: 46445 | ADO16: 46446 | ADP16: 46447 | ADQ16: 46448 | ADR16: 46449 | ADS16: 46450 | ADT16: 46451 | ADU16: 46452 | ADV16: 46453 | ADW16: 46454 | ADX16: 46455 | ADY16: 46456 | ADZ16: 46457 | AEA16: 46458 | AEB16: 46459 | AEC16: 46460 | AED16: 46461 | AEE16: 46462 | AEF16: 46463 | AEG16: 46464 | AEH16: 46465 | AEI16: 46466 | AEJ16: 46467 | AEK16: 46468 | AEL16: 46469 | AEM16: 46470 | AEN16: 46471 | AEO16: 46472 | AEP16: 46473 | AEQ16: 46474 | AER16: 46475 | AES16: 46476 | AET16: 46477 | AEU16: 46478 | AEV16: 46479 | AEW16: 46480 | AEX16: 46481 | AEY16: 46482 | AEZ16: 46483 | AFA16: 46484 | AFB16: 46485 | AFC16: 46486 | AFD16: 46487 | AFE16: 46488 | AFF16: 46489 | AFG16: 46490 | AFH16: 46491 | AFI16: 46492 | AFJ16: 46493 | AFK16: 46494 | AFL16: 46495 | AFM16: 46496 | AFN16: 46497 | AFO16: 46498 | AFP16: 46499 | AFQ16: 46500 | AFR16: 46501 | AFS16: 46502 | AFT16: 46503 | AFU16: 46504 | AFV16: 46505 | AFW16: 46506 | AFX16: 46507 | AFY16: 46508 | AFZ16: 46509 | AGA16: 46510 | AGB16: 46511 | AGC16: 46512 | AGD16: 46513 | AGE16: 46514 | AGF16: 46515 | AGG16: 46516 | AGH16: 46517 | AGI16: 46518 | AGJ16: 46519 | AGK16: 46520 | AGL16: 46521 | AGM16: 46522 | AGN16: 46523 | AGO16: 46524 | AGP16: 46525 | AGQ16: 46526 | AGR16: 46527 | AGS16: 46528 | AGT16: 46529 | AGU16: 46530 | AGV16: 46531 | AGW16: 46532 | AGX16: 46533 | AGY16: 46534 | AGZ16: 46535 | AHA16: 46536 | AHB16: 46537 | AHC16: 46538 | AHD16: 46539 | AHE16: 46540 | AHF16: 46541 | AHG16: 46542 | AHH16: 46543 | AHI16: 46544 | AHJ16: 46545 | AHK16: 46546 | AHL16: 46547 | AHM16: 46548 | AHN16: 46549 | AHO16: 46550 | AHP16: 46551 | AHQ16: 46552 | AHR16: 46553 | AHS16: 46554 | AHT16: 46555 | AHU16: 46556 | AHV16: 46557 | AHW16: 46558 | AHX16: 46559 | AHY16: 46560 | AHZ16: 46561 | AIA16: 46562 | AIB16: 46563 | AIC16: 46564 | AID16: 46565 | AIE16: 46566 | AIF16: 46567 | AIG16: 46568 | AIH16: 46569 | AII16: 46570 | AIJ16: 46571 | AIK16: 46572 | AIL16: 46573 | AIM16: 46574 | AIN16: 46575 | AIO16: 46576 | AIP16: 46577 | AIQ16: 46578 | AIR16: 46579 | AIS16: 46580 | AIT16: 46581 | AIU16: 46582 | AIV16: 46583 | AIW16: 46584 | AIX16: 46585 | AIY16: 46586 | AIZ16: 46587 | AJA16: 46588 | AJB16: 46589 | AJC16: 46590 | AJD16: 46591 | AJE16: 46592 | AJF16: 46593 | AJG16: 46594 | AJH16: 46595 | AJI16: 46596 | AJJ16: 46597 | AJK16: 46598 | AJL16: 46599 | AJM16: 46600 | AJN16: 46601 | AJO16: 46602 | AJP16: 46603 | AJQ16: 46604 | AJR16: 46605 | AJS16: 46606 | AJT16: 46607 | AJU16: 46608 | AJV16: 46609 | AJW16: 46610 | AJX16: 46611 | AJY16: 46612 | AJZ16: 46613 | AKA16: 46614 | AKB16: 46615 | AKC16: 46616 | AKD16: 46617 | AKE16: 46618 | AKF16: 46619 | AKG16: 46620 | AKH16: 46621 | AKI16: 46622 | AKJ16: 46623 | AKK16: 46624 | AKL16: 46625 | AKM16: 46626 | AKN16: 46627 | AKO16: 46628 | AKP16: 46629 | AKQ16: 46630 | AKR16: 46631 | AKS16: 46632 | AKT16: 46633 | AKU16: 46634 | AKV16: 46635 | AKW16: 46636 | AKX16: 46637 | AKY16: 46638 | AKZ16: 46639 | ALA16: 46640 | ALB16: 46641 | ALC16: 46642 | ALD16: 46643 | ALE16: 46644 | ALF16: 46645 | ALG16: 46646 | ALH16: 46647 | ALI16: 46648 | ALJ16: 46649 | ALK16: 46650 | ALL16: 46651 | ALM16: 46652 | ALN16: 46653 | ALO16: 46654 | ALP16: 46655 | ALQ16: 46656 | ALR16: 46657 | ALS16: 46658 | ALT16: 46659 | ALU16: 46660 | ALV16: 46661 | ALW16: 46662 | ALX16: 46663 | ALY16: 46664 | ALZ16: 46665 | AMA16: 46666 | AMB16: 46667 | AMC16: 46668 | AMD16: 46669 | AME16: 46670 | AMF16: 46671 | AMG16: 46672 | AMH16: 46673 | AMI16: 46674 | AMJ16: 46675 | AMK16: 46676 | AML16: 46677 | AMM16: 46678 | AMN16: 46679 | AMO16: 46680 | AMP16: 46681 | AMQ16: 46682 | AMR16: 46683 | AMS16: 46684 | AMT16: 46685 | AMU16: 46686 | AMV16: 46687 | AMW16: 46688 | AMX16: 46689 | AMY16: 46690 | AMZ16: 46691 | ANA16: 46692 | ANB16: 46693 | ANC16: 46694 | AND16: 46695 | ANE16: 46696 | ANF16: 46697 | ANG16: 46698 | ANH16: 46699 | ANI16: 46700 | ANJ16: 46701 | ANK16: 46702 | ANL16: 46703 | ANM16: 46704 | ANN16: 46705 | ANO16: 46706 | ANP16: 46707 | ANQ16: 46708 | ANR16: 46709 | ANS16: 46710 | ANT16: 46711 | ANU16: 46712 | ANV16: 46713 | ANW16: 46714 | ANX16: 46715 | ANY16: 46716 | ANZ16: 46717 | AOA16: 46718 | AOB16: 46719 | AOC16: 46720 | AOD16: 46721 | AOE16: 46722 | AOF16: 46723 | AOG16: 46724 | AOH16: 46725 | AOI16: 46726 | AOJ16: 46727 | AOK16: 46728 | AOL16: 46729 | AOM16: 46730 | AON16: 46731 | AOO16: 46732 | AOP16: 46733 | AOQ16: 46734 | AOR16: 46735 | AOS16: 46736 | AOT16: 46737 | AOU16: 46738 | AOV16: 46739 | AOW16: 46740 | AOX16: 46741 | AOY16: 46742 | AOZ16: 46743 | APA16: 46744 | APB16: 46745 | APC16: 46746 | APD16: 46747 | APE16: 46748 | APF16: 46749 | APG16: 46750 | APH16: 46751 | API16: 46752 | APJ16: 46753 | APK16: 46754 | APL16: 46755 | APM16: 46756 | APN16: 46757 | APO16: 46758 | APP16: 46759 | APQ16: 46760 | APR16: 46761 | APS16: 46762 | APT16: 46763 | APU16: 46764 | APV16: 46765 | APW16: 46766 | APX16: 46767 | APY16: 46768 | APZ16: 46769 | AQA16: 46770 | AQB16: 46771 | AQC16: 46772 | AQD16: 46773 | AQE16: 46774 | AQF16: 46775 | AQG16: 46776 | AQH16: 46777 | AQI16: 46778 | AQJ16: 46779 | AQK16: 46780 | AQL16: 46781 | AQM16: 46782 | AQN16: 46783 | AQO16: 46784 | AQP16: 46785 | AQQ16: 46786 | AQR16: 46787 | AQS16: 46788 | AQT16: 46789 | AQU16: 46790 | AQV16: 46791 | AQW16: 46792 | AQX16: 46793 | AQY16: 46794 | AQZ16: 46795 | ARA16: 46796 | ARB16: 46797 | ARC16: 46798 | ARD16: 46799 | ARE16: 46800 | ARF16: 46801 | ARG16: 46802 | ARH16: 46803 | ARI16: 46804 | ARJ16: 46805 | ARK16: 46806 | ARL16: 46807 | ARM16: 46808 | ARN16: 46809 | ARO16: 46810 | ARP16: 46811 | ARQ16: 46812 | ARR16: 46813 | ARS16: 46814 | ART16: 46815 | ARU16: 46816 | ARV16: 46817 | ARW16: 46818 | ARX16: 46819 | ARY16: 46820 | ARZ16: 46821 | ASA16: 46822 | ASB16: 46823 | ASC16: 46824 | ASD16: 46825 | ASE16: 46826 | ASF16: 46827 | ASG16: 46828 | ASH16: 46829 | ASI16: 46830 | ASJ16: 46831 | ASK16: 46832 | ASL16: 46833 | ASM16: 46834 | ASN16: 46835 | ASO16: 46836 | ASP16: 46837 | ASQ16: 46838 | ASR16: 46839 | ASS16: 46840 | AST16: 46841 | ASU16: 46842 | ASV16: 46843 | ASW16: 46844 | ASX16: 46845 | ASY16: 46846 | ASZ16: 46847 | ATA16: 46848 | ATB16: 46849 | ATC16: 46850 | ATD16: 46851 | ATE16: 46852 | ATF16: 46853 | ATG16: 46854 | ATH16: 46855 | ATI16: 46856 | ATJ16: 46857 | ATK16: 46858 | ATL16: 46859 | ATM16: 46860 | ATN16: 46861 | ATO16: 46862 | ATP16: 46863 | ATQ16: 46864 | ATR16: 46865 | ATS16: 46866 | ATT16: 46867 | ATU16: 46868 | ATV16: 46869 | ATW16: 46870 | ATX16: 46871 | ATY16: 46872 | ATZ16: 46873 | AUA16: 46874 | AUB16: 46875 | AUC16: 46876 | AUD16: 46877 | AUE16: 46878 | AUF16: 46879 | AUG16: 46880 | AUH16: 46881 | AUI16: 46882 | AUJ16: 46883 | AUK16: 46884 | AUL16: 46885 | AUM16: 46886 | AUN16: 46887 | AUO16: 46888 | AUP16: 46889 | AUQ16: 46890 | AUR16: 46891 | AUS16: 46892 | AUT16: 46893 | AUU16: 46894 | AUV16: 46895 | AUW16: 46896 | AUX16: 46897 | AUY16: 46898 | AUZ16: 46899 | AVA16: 46900 | AVB16: 46901 | AVC16: 46902 | AVD16: 46903 | AVE16: 46904 | AVF16: 46905 | AVG16: 46906 | AVH16: 46907 | AVI16: 46908 | AVJ16: 46909 | AVK16: 46910 | AVL16: 46911 | AVM16: 46912 | AVN16: 46913 | AVO16: 46914 | AVP16: 46915 | AVQ16: 46916 | AVR16: 46917 | AVS16: 46918 | AVT16: 46919 | AVU16: 46920 | AVV16: 46921 | AVW16: 46922 | AVX16: 46923 | AVY16: 46924 | AVZ16: 46925 | AWA16: 46926 | AWB16: 46927 | AWC16: 46928 | AWD16: 46929 | AWE16: 46930 | AWF16: 46931 | AWG16: 46932 | AWH16: 46933 | AWI16: 46934 | AWJ16: 46935 | AWK16: 46936 | AWL16: 46937 | AWM16: 46938 | AWN16: 46939 | AWO16: 46940 | AWP16: 46941 | AWQ16: 46942 | AWR16: 46943 | AWS16: 46944 | AWT16: 46945 | AWU16: 46946 | AWV16: 46947 | AWW16: 46948 | AWX16: 46949 | AWY16: 46950 | AWZ16: 46951 | AXA16: 46952 | AXB16: 46953 | AXC16: 46954 | AXD16: 46955 | AXE16: 46956 | AXF16: 46957 | AXG16: 46958 | AXH16: 46959 | AXI16: 46960 | AXJ16: 46961 | AXK16: 46962 | AXL16: 46963 | AXM16: 46964 | AXN16: 46965 | AXO16: 46966 | AXP16: 46967 | AXQ16: 46968 | AXR16: 46969 | AXS16: 46970 | AXT16: 46971 | AXU16: 46972 | AXV16: 46973 | AXW16: 46974 | AXX16: 46975 | AXY16: 46976 | AXZ16: 46977 | AYA16: 46978 | AYB16: 46979 | AYC16: 46980 | AYD16: 46981 | AYE16: 46982 | AYF16: 46983 | AYG16: 46984 | AYH16: 46985 | AYI16: 46986 | AYJ16: 46987 | AYK16: 46988 | AYL16: 46989 | AYM16: 46990 | AYN16: 46991 | AYO16: 46992 | AYP16: 46993 | AYQ16: 46994 | AYR16: 46995 | AYS16: 46996 | AYT16: 46997 | AYU16: 46998 | AYV16: 46999 | AYW16: 47000 | AYX16: 47001 | AYY16: 47002 | AYZ16: 47003 | AZA16: 47004 | AZB16: 47005 | AZC16: 47006 | AZD16: 47007 | AZE16: 47008 | AZF16: 47009 | AZG16: 47010 | AZH16: 47011 | AZI16: 47012 | AZJ16: 47013 | AZK16: 47014 | AZL16: 47015 | AZM16: 47016 | AZN16: 47017 | AZO16: 47018 | AZP16: 47019 | AZQ16: 47020 | AZR16: 47021 | AZS16: 47022 | AZT16: 47023 | AZU16: 47024 | AZV16: 47025 | AZW16: 47026 | AZX16: 47027 | AZY16: 47028 | AZZ16: 47029 | BAA16: 47030 | BAB16: 47031 | BAC16: 47032 | BAD16: 47033 | BAE16: 47034 | BAF16: 47035 | BAG16: 47036 | BAH16: 47037 | BAI16: 47038 | BAJ16: 47039 | BAK16: 47040 | BAL16: 47041 | BAM16: 47042 | BAN16: 47043 | BAO16: 47044 | BAP16: 47045 | BAQ16: 47046 | BAR16: 47047 | BAS16: 47048 | BAT16: 47049 | BAU16: 47050 | BAV16: 47051 | BAW16: 47052 | BAX16: 47053 | BAY16: 47054 | BAZ16: 47055 | BBA16: 47056 | BBB16: 47057 | BBC16: 47058 | BBD16: 47059 | BBE16: 47060 | BBF16: 47061 | BBG16: 47062 | BBH16: 47063 | BBI16: 47064 | BBJ16: 47065 | BBK16: 47066 | BBL16: 47067 | BBM16: 47068 | BBN16: 47069 | BBO16: 47070 | BBP16: 47071 | BBQ16: 47072 | BBR16: 47073 | BBS16: 47074 | BBT16: 47075 | BBU16: 47076 | BBV16: 47077 | BBW16: 47078 | BBX16: 47079 | BBY16: 47080 | BBZ16: 47081 | BCA16: 47082 | BCB16: 47083 | BCC16: 47084 | BCD16: 47085 | BCE16: 47086 | BCF16: 47087 | BCG16: 47088 | BCH16: 47089 | BCI16: 47090 | BCJ16: 47091 | BCK16: 47092 | BCL16: 47093 | BCM16: 47094 | BCN16: 47095 | BCO16: 47096 | BCP16: 47097 | BCQ16: 47098 | BCR16: 47099 | BCS16: 47100 | BCT16: 47101 | BCU16: 47102 | BCV16: 47103 | BCW16: 47104 | BCX16: 47105 | BCY16: 47106 | BCZ16: 47107 | BDA16: 47108 | BDB16: 47109 | BDC16: 47110 | BDD16: 47111 | BDE16: 47112 | BDF16: 47113 | BDG16: 47114 | BDH16: 47115 | BDI16: 47116 | BDJ16: 47117
B18: 5 | C18: MINISTERIO DE SALUD | D18: 60 | E18: =F16+1 -> 45809 | F18: =E18+D18 -> 45869 | G18: 45658 | H18: 45659 | I18: 45660 | J18: 45661 | K18: 45662 | L18: 45663 | M18: 45664 | N18: 45665 | O18: 45666 | P18: 45667 | Q18: 45668 | R18: 45669 | S18: 45670 | T18: 45671 | U18: 45672 | V18: 45673 | W18: 45674 | X18: 45675 | Y18: 45676 | Z18: 45677 | AA18: 45678 | AB18: 45679 | AC18: 45680 | AD18: 45681 | AE18: 45682 | AF18: 45683 | AG18: 45684 | AH18: 45685 | AI18: 45686 | AJ18: 45687 | AK18: 45688 | AL18: 45689 | AM18: 45690 | AN18: 45691 | AO18: 45692 | AP18: 45693 | AQ18: 45694 | AR18: 45695 | AS18: 45696 | AT18: 45697 | AU18: 45698 | AV18: 45699 | AW18: 45700 | AX18: 45701 | AY18: 45702 | AZ18: 45703 | BA18: 45704 | BB18: 45705 | BC18: 45706 | BD18: 45707 | BE18: 45708 | BF18: 45709 | BG18: 45710 | BH18: 45711 | BI18: 45712 | BJ18: 45713 | BK18: 45714 | BL18: 45715 | BM18: 45716 | BN18: 45717 | BO18: 45718 | BP18: 45719 | BQ18: 45720 | BR18: 45721 | BS18: 45722 | BT18: 45723 | BU18: 45724 | BV18: 45725 | BW18: 45726 | BX18: 45727 | BY18: 45728 | BZ18: 45729 | CA18: 45730 | CB18: 45731 | CC18: 45732 | CD18: 45733 | CE18: 45734 | CF18: 45735 | CG18: 45736 | CH18: 45737 | CI18: 45738 | CJ18: 45739 | CK18: 45740 | CL18: 45741 | CM18: 45742 | CN18: 45743 | CO18: 45744 | CP18: 45745 | CQ18: 45746 | CR18: 45747 | CS18: 45748 | CT18: 45749 | CU18: 45750 | CV18: 45751 | CW18: 45752 | CX18: 45753 | CY18: 45754 | CZ18: 45755 | DA18: 45756 | DB18: 45757 | DC18: 45758 | DD18: 45759 | DE18: 45760 | DF18: 45761 | DG18: 45762 | DH18: 45763 | DI18: 45764 | DJ18: 45765 | DK18: 45766 | DL18: 45767 | DM18: 45768 | DN18: 45769 | DO18: 45770 | DP18: 45771 | DQ18: 45772 | DR18: 45773 | DS18: 45774 | DT18: 45775 | DU18: 45776 | DV18: 45777 | DW18: 45778 | DX18: 45779 | DY18: 45780 | DZ18: 45781 | EA18: 45782 | EB18: 45783 | EC18: 45784 | ED18: 45785 | EE18: 45786 | EF18: 45787 | EG18: 45788 | EH18: 45789 | EI18: 45790 | EJ18: 45791 | EK18: 45792 | EL18: 45793 | EM18: 45794 | EN18: 45795 | EO18: 45796 | EP18: 45797 | EQ18: 45798 | ER18: 45799 | ES18: 45800 | ET18: 45801 | EU18: 45802 | EV18: 45803 | EW18: 45804 | EX18: 45805 | EY18: 45806 | EZ18: 45807 | FA18: 45808 | FB18: 45809 | FC18: 45810 | FD18: 45811 | FE18: 45812 | FF18: 45813 | FG18: 45814 | FH18: 45815 | FI18: 45816 | FJ18: 45817 | FK18: 45818 | FL18: 45819 | FM18: 45820 | FN18: 45821 | FO18: 45822 | FP18: 45823 | FQ18: 45824 | FR18: 45825 | FS18: 45826 | FT18: 45827 | FU18: 45828 | FV18: 45829 | FW18: 45830 | FX18: 45831 | FY18: 45832 | FZ18: 45833 | GA18: 45834 | GB18: 45835 | GC18: 45836 | GD18: 45837 | GE18: 45838 | GF18: 45839 | GG18: 45840 | GH18: 45841 | GI18: 45842 | GJ18: 45843 | GK18: 45844 | GL18: 45845 | GM18: 45846 | GN18: 45847 | GO18: 45848 | GP18: 45849 | GQ18: 45850 | GR18: 45851 | GS18: 45852 | GT18: 45853 | GU18: 45854 | GV18: 45855 | GW18: 45856 | GX18: 45857 | GY18: 45858 | GZ18: 45859 | HA18: 45860 | HB18: 45861 | HC18: 45862 | HD18: 45863 | HE18: 45864 | HF18: 45865 | HG18: 45866 | HH18: 45867 | HI18: 45868 | HJ18: 45869 | HK18: 45870 | HL18: 45871 | HM18: 45872 | HN18: 45873 | HO18: 45874 | HP18: 45875 | HQ18: 45876 | HR18: 45877 | HS18: 45878 | HT18: 45879 | HU18: 45880 | HV18: 45881 | HW18: 45882 | HX18: 45883 | HY18: 45884 | HZ18: 45885 | IA18: 45886 | IB18: 45887 | IC18: 45888 | ID18: 45889 | IE18: 45890 | IF18: 45891 | IG18: 45892 | IH18: 45893 | II18: 45894 | IJ18: 45895 | IK18: 45896 | IL18: 45897 | IM18: 45898 | IN18: 45899 | IO18: 45900 | IP18: 45901 | IQ18: 45902 | IR18: 45903 | IS18: 45904 | IT18: 45905 | IU18: 45906 | IV18: 45907 | IW18: 45908 | IX18: 45909 | IY18: 45910 | IZ18: 45911 | JA18: 45912 | JB18: 45913 | JC18: 45914 | JD18: 45915 | JE18: 45916 | JF18: 45917 | JG18: 45918 | JH18: 45919 | JI18: 45920 | JJ18: 45921 | JK18: 45922 | JL18: 45923 | JM18: 45924 | JN18: 45925 | JO18: 45926 | JP18: 45927 | JQ18: 45928 | JR18: 45929 | JS18: 45930 | JT18: 45931 | JU18: 45932 | JV18: 45933 | JW18: 45934 | JX18: 45935 | JY18: 45936 | JZ18: 45937 | KA18: 45938 | KB18: 45939 | KC18: 45940 | KD18: 45941 | KE18: 45942 | KF18: 45943 | KG18: 45944 | KH18: 45945 | KI18: 45946 | KJ18: 45947 | KK18: 45948 | KL18: 45949 | KM18: 45950 | KN18: 45951 | KO18: 45952 | KP18: 45953 | KQ18: 45954 | KR18: 45955 | KS18: 45956 | KT18: 45957 | KU18: 45958 | KV18: 45959 | KW18: 45960 | KX18: 45961 | KY18: 45962 | KZ18: 45963 | LA18: 45964 | LB18: 45965 | LC18: 45966 | LD18: 45967 | LE18: 45968 | LF18: 45969 | LG18: 45970 | LH18: 45971 | LI18: 45972 | LJ18: 45973 | LK18: 45974 | LL18: 45975 | LM18: 45976 | LN18: 45977 | LO18: 45978 | LP18: 45979 | LQ18: 45980 | LR18: 45981 | LS18: 45982 | LT18: 45983 | LU18: 45984 | LV18: 45985 | LW18: 45986 | LX18: 45987 | LY18: 45988 | LZ18: 45989 | MA18: 45990 | MB18: 45991 | MC18: 45992 | MD18: 45993 | ME18: 45994 | MF18: 45995 | MG18: 45996 | MH18: 45997 | MI18: 45998 | MJ18: 45999 | MK18: 46000 | ML18: 46001 | MM18: 46002 | MN18: 46003 | MO18: 46004 | MP18: 46005 | MQ18: 46006 | MR18: 46007 | MS18: 46008 | MT18: 46009 | MU18: 46010 | MV18: 46011 | MW18: 46012 | MX18: 46013 | MY18: 46014 | MZ18: 46015 | NA18: 46016 | NB18: 46017 | NC18: 46018 | ND18: 46019 | NE18: 46020 | NF18: 46021 | NG18: 46022 | NH18: 46023 | NI18: 46024 | NJ18: 46025 | NK18: 46026 | NL18: 46027 | NM18: 46028 | NN18: 46029 | NO18: 46030 | NP18: 46031 | NQ18: 46032 | NR18: 46033 | NS18: 46034 | NT18: 46035 | NU18: 46036 | NV18: 46037 | NW18: 46038 | NX18: 46039 | NY18: 46040 | NZ18: 46041 | OA18: 46042 | OB18: 46043 | OC18: 46044 | OD18: 46045 | OE18: 46046 | OF18: 46047 | OG18: 46048 | OH18: 46049 | OI18: 46050 | OJ18: 46051 | OK18: 46052 | OL18: 46053 | OM18: 46054 | ON18: 46055 | OO18: 46056 | OP18: 46057 | OQ18: 46058 | OR18: 46059 | OS18: 46060 | OT18: 46061 | OU18: 46062 | OV18: 46063 | OW18: 46064 | OX18: 46065 | OY18: 46066 | OZ18: 46067 | PA18: 46068 | PB18: 46069 | PC18: 46070 | PD18: 46071 | PE18: 46072 | PF18: 46073 | PG18: 46074 | PH18: 46075 | PI18: 46076 | PJ18: 46077 | PK18: 46078 | PL18: 46079 | PM18: 46080 | PN18: 46081 | PO18: 46082 | PP18: 46083 | PQ18: 46084 | PR18: 46085 | PS18: 46086 | PT18: 46087 | PU18: 46088 | PV18: 46089 | PW18: 46090 | PX18: 46091 | PY18: 46092 | PZ18: 46093 | QA18: 46094 | QB18: 46095 | QC18: 46096 | QD18: 46097 | QE18: 46098 | QF18: 46099 | QG18: 46100 | QH18: 46101 | QI18: 46102 | QJ18: 46103 | QK18: 46104 | QL18: 46105 | QM18: 46106 | QN18: 46107 | QO18: 46108 | QP18: 46109 | QQ18: 46110 | QR18: 46111 | QS18: 46112 | QT18: 46113 | QU18: 46114 | QV18: 46115 | QW18: 46116 | QX18: 46117 | QY18: 46118 | QZ18: 46119 | RA18: 46120 | RB18: 46121 | RC18: 46122 | RD18: 46123 | RE18: 46124 | RF18: 46125 | RG18: 46126 | RH18: 46127 | RI18: 46128 | RJ18: 46129 | RK18: 46130 | RL18: 46131 | RM18: 46132 | RN18: 46133 | RO18: 46134 | RP18: 46135 | RQ18: 46136 | RR18: 46137 | RS18: 46138 | RT18: 46139 | RU18: 46140 | RV18: 46141 | RW18: 46142 | RX18: 46143 | RY18: 46144 | RZ18: 46145 | SA18: 46146 | SB18: 46147 | SC18: 46148 | SD18: 46149 | SE18: 46150 | SF18: 46151 | SG18: 46152 | SH18: 46153 | SI18: 46154 | SJ18: 46155 | SK18: 46156 | SL18: 46157 | SM18: 46158 | SN18: 46159 | SO18: 46160 | SP18: 46161 | SQ18: 46162 | SR18: 46163 | SS18: 46164 | ST18: 46165 | SU18: 46166 | SV18: 46167 | SW18: 46168 | SX18: 46169 | SY18: 46170 | SZ18: 46171 | TA18: 46172 | TB18: 46173 | TC18: 46174 | TD18: 46175 | TE18: 46176 | TF18: 46177 | TG18: 46178 | TH18: 46179 | TI18: 46180 | TJ18: 46181 | TK18: 46182 | TL18: 46183 | TM18: 46184 | TN18: 46185 | TO18: 46186 | TP18: 46187 | TQ18: 46188 | TR18: 46189 | TS18: 46190 | TT18: 46191 | TU18: 46192 | TV18: 46193 | TW18: 46194 | TX18: 46195 | TY18: 46196 | TZ18: 46197 | UA18: 46198 | UB18: 46199 | UC18: 46200 | UD18: 46201 | UE18: 46202 | UF18: 46203 | UG18: 46204 | UH18: 46205 | UI18: 46206 | UJ18: 46207 | UK18: 46208 | UL18: 46209 | UM18: 46210 | UN18: 46211 | UO18: 46212 | UP18: 46213 | UQ18: 46214 | UR18: 46215 | US18: 46216 | UT18: 46217 | UU18: 46218 | UV18: 46219 | UW18: 46220 | UX18: 46221 | UY18: 46222 | UZ18: 46223 | VA18: 46224 | VB18: 46225 | VC18: 46226 | VD18: 46227 | VE18: 46228 | VF18: 46229 | VG18: 46230 | VH18: 46231 | VI18: 46232 | VJ18: 46233 | VK18: 46234 | VL18: 46235 | VM18: 46236 | VN18: 46237 | VO18: 46238 | VP18: 46239 | VQ18: 46240 | VR18: 46241 | VS18: 46242 | VT18: 46243 | VU18: 46244 | VV18: 46245 | VW18: 46246 | VX18: 46247 | VY18: 46248 | VZ18: 46249 | WA18: 46250 | WB18: 46251 | WC18: 46252 | WD18: 46253 | WE18: 46254 | WF18: 46255 | WG18: 46256 | WH18: 46257 | WI18: 46258 | WJ18: 46259 | WK18: 46260 | WL18: 46261 | WM18: 46262 | WN18: 46263 | WO18: 46264 | WP18: 46265 | WQ18: 46266 | WR18: 46267 | WS18: 46268 | WT18: 46269 | WU18: 46270 | WV18: 46271 | WW18: 46272 | WX18: 46273 | WY18: 46274 | WZ18: 46275 | XA18: 46276 | XB18: 46277 | XC18: 46278 | XD18: 46279 | XE18: 46280 | XF18: 46281 | XG18: 46282 | XH18: 46283 | XI18: 46284 | XJ18: 46285 | XK18: 46286 | XL18: 46287 | XM18: 46288 | XN18: 46289 | XO18: 46290 | XP18: 46291 | XQ18: 46292 | XR18: 46293 | XS18: 46294 | XT18: 46295 | XU18: 46296 | XV18: 46297 | XW18: 46298 | XX18: 46299 | XY18: 46300 | XZ18: 46301 | YA18: 46302 | YB18: 46303 | YC18: 46304 | YD18: 46305 | YE18: 46306 | YF18: 46307 | YG18: 46308 | YH18: 46309 | YI18: 46310 | YJ18: 46311 | YK18: 46312 | YL18: 46313 | YM18: 46314 | YN18: 46315 | YO18: 46316 | YP18: 46317 | YQ18: 46318 | YR18: 46319 | YS18: 46320 | YT18: 46321 | YU18: 46322 | YV18: 46323 | YW18: 46324 | YX18: 46325 | YY18: 46326 | YZ18: 46327 | ZA18: 46328 | ZB18: 46329 | ZC18: 46330 | ZD18: 46331 | ZE18: 46332 | ZF18: 46333 | ZG18: 46334 | ZH18: 46335 | ZI18: 46336 | ZJ18: 46337 | ZK18: 46338 | ZL18: 46339 | ZM18: 46340 | ZN18: 46341 | ZO18: 46342 | ZP18: 46343 | ZQ18: 46344 | ZR18: 46345 | ZS18: 46346 | ZT18: 46347 | ZU18: 46348 | ZV18: 46349 | ZW18: 46350 | ZX18: 46351 | ZY18: 46352 | ZZ18: 46353 | AAA18: 46354 | AAB18: 46355 | AAC18: 46356 | AAD18: 46357 | AAE18: 46358 | AAF18: 46359 | AAG18: 46360 | AAH18: 46361 | AAI18: 46362 | AAJ18: 46363 | AAK18: 46364 | AAL18: 46365 | AAM18: 46366 | AAN18: 46367 | AAO18: 46368 | AAP18: 46369 | AAQ18: 46370 | AAR18: 46371 | AAS18: 46372 | AAT18: 46373 | AAU18: 46374 | AAV18: 46375 | AAW18: 46376 | AAX18: 46377 | AAY18: 46378 | AAZ18: 46379 | ABA18: 46380 | ABB18: 46381 | ABC18: 46382 | ABD18: 46383 | ABE18: 46384 | ABF18: 46385 | ABG18: 46386 | ABH18: 46387 | ABI18: 46388 | ABJ18: 46389 | ABK18: 46390 | ABL18: 46391 | ABM18: 46392 | ABN18: 46393 | ABO18: 46394 | ABP18: 46395 | ABQ18: 46396 | ABR18: 46397 | ABS18: 46398 | ABT18: 46399 | ABU18: 46400 | ABV18: 46401 | ABW18: 46402 | ABX18: 46403 | ABY18: 46404 | ABZ18: 46405 | ACA18: 46406 | ACB18: 46407 | ACC18: 46408 | ACD18: 46409 | ACE18: 46410 | ACF18: 46411 | ACG18: 46412 | ACH18: 46413 | ACI18: 46414 | ACJ18: 46415 | ACK18: 46416 | ACL18: 46417 | ACM18: 46418 | ACN18: 46419 | ACO18: 46420 | ACP18: 46421 | ACQ18: 46422 | ACR18: 46423 | ACS18: 46424 | ACT18: 46425 | ACU18: 46426 | ACV18: 46427 | ACW18: 46428 | ACX18: 46429 | ACY18: 46430 | ACZ18: 46431 | ADA18: 46432 | ADB18: 46433 | ADC18: 46434 | ADD18: 46435 | ADE18: 46436 | ADF18: 46437 | ADG18: 46438 | ADH18: 46439 | ADI18: 46440 | ADJ18: 46441 | ADK18: 46442 | ADL18: 46443 | ADM18: 46444 | ADN18: 46445 | ADO18: 46446 | ADP18: 46447 | ADQ18: 46448 | ADR18: 46449 | ADS18: 46450 | ADT18: 46451 | ADU18: 46452 | ADV18: 46453 | ADW18: 46454 | ADX18: 46455 | ADY18: 46456 | ADZ18: 46457 | AEA18: 46458 | AEB18: 46459 | AEC18: 46460 | AED18: 46461 | AEE18: 46462 | AEF18: 46463 | AEG18: 46464 | AEH18: 46465 | AEI18: 46466 | AEJ18: 46467 | AEK18: 46468 | AEL18: 46469 | AEM18: 46470 | AEN18: 46471 | AEO18: 46472 | AEP18: 46473 | AEQ18: 46474 | AER18: 46475 | AES18: 46476 | AET18: 46477 | AEU18: 46478 | AEV18: 46479 | AEW18: 46480 | AEX18: 46481 | AEY18: 46482 | AEZ18: 46483 | AFA18: 46484 | AFB18: 46485 | AFC18: 46486 | AFD18: 46487 | AFE18: 46488 | AFF18: 46489 | AFG18: 46490 | AFH18: 46491 | AFI18: 46492 | AFJ18: 46493 | AFK18: 46494 | AFL18: 46495 | AFM18: 46496 | AFN18: 46497 | AFO18: 46498 | AFP18: 46499 | AFQ18: 46500 | AFR18: 46501 | AFS18: 46502 | AFT18: 46503 | AFU18: 46504 | AFV18: 46505 | AFW18: 46506 | AFX18: 46507 | AFY18: 46508 | AFZ18: 46509 | AGA18: 46510 | AGB18: 46511 | AGC18: 46512 | AGD18: 46513 | AGE18: 46514 | AGF18: 46515 | AGG18: 46516 | AGH18: 46517 | AGI18: 46518 | AGJ18: 46519 | AGK18: 46520 | AGL18: 46521 | AGM18: 46522 | AGN18: 46523 | AGO18: 46524 | AGP18: 46525 | AGQ18: 46526 | AGR18: 46527 | AGS18: 46528 | AGT18: 46529 | AGU18: 46530 | AGV18: 46531 | AGW18: 46532 | AGX18: 46533 | AGY18: 46534 | AGZ18: 46535 | AHA18: 46536 | AHB18: 46537 | AHC18: 46538 | AHD18: 46539 | AHE18: 46540 | AHF18: 46541 | AHG18: 46542 | AHH18: 46543 | AHI18: 46544 | AHJ18: 46545 | AHK18: 46546 | AHL18: 46547 | AHM18: 46548 | AHN18: 46549 | AHO18: 46550 | AHP18: 46551 | AHQ18: 46552 | AHR18: 46553 | AHS18: 46554 | AHT18: 46555 | AHU18: 46556 | AHV18: 46557 | AHW18: 46558 | AHX18: 46559 | AHY18: 46560 | AHZ18: 46561 | AIA18: 46562 | AIB18: 46563 | AIC18: 46564 | AID18: 46565 | AIE18: 46566 | AIF18: 46567 | AIG18: 46568 | AIH18: 46569 | AII18: 46570 | AIJ18: 46571 | AIK18: 46572 | AIL18: 46573 | AIM18: 46574 | AIN18: 46575 | AIO18: 46576 | AIP18: 46577 | AIQ18: 46578 | AIR18: 46579 | AIS18: 46580 | AIT18: 46581 | AIU18: 46582 | AIV18: 46583 | AIW18: 46584 | AIX18: 46585 | AIY18: 46586 | AIZ18: 46587 | AJA18: 46588 | AJB18: 46589 | AJC18: 46590 | AJD18: 46591 | AJE18: 46592 | AJF18: 46593 | AJG18: 46594 | AJH18: 46595 | AJI18: 46596 | AJJ18: 46597 | AJK18: 46598 | AJL18: 46599 | AJM18: 46600 | AJN18: 46601 | AJO18: 46602 | AJP18: 46603 | AJQ18: 46604 | AJR18: 46605 | AJS18: 46606 | AJT18: 46607 | AJU18: 46608 | AJV18: 46609 | AJW18: 46610 | AJX18: 46611 | AJY18: 46612 | AJZ18: 46613 | AKA18: 46614 | AKB18: 46615 | AKC18: 46616 | AKD18: 46617 | AKE18: 46618 | AKF18: 46619 | AKG18: 46620 | AKH18: 46621 | AKI18: 46622 | AKJ18: 46623 | AKK18: 46624 | AKL18: 46625 | AKM18: 46626 | AKN18: 46627 | AKO18: 46628 | AKP18: 46629 | AKQ18: 46630 | AKR18: 46631 | AKS18: 46632 | AKT18: 46633 | AKU18: 46634 | AKV18: 46635 | AKW18: 46636 | AKX18: 46637 | AKY18: 46638 | AKZ18: 46639 | ALA18: 46640 | ALB18: 46641 | ALC18: 46642 | ALD18: 46643 | ALE18: 46644 | ALF18: 46645 | ALG18: 46646 | ALH18: 46647 | ALI18: 46648 | ALJ18: 46649 | ALK18: 46650 | ALL18: 46651 | ALM18: 46652 | ALN18: 46653 | ALO18: 46654 | ALP18: 46655 | ALQ18: 46656 | ALR18: 46657 | ALS18: 46658 | ALT18: 46659 | ALU18: 46660 | ALV18: 46661 | ALW18: 46662 | ALX18: 46663 | ALY18: 46664 | ALZ18: 46665 | AMA18: 46666 | AMB18: 46667 | AMC18: 46668 | AMD18: 46669 | AME18: 46670 | AMF18: 46671 | AMG18: 46672 | AMH18: 46673 | AMI18: 46674 | AMJ18: 46675 | AMK18: 46676 | AML18: 46677 | AMM18: 46678 | AMN18: 46679 | AMO18: 46680 | AMP18: 46681 | AMQ18: 46682 | AMR18: 46683 | AMS18: 46684 | AMT18: 46685 | AMU18: 46686 | AMV18: 46687 | AMW18: 46688 | AMX18: 46689 | AMY18: 46690 | AMZ18: 46691 | ANA18: 46692 | ANB18: 46693 | ANC18: 46694 | AND18: 46695 | ANE18: 46696 | ANF18: 46697 | ANG18: 46698 | ANH18: 46699 | ANI18: 46700 | ANJ18: 46701 | ANK18: 46702 | ANL18: 46703 | ANM18: 46704 | ANN18: 46705 | ANO18: 46706 | ANP18: 46707 | ANQ18: 46708 | ANR18: 46709 | ANS18: 46710 | ANT18: 46711 | ANU18: 46712 | ANV18: 46713 | ANW18: 46714 | ANX18: 46715 | ANY18: 46716 | ANZ18: 46717 | AOA18: 46718 | AOB18: 46719 | AOC18: 46720 | AOD18: 46721 | AOE18: 46722 | AOF18: 46723 | AOG18: 46724 | AOH18: 46725 | AOI18: 46726 | AOJ18: 46727 | AOK18: 46728 | AOL18: 46729 | AOM18: 46730 | AON18: 46731 | AOO18: 46732 | AOP18: 46733 | AOQ18: 46734 | AOR18: 46735 | AOS18: 46736 | AOT18: 46737 | AOU18: 46738 | AOV18: 46739 | AOW18: 46740 | AOX18: 46741 | AOY18: 46742 | AOZ18: 46743 | APA18: 46744 | APB18: 46745 | APC18: 46746 | APD18: 46747 | APE18: 46748 | APF18: 46749 | APG18: 46750 | APH18: 46751 | API18: 46752 | APJ18: 46753 | APK18: 46754 | APL18: 46755 | APM18: 46756 | APN18: 46757 | APO18: 46758 | APP18: 46759 | APQ18: 46760 | APR18: 46761 | APS18: 46762 | APT18: 46763 | APU18: 46764 | APV18: 46765 | APW18: 46766 | APX18: 46767 | APY18: 46768 | APZ18: 46769 | AQA18: 46770 | AQB18: 46771 | AQC18: 46772 | AQD18: 46773 | AQE18: 46774 | AQF18: 46775 | AQG18: 46776 | AQH18: 46777 | AQI18: 46778 | AQJ18: 46779 | AQK18: 46780 | AQL18: 46781 | AQM18: 46782 | AQN18: 46783 | AQO18: 46784 | AQP18: 46785 | AQQ18: 46786 | AQR18: 46787 | AQS18: 46788 | AQT18: 46789 | AQU18: 46790 | AQV18: 46791 | AQW18: 46792 | AQX18: 46793 | AQY18: 46794 | AQZ18: 46795 | ARA18: 46796 | ARB18: 46797 | ARC18: 46798 | ARD18: 46799 | ARE18: 46800 | ARF18: 46801 | ARG18: 46802 | ARH18: 46803 | ARI18: 46804 | ARJ18: 46805 | ARK18: 46806 | ARL18: 46807 | ARM18: 46808 | ARN18: 46809 | ARO18: 46810 | ARP18: 46811 | ARQ18: 46812 | ARR18: 46813 | ARS18: 46814 | ART18: 46815 | ARU18: 46816 | ARV18: 46817 | ARW18: 46818 | ARX18: 46819 | ARY18: 46820 | ARZ18: 46821 | ASA18: 46822 | ASB18: 46823 | ASC18: 46824 | ASD18: 46825 | ASE18: 46826 | ASF18: 46827 | ASG18: 46828 | ASH18: 46829 | ASI18: 46830 | ASJ18: 46831 | ASK18: 46832 | ASL18: 46833 | ASM18: 46834 | ASN18: 46835 | ASO18: 46836 | ASP18: 46837 | ASQ18: 46838 | ASR18: 46839 | ASS18: 46840 | AST18: 46841 | ASU18: 46842 | ASV18: 46843 | ASW18: 46844 | ASX18: 46845 | ASY18: 46846 | ASZ18: 46847 | ATA18: 46848 | ATB18: 46849 | ATC18: 46850 | ATD18: 46851 | ATE18: 46852 | ATF18: 46853 | ATG18: 46854 | ATH18: 46855 | ATI18: 46856 | ATJ18: 46857 | ATK18: 46858 | ATL18: 46859 | ATM18: 46860 | ATN18: 46861 | ATO18: 46862 | ATP18: 46863 | ATQ18: 46864 | ATR18: 46865 | ATS18: 46866 | ATT18: 46867 | ATU18: 46868 | ATV18: 46869 | ATW18: 46870 | ATX18: 46871 | ATY18: 46872 | ATZ18: 46873 | AUA18: 46874 | AUB18: 46875 | AUC18: 46876 | AUD18: 46877 | AUE18: 46878 | AUF18: 46879 | AUG18: 46880 | AUH18: 46881 | AUI18: 46882 | AUJ18: 46883 | AUK18: 46884 | AUL18: 46885 | AUM18: 46886 | AUN18: 46887 | AUO18: 46888 | AUP18: 46889 | AUQ18: 46890 | AUR18: 46891 | AUS18: 46892 | AUT18: 46893 | AUU18: 46894 | AUV18: 46895 | AUW18: 46896 | AUX18: 46897 | AUY18: 46898 | AUZ18: 46899 | AVA18: 46900 | AVB18: 46901 | AVC18: 46902 | AVD18: 46903 | AVE18: 46904 | AVF18: 46905 | AVG18: 46906 | AVH18: 46907 | AVI18: 46908 | AVJ18: 46909 | AVK18: 46910 | AVL18: 46911 | AVM18: 46912 | AVN18: 46913 | AVO18: 46914 | AVP18: 46915 | AVQ18: 46916 | AVR18: 46917 | AVS18: 46918 | AVT18: 46919 | AVU18: 46920 | AVV18: 46921 | AVW18: 46922 | AVX18: 46923 | AVY18: 46924 | AVZ18: 46925 | AWA18: 46926 | AWB18: 46927 | AWC18: 46928 | AWD18: 46929 | AWE18: 46930 | AWF18: 46931 | AWG18: 46932 | AWH18: 46933 | AWI18: 46934 | AWJ18: 46935 | AWK18: 46936 | AWL18: 46937 | AWM18: 46938 | AWN18: 46939 | AWO18: 46940 | AWP18: 46941 | AWQ18: 46942 | AWR18: 46943 | AWS18: 46944 | AWT18: 46945 | AWU18: 46946 | AWV18: 46947 | AWW18: 46948 | AWX18: 46949 | AWY18: 46950 | AWZ18: 46951 | AXA18: 46952 | AXB18: 46953 | AXC18: 46954 | AXD18: 46955 | AXE18: 46956 | AXF18: 46957 | AXG18: 46958 | AXH18: 46959 | AXI18: 46960 | AXJ18: 46961 | AXK18: 46962 | AXL18: 46963 | AXM18: 46964 | AXN18: 46965 | AXO18: 46966 | AXP18: 46967 | AXQ18: 46968 | AXR18: 46969 | AXS18: 46970 | AXT18: 46971 | AXU18: 46972 | AXV18: 46973 | AXW18: 46974 | AXX18: 46975 | AXY18: 46976 | AXZ18: 46977 | AYA18: 46978 | AYB18: 46979 | AYC18: 46980 | AYD18: 46981 | AYE18: 46982 | AYF18: 46983 | AYG18: 46984 | AYH18: 46985 | AYI18: 46986 | AYJ18: 46987 | AYK18: 46988 | AYL18: 46989 | AYM18: 46990 | AYN18: 46991 | AYO18: 46992 | AYP18: 46993 | AYQ18: 46994 | AYR18: 46995 | AYS18: 46996 | AYT18: 46997 | AYU18: 46998 | AYV18: 46999 | AYW18: 47000 | AYX18: 47001 | AYY18: 47002 | AYZ18: 47003 | AZA18: 47004 | AZB18: 47005 | AZC18: 47006 | AZD18: 47007 | AZE18: 47008 | AZF18: 47009 | AZG18: 47010 | AZH18: 47011 | AZI18: 47012 | AZJ18: 47013 | AZK18: 47014 | AZL18: 47015 | AZM18: 47016 | AZN18: 47017 | AZO18: 47018 | AZP18: 47019 | AZQ18: 47020 | AZR18: 47021 | AZS18: 47022 | AZT18: 47023 | AZU18: 47024 | AZV18: 47025 | AZW18: 47026 | AZX18: 47027 | AZY18: 47028 | AZZ18: 47029 | BAA18: 47030 | BAB18: 47031 | BAC18: 47032 | BAD18: 47033 | BAE18: 47034 | BAF18: 47035 | BAG18: 47036 | BAH18: 47037 | BAI18: 47038 | BAJ18: 47039 | BAK18: 47040 | BAL18: 47041 | BAM18: 47042 | BAN18: 47043 | BAO18: 47044 | BAP18: 47045 | BAQ18: 47046 | BAR18: 47047 | BAS18: 47048 | BAT18: 47049 | BAU18: 47050 | BAV18: 47051 | BAW18: 47052 | BAX18: 47053 | BAY18: 47054 | BAZ18: 47055 | BBA18: 47056 | BBB18: 47057 | BBC18: 47058 | BBD18: 47059 | BBE18: 47060 | BBF18: 47061 | BBG18: 47062 | BBH18: 47063 | BBI18: 47064 | BBJ18: 47065 | BBK18: 47066 | BBL18: 47067 | BBM18: 47068 | BBN18: 47069 | BBO18: 47070 | BBP18: 47071 | BBQ18: 47072 | BBR18: 47073 | BBS18: 47074 | BBT18: 47075 | BBU18: 47076 | BBV18: 47077 | BBW18: 47078 | BBX18: 47079 | BBY18: 47080 | BBZ18: 47081 | BCA18: 47082 | BCB18: 47083 | BCC18: 47084 | BCD18: 47085 | BCE18: 47086 | BCF18: 47087 | BCG18: 47088 | BCH18: 47089 | BCI18: 47090 | BCJ18: 47091 | BCK18: 47092 | BCL18: 47093 | BCM18: 47094 | BCN18: 47095 | BCO18: 47096 | BCP18: 47097 | BCQ18: 47098 | BCR18: 47099 | BCS18: 47100 | BCT18: 47101 | BCU18: 47102 | BCV18: 47103 | BCW18: 47104 | BCX18: 47105 | BCY18: 47106 | BCZ18: 47107 | BDA18: 47108 | BDB18: 47109 | BDC18: 47110 | BDD18: 47111 | BDE18: 47112 | BDF18: 47113 | BDG18: 47114 | BDH18: 47115 | BDI18: 47116 | BDJ18: 47117 | BDK18: 47118
C20: ESTRUCTURACION ESTUDIOS PREVIOS - CALIBRACIÓN DISEÑOS TEC. | D20: 30 | E20: 45717 | F20: =E20+D20-1 -> 45746 | G20: 45658 | H20: 45659 | I20: 45660 | J20: 45661 | K20: 45662 | L20: 45663 | M20: 45664 | N20: 45665 | O20: 45666 | P20: 45667 | Q20: 45668 | R20: 45669 | S20: 45670 | T20: 45671 | U20: 45672 | V20: 45673 | W20: 45674 | X20: 45675 | Y20: 45676 | Z20: 45677 | AA20: 45678 | AB20: 45679 | AC20: 45680 | AD20: 45681 | AE20: 45682 | AF20: 45683 | AG20: 45684 | AH20: 45685 | AI20: 45686 | AJ20: 45687 | AK20: 45688 | AL20: 45689 | AM20: 45690 | AN20: 45691 | AO20: 45692 | AP20: 45693 | AQ20: 45694 | AR20: 45695 | AS20: 45696 | AT20: 45697 | AU20: 45698 | AV20: 45699 | AW20: 45700 | AX20: 45701 | AY20: 45702 | AZ20: 45703 | BA20: 45704 | BB20: 45705 | BC20: 45706 | BD20: 45707 | BE20: 45708 | BF20: 45709 | BG20: 45710 | BH20: 45711 | BI20: 45712 | BJ20: 45713 | BK20: 45714 | BL20: 45715 | BM20: 45716 | BN20: 45717 | BO20: 45718 | BP20: 45719 | BQ20: 45720 | BR20: 45721 | BS20: 45722 | BT20: 45723 | BU20: 45724 | BV20: 45725 | BW20: 45726 | BX20: 45727 | BY20: 45728 | BZ20: 45729 | CA20: 45730 | CB20: 45731 | CC20: 45732 | CD20: 45733 | CE20: 45734 | CF20: 45735 | CG20: 45736 | CH20: 45737 | CI20: 45738 | CJ20: 45739 | CK20: 45740 | CL20: 45741 | CM20: 45742 | CN20: 45743 | CO20: 45744 | CP20: 45745 | CQ20: 45746 | CR20: 45747 | CS20: 45748 | CT20: 45749 | CU20: 45750 | CV20: 45751 | CW20: 45752 | CX20: 45753 | CY20: 45754 | CZ20: 45755 | DA20: 45756 | DB20: 45757 | DC20: 45758 | DD20: 45759 | DE20: 45760 | DF20: 45761 | DG20: 45762 | DH20: 45763 | DI20: 45764 | DJ20: 45765 | DK20: 45766 | DL20: 45767 | DM20: 45768 | DN20: 45769 | DO20: 45770 | DP20: 45771 | DQ20: 45772 | DR20: 45773 | DS20: 45774 | DT20: 45775 | DU20: 45776 | DV20: 45777 | DW20: 45778 | DX20: 45779 | DY20: 45780 | DZ20: 45781 | EA20: 45782 | EB20: 45783 | EC20: 45784 | ED20: 45785 | EE20: 45786 | EF20: 45787 | EG20: 45788 | EH20: 45789 | EI20: 45790 | EJ20: 45791 | EK20: 45792 | EL20: 45793 | EM20: 45794 | EN20: 45795 | EO20: 45796 | EP20: 45797 | EQ20: 45798 | ER20: 45799 | ES20: 45800 | ET20: 45801 | EU20: 45802 | EV20: 45803 | EW20: 45804 | EX20: 45805 | EY20: 45806 | EZ20: 45807 | FA20: 45808 | FB20: 45809 | FC20: 45810 | FD20: 45811 | FE20: 45812 | FF20: 45813 | FG20: 45814 | FH20: 45815 | FI20: 45816 | FJ20: 45817 | FK20: 45818 | FL20: 45819 | FM20: 45820 | FN20: 45821 | FO20: 45822 | FP20: 45823 | FQ20: 45824 | FR20: 45825 | FS20: 45826 | FT20: 45827 | FU20: 45828 | FV20: 45829 | FW20: 45830 | FX20: 45831 | FY20: 45832 | FZ20: 45833 | GA20: 45834 | GB20: 45835 | GC20: 45836 | GD20: 45837 | GE20: 45838 | GF20: 45839 | GG20: 45840 | GH20: 45841 | GI20: 45842 | GJ20: 45843 | GK20: 45844 | GL20: 45845 | GM20: 45846 | GN20: 45847 | GO20: 45848 | GP20: 45849 | GQ20: 45850 | GR20: 45851 | GS20: 45852 | GT20: 45853 | GU20: 45854 | GV20: 45855 | GW20: 45856 | GX20: 45857 | GY20: 45858 | GZ20: 45859 | HA20: 45860 | HB20: 45861 | HC20: 45862 | HD20: 45863 | HE20: 45864 | HF20: 45865 | HG20: 45866 | HH20: 45867 | HI20: 45868 | HJ20: 45869 | HK20: 45870 | HL20: 45871 | HM20: 45872 | HN20: 45873 | HO20: 45874 | HP20: 45875 | HQ20: 45876 | HR20: 45877 | HS20: 45878 | HT20: 45879 | HU20: 45880 | HV20: 45881 | HW20: 45882 | HX20: 45883 | HY20: 45884 | HZ20: 45885 | IA20: 45886 | IB20: 45887 | IC20: 45888 | ID20: 45889 | IE20: 45890 | IF20: 45891 | IG20: 45892 | IH20: 45893 | II20: 45894 | IJ20: 45895 | IK20: 45896 | IL20: 45897 | IM20: 45898 | IN20: 45899 | IO20: 45900 | IP20: 45901 | IQ20: 45902 | IR20: 45903 | IS20: 45904 | IT20: 45905 | IU20: 45906 | IV20: 45907 | IW20: 45908 | IX20: 45909 | IY20: 45910 | IZ20: 45911 | JA20: 45912 | JB20: 45913 | JC20: 45914 | JD20: 45915 | JE20: 45916 | JF20: 45917 | JG20: 45918 | JH20: 45919 | JI20: 45920 | JJ20: 45921 | JK20: 45922 | JL20: 45923 | JM20: 45924 | JN20: 45925 | JO20: 45926 | JP20: 45927 | JQ20: 45928 | JR20: 45929 | JS20: 45930 | JT20: 45931 | JU20: 45932 | JV20: 45933 | JW20: 45934 | JX20: 45935 | JY20: 45936 | JZ20: 45937 | KA20: 45938 | KB20: 45939 | KC20: 45940 | KD20: 45941 | KE20: 45942 | KF20: 45943 | KG20: 45944 | KH20: 45945 | KI20: 45946 | KJ20: 45947 | KK20: 45948 | KL20: 45949 | KM20: 45950 | KN20: 45951 | KO20: 45952 | KP20: 45953 | KQ20: 45954 | KR20: 45955 | KS20: 45956 | KT20: 45957 | KU20: 45958 | KV20: 45959 | KW20: 45960 | KX20: 45961 | KY20: 45962 | KZ20: 45963 | LA20: 45964 | LB20: 45965 | LC20: 45966 | LD20: 45967 | LE20: 45968 | LF20: 45969 | LG20: 45970 | LH20: 45971 | LI20: 45972 | LJ20: 45973 | LK20: 45974 | LL20: 45975 | LM20: 45976 | LN20: 45977 | LO20: 45978 | LP20: 45979 | LQ20: 45980 | LR20: 45981 | LS20: 45982 | LT20: 45983 | LU20: 45984 | LV20: 45985 | LW20: 45986 | LX20: 45987 | LY20: 45988 | LZ20: 45989 | MA20: 45990 | MB20: 45991 | MC20: 45992 | MD20: 45993 | ME20: 45994 | MF20: 45995 | MG20: 45996 | MH20: 45997 | MI20: 45998 | MJ20: 45999 | MK20: 46000 | ML20: 46001 | MM20: 46002 | MN20: 46003 | MO20: 46004 | MP20: 46005 | MQ20: 46006 | MR20: 46007 | MS20: 46008 | MT20: 46009 | MU20: 46010 | MV20: 46011 | MW20: 46012 | MX20: 46013 | MY20: 46014 | MZ20: 46015 | NA20: 46016 | NB20: 46017 | NC20: 46018 | ND20: 46019 | NE20: 46020 | NF20: 46021 | NG20: 46022 | NH20: 46023 | NI20: 46024 | NJ20: 46025 | NK20: 46026 | NL20: 46027 | NM20: 46028 | NN20: 46029 | NO20: 46030 | NP20: 46031 | NQ20: 46032 | NR20: 46033 | NS20: 46034 | NT20: 46035 | NU20: 46036 | NV20: 46037 | NW20: 46038 | NX20: 46039 | NY20: 46040 | NZ20: 46041 | OA20: 46042 | OB20: 46043 | OC20: 46044 | OD20: 46045 | OE20: 46046 | OF20: 46047 | OG20: 46048 | OH20: 46049 | OI20: 46050 | OJ20: 46051 | OK20: 46052 | OL20: 46053 | OM20: 46054 | ON20: 46055 | OO20: 46056 | OP20: 46057 | OQ20: 46058 | OR20: 46059 | OS20: 46060 | OT20: 46061 | OU20: 46062 | OV20: 46063 | OW20: 46064 | OX20: 46065 | OY20: 46066 | OZ20: 46067 | PA20: 46068 | PB20: 46069 | PC20: 46070 | PD20: 46071 | PE20: 46072 | PF20: 46073 | PG20: 46074 | PH20: 46075 | PI20: 46076 | PJ20: 46077 | PK20: 46078 | PL20: 46079 | PM20: 46080 | PN20: 46081 | PO20: 46082 | PP20: 46083 | PQ20: 46084 | PR20: 46085 | PS20: 46086 | PT20: 46087 | PU20: 46088 | PV20: 46089 | PW20: 46090 | PX20: 46091 | PY20: 46092 | PZ20: 46093 | QA20: 46094 | QB20: 46095 | QC20: 46096 | QD20: 46097 | QE20: 46098 | QF20: 46099 | QG20: 46100 | QH20: 46101 | QI20: 46102 | QJ20: 46103 | QK20: 46104 | QL20: 46105 | QM20: 46106 | QN20: 46107 | QO20: 46108 | QP20: 46109 | QQ20: 46110 | QR20: 46111 | QS20: 46112 | QT20: 46113 | QU20: 46114 | QV20: 46115 | QW20: 46116 | QX20: 46117 | QY20: 46118 | QZ20: 46119 | RA20: 46120 | RB20: 46121 | RC20: 46122 | RD20: 46123 | RE20: 46124 | RF20: 46125 | RG20: 46126 | RH20: 46127 | RI20: 46128 | RJ20: 46129 | RK20: 46130 | RL20: 46131 | RM20: 46132 | RN20: 46133 | RO20: 46134 | RP20: 46135 | RQ20: 46136 | RR20: 46137 | RS20: 46138 | RT20: 46139 | RU20: 46140 | RV20: 46141 | RW20: 46142 | RX20: 46143 | RY20: 46144 | RZ20: 46145 | SA20: 46146 | SB20: 46147 | SC20: 46148 | SD20: 46149 | SE20: 46150 | SF20: 46151 | SG20: 46152 | SH20: 46153 | SI20: 46154 | SJ20: 46155 | SK20: 46156 | SL20: 46157 | SM20: 46158 | SN20: 46159 | SO20: 46160 | SP20: 46161 | SQ20: 46162 | SR20: 46163 | SS20: 46164 | ST20: 46165 | SU20: 46166 | SV20: 46167 | SW20: 46168 | SX20: 46169 | SY20: 46170 | SZ20: 46171 | TA20: 46172 | TB20: 46173 | TC20: 46174 | TD20: 46175 | TE20: 46176 | TF20: 46177 | TG20: 46178 | TH20: 46179 | TI20: 46180 | TJ20: 46181 | TK20: 46182 | TL20: 46183 | TM20: 46184 | TN20: 46185 | TO20: 46186 | TP20: 46187 | TQ20: 46188 | TR20: 46189 | TS20: 46190 | TT20: 46191 | TU20: 46192 | TV20: 46193 | TW20: 46194 | TX20: 46195 | TY20: 46196 | TZ20: 46197 | UA20: 46198 | UB20: 46199 | UC20: 46200 | UD20: 46201 | UE20: 46202 | UF20: 46203 | UG20: 46204 | UH20: 46205 | UI20: 46206 | UJ20: 46207 | UK20: 46208 | UL20: 46209 | UM20: 46210 | UN20: 46211 | UO20: 46212 | UP20: 46213 | UQ20: 46214 | UR20: 46215 | US20: 46216 | UT20: 46217 | UU20: 46218 | UV20: 46219 | UW20: 46220 | UX20: 46221 | UY20: 46222 | UZ20: 46223 | VA20: 46224 | VB20: 46225 | VC20: 46226 | VD20: 46227 | VE20: 46228 | VF20: 46229 | VG20: 46230 | VH20: 46231 | VI20: 46232 | VJ20: 46233 | VK20: 46234 | VL20: 46235 | VM20: 46236 | VN20: 46237 | VO20: 46238 | VP20: 46239 | VQ20: 46240 | VR20: 46241 | VS20: 46242 | VT20: 46243 | VU20: 46244 | VV20: 46245 | VW20: 46246 | VX20: 46247 | VY20: 46248 | VZ20: 46249 | WA20: 46250 | WB20: 46251 | WC20: 46252 | WD20: 46253 | WE20: 46254 | WF20: 46255 | WG20: 46256 | WH20: 46257 | WI20: 46258 | WJ20: 46259 | WK20: 46260 | WL20: 46261 | WM20: 46262 | WN20: 46263 | WO20: 46264 | WP20: 46265 | WQ20: 46266 | WR20: 46267 | WS20: 46268 | WT20: 46269 | WU20: 46270 | WV20: 46271 | WW20: 46272 | WX20: 46273 | WY20: 46274 | WZ20: 46275 | XA20: 46276 | XB20: 46277 | XC20: 46278 | XD20: 46279 | XE20: 46280 | XF20: 46281 | XG20: 46282 | XH20: 46283 | XI20: 46284 | XJ20: 46285 | XK20: 46286 | XL20: 46287 | XM20: 46288 | XN20: 46289 | XO20: 46290 | XP20: 46291 | XQ20: 46292 | XR20: 46293 | XS20: 46294 | XT20: 46295 | XU20: 46296 | XV20: 46297 | XW20: 46298 | XX20: 46299 | XY20: 46300 | XZ20: 46301 | YA20: 46302 | YB20: 46303 | YC20: 46304 | YD20: 46305 | YE20: 46306 | YF20: 46307 | YG20: 46308 | YH20: 46309 | YI20: 46310 | YJ20: 46311 | YK20: 46312 | YL20: 46313 | YM20: 46314 | YN20: 46315 | YO20: 46316 | YP20: 46317 | YQ20: 46318 | YR20: 46319 | YS20: 46320 | YT20: 46321 | YU20: 46322 | YV20: 46323 | YW20: 46324 | YX20: 46325 | YY20: 46326 | YZ20: 46327 | ZA20: 46328 | ZB20: 46329 | ZC20: 46330 | ZD20: 46331 | ZE20: 46332 | ZF20: 46333 | ZG20: 46334 | ZH20: 46335 | ZI20: 46336 | ZJ20: 46337 | ZK20: 46338 | ZL20: 46339 | ZM20: 46340 | ZN20: 46341 | ZO20: 46342 | ZP20: 46343 | ZQ20: 46344 | ZR20: 46345 | ZS20: 46346 | ZT20: 46347 | ZU20: 46348 | ZV20: 46349 | ZW20: 46350 | ZX20: 46351 | ZY20: 46352 | ZZ20: 46353 | AAA20: 46354 | AAB20: 46355 | AAC20: 46356 | AAD20: 46357 | AAE20: 46358 | AAF20: 46359 | AAG20: 46360 | AAH20: 46361 | AAI20: 46362 | AAJ20: 46363 | AAK20: 46364 | AAL20: 46365 | AAM20: 46366 | AAN20: 46367 | AAO20: 46368 | AAP20: 46369 | AAQ20: 46370 | AAR20: 46371 | AAS20: 46372 | AAT20: 46373 | AAU20: 46374 | AAV20: 46375 | AAW20: 46376 | AAX20: 46377 | AAY20: 46378 | AAZ20: 46379 | ABA20: 46380 | ABB20: 46381 | ABC20: 46382 | ABD20: 46383 | ABE20: 46384 | ABF20: 46385 | ABG20: 46386 | ABH20: 46387 | ABI20: 46388 | ABJ20: 46389 | ABK20: 46390 | ABL20: 46391 | ABM20: 46392 | ABN20: 46393 | ABO20: 46394 | ABP20: 46395 | ABQ20: 46396 | ABR20: 46397 | ABS20: 46398 | ABT20: 46399 | ABU20: 46400 | ABV20: 46401 | ABW20: 46402 | ABX20: 46403 | ABY20: 46404 | ABZ20: 46405 | ACA20: 46406 | ACB20: 46407 | ACC20: 46408 | ACD20: 46409 | ACE20: 46410 | ACF20: 46411 | ACG20: 46412 | ACH20: 46413 | ACI20: 46414 | ACJ20: 46415 | ACK20: 46416 | ACL20: 46417 | ACM20: 46418 | ACN20: 46419 | ACO20: 46420 | ACP20: 46421 | ACQ20: 46422 | ACR20: 46423 | ACS20: 46424 | ACT20: 46425 | ACU20: 46426 | ACV20: 46427 | ACW20: 46428 | ACX20: 46429 | ACY20: 46430 | ACZ20: 46431 | ADA20: 46432 | ADB20: 46433 | ADC20: 46434 | ADD20: 46435 | ADE20: 46436 | ADF20: 46437 | ADG20: 46438 | ADH20: 46439 | ADI20: 46440 | ADJ20: 46441 | ADK20: 46442 | ADL20: 46443 | ADM20: 46444 | ADN20: 46445 | ADO20: 46446 | ADP20: 46447 | ADQ20: 46448 | ADR20: 46449 | ADS20: 46450 | ADT20: 46451 | ADU20: 46452 | ADV20: 46453 | ADW20: 46454 | ADX20: 46455 | ADY20: 46456 | ADZ20: 46457 | AEA20: 46458 | AEB20: 46459 | AEC20: 46460 | AED20: 46461 | AEE20: 46462 | AEF20: 46463 | AEG20: 46464 | AEH20: 46465 | AEI20: 46466 | AEJ20: 46467 | AEK20: 46468 | AEL20: 46469 | AEM20: 46470 | AEN20: 46471 | AEO20: 46472 | AEP20: 46473 | AEQ20: 46474 | AER20: 46475 | AES20: 46476 | AET20: 46477 | AEU20: 46478 | AEV20: 46479 | AEW20: 46480 | AEX20: 46481 | AEY20: 46482 | AEZ20: 46483 | AFA20: 46484 | AFB20: 46485 | AFC20: 46486 | AFD20: 46487 | AFE20: 46488 | AFF20: 46489 | AFG20: 46490 | AFH20: 46491 | AFI20: 46492 | AFJ20: 46493 | AFK20: 46494 | AFL20: 46495 | AFM20: 46496 | AFN20: 46497 | AFO20: 46498 | AFP20: 46499 | AFQ20: 46500 | AFR20: 46501 | AFS20: 46502 | AFT20: 46503 | AFU20: 46504 | AFV20: 46505 | AFW20: 46506 | AFX20: 46507 | AFY20: 46508 | AFZ20: 46509 | AGA20: 46510 | AGB20: 46511 | AGC20: 46512 | AGD20: 46513 | AGE20: 46514 | AGF20: 46515 | AGG20: 46516 | AGH20: 46517 | AGI20: 46518 | AGJ20: 46519 | AGK20: 46520 | AGL20: 46521 | AGM20: 46522 | AGN20: 46523 | AGO20: 46524 | AGP20: 46525 | AGQ20: 46526 | AGR20: 46527 | AGS20: 46528 | AGT20: 46529 | AGU20: 46530 | AGV20: 46531 | AGW20: 46532 | AGX20: 46533 | AGY20: 46534 | AGZ20: 46535 | AHA20: 46536 | AHB20: 46537 | AHC20: 46538 | AHD20: 46539 | AHE20: 46540 | AHF20: 46541 | AHG20: 46542 | AHH20: 46543 | AHI20: 46544 | AHJ20: 46545 | AHK20: 46546 | AHL20: 46547 | AHM20: 46548 | AHN20: 46549 | AHO20: 46550 | AHP20: 46551 | AHQ20: 46552 | AHR20: 46553 | AHS20: 46554 | AHT20: 46555 | AHU20: 46556 | AHV20: 46557 | AHW20: 46558 | AHX20: 46559 | AHY20: 46560 | AHZ20: 46561 | AIA20: 46562 | AIB20: 46563 | AIC20: 46564 | AID20: 46565 | AIE20: 46566 | AIF20: 46567 | AIG20: 46568 | AIH20: 46569 | AII20: 46570 | AIJ20: 46571 | AIK20: 46572 | AIL20: 46573 | AIM20: 46574 | AIN20: 46575 | AIO20: 46576 | AIP20: 46577 | AIQ20: 46578 | AIR20: 46579 | AIS20: 46580 | AIT20: 46581 | AIU20: 46582 | AIV20: 46583 | AIW20: 46584 | AIX20: 46585 | AIY20: 46586 | AIZ20: 46587 | AJA20: 46588 | AJB20: 46589 | AJC20: 46590 | AJD20: 46591 | AJE20: 46592 | AJF20: 46593 | AJG20: 46594 | AJH20: 46595 | AJI20: 46596 | AJJ20: 46597 | AJK20: 46598 | AJL20: 46599 | AJM20: 46600 | AJN20: 46601 | AJO20: 46602 | AJP20: 46603 | AJQ20: 46604 | AJR20: 46605 | AJS20: 46606 | AJT20: 46607 | AJU20: 46608 | AJV20: 46609 | AJW20: 46610 | AJX20: 46611 | AJY20: 46612 | AJZ20: 46613 | AKA20: 46614 | AKB20: 46615 | AKC20: 46616 | AKD20: 46617 | AKE20: 46618 | AKF20: 46619 | AKG20: 46620 | AKH20: 46621 | AKI20: 46622 | AKJ20: 46623 | AKK20: 46624 | AKL20: 46625 | AKM20: 46626 | AKN20: 46627 | AKO20: 46628 | AKP20: 46629 | AKQ20: 46630 | AKR20: 46631 | AKS20: 46632 | AKT20: 46633 | AKU20: 46634 | AKV20: 46635 | AKW20: 46636 | AKX20: 46637 | AKY20: 46638 | AKZ20: 46639 | ALA20: 46640 | ALB20: 46641 | ALC20: 46642 | ALD20: 46643 | ALE20: 46644 | ALF20: 46645 | ALG20: 46646 | ALH20: 46647 | ALI20: 46648 | ALJ20: 46649 | ALK20: 46650 | ALL20: 46651 | ALM20: 46652 | ALN20: 46653 | ALO20: 46654 | ALP20: 46655 | ALQ20: 46656 | ALR20: 46657 | ALS20: 46658 | ALT20: 46659 | ALU20: 46660 | ALV20: 46661 | ALW20: 46662 | ALX20: 46663 | ALY20: 46664 | ALZ20: 46665 | AMA20: 46666 | AMB20: 46667 | AMC20: 46668 | AMD20: 46669 | AME20: 46670 | AMF20: 46671 | AMG20: 46672 | AMH20: 46673 | AMI20: 46674 | AMJ20: 46675 | AMK20: 46676 | AML20: 46677 | AMM20: 46678 | AMN20: 46679 | AMO20: 46680 | AMP20: 46681 | AMQ20: 46682 | AMR20: 46683 | AMS20: 46684 | AMT20: 46685 | AMU20: 46686 | AMV20: 46687 | AMW20: 46688 | AMX20: 46689 | AMY20: 46690 | AMZ20: 46691 | ANA20: 46692 | ANB20: 46693 | ANC20: 46694 | AND20: 46695 | ANE20: 46696 | ANF20: 46697 | ANG20: 46698 | ANH20: 46699 | ANI20: 46700 | ANJ20: 46701 | ANK20: 46702 | ANL20: 46703 | ANM20: 46704 | ANN20: 46705 | ANO20: 46706 | ANP20: 46707 | ANQ20: 46708 | ANR20: 46709 | ANS20: 46710 | ANT20: 46711 | ANU20: 46712 | ANV20: 46713 | ANW20: 46714 | ANX20: 46715 | ANY20: 46716 | ANZ20: 46717 | AOA20: 46718 | AOB20: 46719 | AOC20: 46720 | AOD20: 46721 | AOE20: 46722 | AOF20: 46723 | AOG20: 46724 | AOH20: 46725 | AOI20: 46726 | AOJ20: 46727 | AOK20: 46728 | AOL20: 46729 | AOM20: 46730 | AON20: 46731 | AOO20: 46732 | AOP20: 46733 | AOQ20: 46734 | AOR20: 46735 | AOS20: 46736 | AOT20: 46737 | AOU20: 46738 | AOV20: 46739 | AOW20: 46740 | AOX20: 46741 | AOY20: 46742 | AOZ20: 46743 | APA20: 46744 | APB20: 46745 | APC20: 46746 | APD20: 46747 | APE20: 46748 | APF20: 46749 | APG20: 46750 | APH20: 46751 | API20: 46752 | APJ20: 46753 | APK20: 46754 | APL20: 46755 | APM20: 46756 | APN20: 46757 | APO20: 46758 | APP20: 46759 | APQ20: 46760 | APR20: 46761 | APS20: 46762 | APT20: 46763 | APU20: 46764 | APV20: 46765 | APW20: 46766 | APX20: 46767 | APY20: 46768 | APZ20: 46769 | AQA20: 46770 | AQB20: 46771 | AQC20: 46772 | AQD20: 46773 | AQE20: 46774 | AQF20: 46775 | AQG20: 46776 | AQH20: 46777 | AQI20: 46778 | AQJ20: 46779 | AQK20: 46780 | AQL20: 46781 | AQM20: 46782 | AQN20: 46783 | AQO20: 46784 | AQP20: 46785 | AQQ20: 46786 | AQR20: 46787 | AQS20: 46788 | AQT20: 46789 | AQU20: 46790 | AQV20: 46791 | AQW20: 46792 | AQX20: 46793 | AQY20: 46794 | AQZ20: 46795 | ARA20: 46796 | ARB20: 46797 | ARC20: 46798 | ARD20: 46799 | ARE20: 46800 | ARF20: 46801 | ARG20: 46802 | ARH20: 46803 | ARI20: 46804 | ARJ20: 46805 | ARK20: 46806 | ARL20: 46807 | ARM20: 46808 | ARN20: 46809 | ARO20: 46810 | ARP20: 46811 | ARQ20: 46812 | ARR20: 46813 | ARS20: 46814 | ART20: 46815 | ARU20: 46816 | ARV20: 46817 | ARW20: 46818 | ARX20: 46819 | ARY20: 46820 | ARZ20: 46821 | ASA20: 46822 | ASB20: 46823 | ASC20: 46824 | ASD20: 46825 | ASE20: 46826 | ASF20: 46827 | ASG20: 46828 | ASH20: 46829 | ASI20: 46830 | ASJ20: 46831 | ASK20: 46832 | ASL20: 46833 | ASM20: 46834 | ASN20: 46835 | ASO20: 46836 | ASP20: 46837 | ASQ20: 46838 | ASR20: 46839 | ASS20: 46840 | AST20: 46841 | ASU20: 46842 | ASV20: 46843 | ASW20: 46844 | ASX20: 46845 | ASY20: 46846 | ASZ20: 46847 | ATA20: 46848 | ATB20: 46849 | ATC20: 46850 | ATD20: 46851 | ATE20: 46852 | ATF20: 46853 | ATG20: 46854 | ATH20: 46855 | ATI20: 46856 | ATJ20: 46857 | ATK20: 46858 | ATL20: 46859 | ATM20: 46860 | ATN20: 46861 | ATO20: 46862 | ATP20: 46863 | ATQ20: 46864 | ATR20: 46865 | ATS20: 46866 | ATT20: 46867 | ATU20: 46868 | ATV20: 46869 | ATW20: 46870 | ATX20: 46871 | ATY20: 46872 | ATZ20: 46873 | AUA20: 46874 | AUB20: 46875 | AUC20: 46876 | AUD20: 46877 | AUE20: 46878 | AUF20: 46879 | AUG20: 46880 | AUH20: 46881 | AUI20: 46882 | AUJ20: 46883 | AUK20: 46884 | AUL20: 46885 | AUM20: 46886 | AUN20: 46887 | AUO20: 46888 | AUP20: 46889 | AUQ20: 46890 | AUR20: 46891 | AUS20: 46892 | AUT20: 46893 | AUU20: 46894 | AUV20: 46895 | AUW20: 46896 | AUX20: 46897 | AUY20: 46898 | AUZ20: 46899 | AVA20: 46900 | AVB20: 46901 | AVC20: 46902 | AVD20: 46903 | AVE20: 46904 | AVF20: 46905 | AVG20: 46906 | AVH20: 46907 | AVI20: 46908 | AVJ20: 46909 | AVK20: 46910 | AVL20: 46911 | AVM20: 46912 | AVN20: 46913 | AVO20: 46914 | AVP20: 46915 | AVQ20: 46916 | AVR20: 46917 | AVS20: 46918 | AVT20: 46919 | AVU20: 46920 | AVV20: 46921 | AVW20: 46922 | AVX20: 46923 | AVY20: 46924 | AVZ20: 46925 | AWA20: 46926 | AWB20: 46927 | AWC20: 46928 | AWD20: 46929 | AWE20: 46930 | AWF20: 46931 | AWG20: 46932 | AWH20: 46933 | AWI20: 46934 | AWJ20: 46935 | AWK20: 46936 | AWL20: 46937 | AWM20: 46938 | AWN20: 46939 | AWO20: 46940 | AWP20: 46941 | AWQ20: 46942 | AWR20: 46943 | AWS20: 46944 | AWT20: 46945 | AWU20: 46946 | AWV20: 46947 | AWW20: 46948 | AWX20: 46949 | AWY20: 46950 | AWZ20: 46951 | AXA20: 46952 | AXB20: 46953 | AXC20: 46954 | AXD20: 46955 | AXE20: 46956 | AXF20: 46957 | AXG20: 46958 | AXH20: 46959 | AXI20: 46960 | AXJ20: 46961 | AXK20: 46962 | AXL20: 46963 | AXM20: 46964 | AXN20: 46965 | AXO20: 46966 | AXP20: 46967 | AXQ20: 46968 | AXR20: 46969 | AXS20: 46970 | AXT20: 46971 | AXU20: 46972 | AXV20: 46973 | AXW20: 46974 | AXX20: 46975 | AXY20: 46976 | AXZ20: 46977 | AYA20: 46978 | AYB20: 46979 | AYC20: 46980 | AYD20: 46981 | AYE20: 46982 | AYF20: 46983 | AYG20: 46984 | AYH20: 46985 | AYI20: 46986 | AYJ20: 46987 | AYK20: 46988 | AYL20: 46989 | AYM20: 46990 | AYN20: 46991 | AYO20: 46992 | AYP20: 46993 | AYQ20: 46994 | AYR20: 46995 | AYS20: 46996 | AYT20: 46997 | AYU20: 46998 | AYV20: 46999 | AYW20: 47000 | AYX20: 47001 | AYY20: 47002 | AYZ20: 47003 | AZA20: 47004 | AZB20: 47005 | AZC20: 47006 | AZD20: 47007 | AZE20: 47008 | AZF20: 47009 | AZG20: 47010 | AZH20: 47011 | AZI20: 47012 | AZJ20: 47013 | AZK20: 47014 | AZL20: 47015 | AZM20: 47016 | AZN20: 47017 | AZO20: 47018 | AZP20: 47019 | AZQ20: 47020 | AZR20: 47021 | AZS20: 47022 | AZT20: 47023 | AZU20: 47024 | AZV20: 47025 | AZW20: 47026 | AZX20: 47027 | AZY20: 47028 | AZZ20: 47029 | BAA20: 47030 | BAB20: 47031 | BAC20: 47032 | BAD20: 47033 | BAE20: 47034 | BAF20: 47035 | BAG20: 47036 | BAH20: 47037 | BAI20: 47038 | BAJ20: 47039 | BAK20: 47040 | BAL20: 47041 | BAM20: 47042 | BAN20: 47043 | BAO20: 47044 | BAP20: 47045 | BAQ20: 47046 | BAR20: 47047 | BAS20: 47048 | BAT20: 47049 | BAU20: 47050 | BAV20: 47051 | BAW20: 47052 | BAX20: 47053 | BAY20: 47054 | BAZ20: 47055 | BBA20: 47056 | BBB20: 47057 | BBC20: 47058 | BBD20: 47059 | BBE20: 47060 | BBF20: 47061 | BBG20: 47062 | BBH20: 47063 | BBI20: 47064 | BBJ20: 47065 | BBK20: 47066 | BBL20: 47067 | BBM20: 47068 | BBN20: 47069 | BBO20: 47070 | BBP20: 47071 | BBQ20: 47072 | BBR20: 47073 | BBS20: 47074 | BBT20: 47075 | BBU20: 47076 | BBV20: 47077 | BBW20: 47078 | BBX20: 47079 | BBY20: 47080 | BBZ20: 47081 | BCA20: 47082 | BCB20: 47083 | BCC20: 47084 | BCD20: 47085 | BCE20: 47086 | BCF20: 47087 | BCG20: 47088 | BCH20: 47089 | BCI20: 47090 | BCJ20: 47091 | BCK20: 47092 | BCL20: 47093 | BCM20: 47094 | BCN20: 47095 | BCO20: 47096 | BCP20: 47097 | BCQ20: 47098 | BCR20: 47099 | BCS20: 47100 | BCT20: 47101 | BCU20: 47102 | BCV20: 47103 | BCW20: 47104 | BCX20: 47105 | BCY20: 47106 | BCZ20: 47107 | BDA20: 47108 | BDB20: 47109 | BDC20: 47110 | BDD20: 47111 | BDE20: 47112 | BDF20: 47113 | BDG20: 47114 | BDH20: 47115 | BDI20: 47116 | BDJ20: 47117 | BDK20: 47118
B22: 6 | C22: CALIBRACIÓN DISEÑOS TÉCNICOS de INGENIERÍAS | D22: 120 | E22: =F20+2 -> 45748 | F22: =E22+D22-1 -> 45867 | G22: 45658 | H22: 45659 | I22: 45660 | J22: 45661 | K22: 45662 | L22: 45663 | M22: 45664 | N22: 45665 | O22: 45666 | P22: 45667 | Q22: 45668 | R22: 45669 | S22: 45670 | T22: 45671 | U22: 45672 | V22: 45673 | W22: 45674 | X22: 45675 | Y22: 45676 | Z22: 45677 | AA22: 45678 | AB22: 45679 | AC22: 45680 | AD22: 45681 | AE22: 45682 | AF22: 45683 | AG22: 45684 | AH22: 45685 | AI22: 45686 | AJ22: 45687 | AK22: 45688 | AL22: 45689 | AM22: 45690 | AN22: 45691 | AO22: 45692 | AP22: 45693 | AQ22: 45694 | AR22: 45695 | AS22: 45696 | AT22: 45697 | AU22: 45698 | AV22: 45699 | AW22: 45700 | AX22: 45701 | AY22: 45702 | AZ22: 45703 | BA22: 45704 | BB22: 45705 | BC22: 45706 | BD22: 45707 | BE22: 45708 | BF22: 45709 | BG22: 45710 | BH22: 45711 | BI22: 45712 | BJ22: 45713 | BK22: 45714 | BL22: 45715 | BM22: 45716 | BN22: 45717 | BO22: 45718 | BP22: 45719 | BQ22: 45720 | BR22: 45721 | BS22: 45722 | BT22: 45723 | BU22: 45724 | BV22: 45725 | BW22: 45726 | BX22: 45727 | BY22: 45728 | BZ22: 45729 | CA22: 45730 | CB22: 45731 | CC22: 45732 | CD22: 45733 | CE22: 45734 | CF22: 45735 | CG22: 45736 | CH22: 45737 | CI22: 45738 | CJ22: 45739 | CK22: 45740 | CL22: 45741 | CM22: 45742 | CN22: 45743 | CO22: 45744 | CP22: 45745 | CQ22: 45746 | CR22: 45747 | CS22: 45748 | CT22: 45749 | CU22: 45750 | CV22: 45751 | CW22: 45752 | CX22: 45753 | CY22: 45754 | CZ22: 45755 | DA22: 45756 | DB22: 45757 | DC22: 45758 | DD22: 45759 | DE22: 45760 | DF22: 45761 | DG22: 45762 | DH22: 45763 | DI22: 45764 | DJ22: 45765 | DK22: 45766 | DL22: 45767 | DM22: 45768 | DN22: 45769 | DO22: 45770 | DP22: 45771 | DQ22: 45772 | DR22: 45773 | DS22: 45774 | DT22: 45775 | DU22: 45776 | DV22: 45777 | DW22: 45778 | DX22: 45779 | DY22: 45780 | DZ22: 45781 | EA22: 45782 | EB22: 45783 | EC22: 45784 | ED22: 45785 | EE22: 45786 | EF22: 45787 | EG22: 45788 | EH22: 45789 | EI22: 45790 | EJ22: 45791 | EK22: 45792 | EL22: 45793 | EM22: 45794 | EN22: 45795 | EO22: 45796 | EP22: 45797 | EQ22: 45798 | ER22: 45799 | ES22: 45800 | ET22: 45801 | EU22: 45802 | EV22: 45803 | EW22: 45804 | EX22: 45805 | EY22: 45806 | EZ22: 45807 | FA22: 45808 | FB22: 45809 | FC22: 45810 | FD22: 45811 | FE22: 45812 | FF22: 45813 | FG22: 45814 | FH22: 45815 | FI22: 45816 | FJ22: 45817 | FK22: 45818 | FL22: 45819 | FM22: 45820 | FN22: 45821 | FO22: 45822 | FP22: 45823 | FQ22: 45824 | FR22: 45825 | FS22: 45826 | FT22: 45827 | FU22: 45828 | FV22: 45829 | FW22: 45830 | FX22: 45831 | FY22: 45832 | FZ22: 45833 | GA22: 45834 | GB22: 45835 | GC22: 45836 | GD22: 45837 | GE22: 45838 | GF22: 45839 | GG22: 45840 | GH22: 45841 | GI22: 45842 | GJ22: 45843 | GK22: 45844 | GL22: 45845 | GM22: 45846 | GN22: 45847 | GO22: 45848 | GP22: 45849 | GQ22: 45850 | GR22: 45851 | GS22: 45852 | GT22: 45853 | GU22: 45854 | GV22: 45855 | GW22: 45856 | GX22: 45857 | GY22: 45858 | GZ22: 45859 | HA22: 45860 | HB22: 45861 | HC22: 45862 | HD22: 45863 | HE22: 45864 | HF22: 45865 | HG22: 45866 | HH22: 45867 | HI22: 45868 | HJ22: 45869 | HK22: 45870 | HL22: 45871 | HM22: 45872 | HN22: 45873 | HO22: 45874 | HP22: 45875 | HQ22: 45876 | HR22: 45877 | HS22: 45878 | HT22: 45879 | HU22: 45880 | HV22: 45881 | HW22: 45882 | HX22: 45883 | HY22: 45884 | HZ22: 45885 | IA22: 45886 | IB22: 45887 | IC22: 45888 | ID22: 45889 | IE22: 45890 | IF22: 45891 | IG22: 45892 | IH22: 45893 | II22: 45894 | IJ22: 45895 | IK22: 45896 | IL22: 45897 | IM22: 45898 | IN22: 45899 | IO22: 45900 | IP22: 45901 | IQ22: 45902 | IR22: 45903 | IS22: 45904 | IT22: 45905 | IU22: 45906 | IV22: 45907 | IW22: 45908 | IX22: 45909 | IY22: 45910 | IZ22: 45911 | JA22: 45912 | JB22: 45913 | JC22: 45914 | JD22: 45915 | JE22: 45916 | JF22: 45917 | JG22: 45918 | JH22: 45919 | JI22: 45920 | JJ22: 45921 | JK22: 45922 | JL22: 45923 | JM22: 45924 | JN22: 45925 | JO22: 45926 | JP22: 45927 | JQ22: 45928 | JR22: 45929 | JS22: 45930 | JT22: 45931 | JU22: 45932 | JV22: 45933 | JW22: 45934 | JX22: 45935 | JY22: 45936 | JZ22: 45937 | KA22: 45938 | KB22: 45939 | KC22: 45940 | KD22: 45941 | KE22: 45942 | KF22: 45943 | KG22: 45944 | KH22: 45945 | KI22: 45946 | KJ22: 45947 | KK22: 45948 | KL22: 45949 | KM22: 45950 | KN22: 45951 | KO22: 45952 | KP22: 45953 | KQ22: 45954 | KR22: 45955 | KS22: 45956 | KT22: 45957 | KU22: 45958 | KV22: 45959 | KW22: 45960 | KX22: 45961 | KY22: 45962 | KZ22: 45963 | LA22: 45964 | LB22: 45965 | LC22: 45966 | LD22: 45967 | LE22: 45968 | LF22: 45969 | LG22: 45970 | LH22: 45971 | LI22: 45972 | LJ22: 45973 | LK22: 45974 | LL22: 45975 | LM22: 45976 | LN22: 45977 | LO22: 45978 | LP22: 45979 | LQ22: 45980 | LR22: 45981 | LS22: 45982 | LT22: 45983 | LU22: 45984 | LV22: 45985 | LW22: 45986 | LX22: 45987 | LY22: 45988 | LZ22: 45989 | MA22: 45990 | MB22: 45991 | MC22: 45992 | MD22: 45993 | ME22: 45994 | MF22: 45995 | MG22: 45996 | MH22: 45997 | MI22: 45998 | MJ22: 45999 | MK22: 46000 | ML22: 46001 | MM22: 46002 | MN22: 46003 | MO22: 46004 | MP22: 46005 | MQ22: 46006 | MR22: 46007 | MS22: 46008 | MT22: 46009 | MU22: 46010 | MV22: 46011 | MW22: 46012 | MX22: 46013 | MY22: 46014 | MZ22: 46015 | NA22: 46016 | NB22: 46017 | NC22: 46018 | ND22: 46019 | NE22: 46020 | NF22: 46021 | NG22: 46022 | NH22: 46023 | NI22: 46024 | NJ22: 46025 | NK22: 46026 | NL22: 46027 | NM22: 46028 | NN22: 46029 | NO22: 46030 | NP22: 46031 | NQ22: 46032 | NR22: 46033 | NS22: 46034 | NT22: 46035 | NU22: 46036 | NV22: 46037 | NW22: 46038 | NX22: 46039 | NY22: 46040 | NZ22: 46041 | OA22: 46042 | OB22: 46043 | OC22: 46044 | OD22: 46045 | OE22: 46046 | OF22: 46047 | OG22: 46048 | OH22: 46049 | OI22: 46050 | OJ22: 46051 | OK22: 46052 | OL22: 46053 | OM22: 46054 | ON22: 46055 | OO22: 46056 | OP22: 46057 | OQ22: 46058 | OR22: 46059 | OS22: 46060 | OT22: 46061 | OU22: 46062 | OV22: 46063 | OW22: 46064 | OX22: 46065 | OY22: 46066 | OZ22: 46067 | PA22: 46068 | PB22: 46069 | PC22: 46070 | PD22: 46071 | PE22: 46072 | PF22: 46073 | PG22: 46074 | PH22: 46075 | PI22: 46076 | PJ22: 46077 | PK22: 46078 | PL22: 46079 | PM22: 46080 | PN22: 46081 | PO22: 46082 | PP22: 46083 | PQ22: 46084 | PR22: 46085 | PS22: 46086 | PT22: 46087 | PU22: 46088 | PV22: 46089 | PW22: 46090 | PX22: 46091 | PY22: 46092 | PZ22: 46093 | QA22: 46094 | QB22: 46095 | QC22: 46096 | QD22: 46097 | QE22: 46098 | QF22: 46099 | QG22: 46100 | QH22: 46101 | QI22: 46102 | QJ22: 46103 | QK22: 46104 | QL22: 46105 | QM22: 46106 | QN22: 46107 | QO22: 46108 | QP22: 46109 | QQ22: 46110 | QR22: 46111 | QS22: 46112 | QT22: 46113 | QU22: 46114 | QV22: 46115 | QW22: 46116 | QX22: 46117 | QY22: 46118 | QZ22: 46119 | RA22: 46120 | RB22: 46121 | RC22: 46122 | RD22: 46123 | RE22: 46124 | RF22: 46125 | RG22: 46126 | RH22: 46127 | RI22: 46128 | RJ22: 46129 | RK22: 46130 | RL22: 46131 | RM22: 46132 | RN22: 46133 | RO22: 46134 | RP22: 46135 | RQ22: 46136 | RR22: 46137 | RS22: 46138 | RT22: 46139 | RU22: 46140 | RV22: 46141 | RW22: 46142 | RX22: 46143 | RY22: 46144 | RZ22: 46145 | SA22: 46146 | SB22: 46147 | SC22: 46148 | SD22: 46149 | SE22: 46150 | SF22: 46151 | SG22: 46152 | SH22: 46153 | SI22: 46154 | SJ22: 46155 | SK22: 46156 | SL22: 46157 | SM22: 46158 | SN22: 46159 | SO22: 46160 | SP22: 46161 | SQ22: 46162 | SR22: 46163 | SS22: 46164 | ST22: 46165 | SU22: 46166 | SV22: 46167 | SW22: 46168 | SX22: 46169 | SY22: 46170 | SZ22: 46171 | TA22: 46172 | TB22: 46173 | TC22: 46174 | TD22: 46175 | TE22: 46176 | TF22: 46177 | TG22: 46178 | TH22: 46179 | TI22: 46180 | TJ22: 46181 | TK22: 46182 | TL22: 46183 | TM22: 46184 | TN22: 46185 | TO22: 46186 | TP22: 46187 | TQ22: 46188 | TR22: 46189 | TS22: 46190 | TT22: 46191 | TU22: 46192 | TV22: 46193 | TW22: 46194 | TX22: 46195 | TY22: 46196 | TZ22: 46197 | UA22: 46198 | UB22: 46199 | UC22: 46200 | UD22: 46201 | UE22: 46202 | UF22: 46203 | UG22: 46204 | UH22: 46205 | UI22: 46206 | UJ22: 46207 | UK22: 46208 | UL22: 46209 | UM22: 46210 | UN22: 46211 | UO22: 46212 | UP22: 46213 | UQ22: 46214 | UR22: 46215 | US22: 46216 | UT22: 46217 | UU22: 46218 | UV22: 46219 | UW22: 46220 | UX22: 46221 | UY22: 46222 | UZ22: 46223 | VA22: 46224 | VB22: 46225 | VC22: 46226 | VD22: 46227 | VE22: 46228 | VF22: 46229 | VG22: 46230 | VH22: 46231 | VI22: 46232 | VJ22: 46233 | VK22: 46234 | VL22: 46235 | VM22: 46236 | VN22: 46237 | VO22: 46238 | VP22: 46239 | VQ22: 46240 | VR22: 46241 | VS22: 46242 | VT22: 46243 | VU22: 46244 | VV22: 46245 | VW22: 46246 | VX22: 46247 | VY22: 46248 | VZ22: 46249 | WA22: 46250 | WB22: 46251 | WC22: 46252 | WD22: 46253 | WE22: 46254 | WF22: 46255 | WG22: 46256 | WH22: 46257 | WI22: 46258 | WJ22: 46259 | WK22: 46260 | WL22: 46261 | WM22: 46262 | WN22: 46263 | WO22: 46264 | WP22: 46265 | WQ22: 46266 | WR22: 46267 | WS22: 46268 | WT22: 46269 | WU22: 46270 | WV22: 46271 | WW22: 46272 | WX22: 46273 | WY22: 46274 | WZ22: 46275 | XA22: 46276 | XB22: 46277 | XC22: 46278 | XD22: 46279 | XE22: 46280 | XF22: 46281 | XG22: 46282 | XH22: 46283 | XI22: 46284 | XJ22: 46285 | XK22: 46286 | XL22: 46287 | XM22: 46288 | XN22: 46289 | XO22: 46290 | XP22: 46291 | XQ22: 46292 | XR22: 46293 | XS22: 46294 | XT22: 46295 | XU22: 46296 | XV22: 46297 | XW22: 46298 | XX22: 46299 | XY22: 46300 | XZ22: 46301 | YA22: 46302 | YB22: 46303 | YC22: 46304 | YD22: 46305 | YE22: 46306 | YF22: 46307 | YG22: 46308 | YH22: 46309 | YI22: 46310 | YJ22: 46311 | YK22: 46312 | YL22: 46313 | YM22: 46314 | YN22: 46315 | YO22: 46316 | YP22: 46317 | YQ22: 46318 | YR22: 46319 | YS22: 46320 | YT22: 46321 | YU22: 46322 | YV22: 46323 | YW22: 46324 | YX22: 46325 | YY22: 46326 | YZ22: 46327 | ZA22: 46328 | ZB22: 46329 | ZC22: 46330 | ZD22: 46331 | ZE22: 46332 | ZF22: 46333 | ZG22: 46334 | ZH22: 46335 | ZI22: 46336 | ZJ22: 46337 | ZK22: 46338 | ZL22: 46339 | ZM22: 46340 | ZN22: 46341 | ZO22: 46342 | ZP22: 46343 | ZQ22: 46344 | ZR22: 46345 | ZS22: 46346 | ZT22: 46347 | ZU22: 46348 | ZV22: 46349 | ZW22: 46350 | ZX22: 46351 | ZY22: 46352 | ZZ22: 46353 | AAA22: 46354 | AAB22: 46355 | AAC22: 46356 | AAD22: 46357 | AAE22: 46358 | AAF22: 46359 | AAG22: 46360 | AAH22: 46361 | AAI22: 46362 | AAJ22: 46363 | AAK22: 46364 | AAL22: 46365 | AAM22: 46366 | AAN22: 46367 | AAO22: 46368 | AAP22: 46369 | AAQ22: 46370 | AAR22: 46371 | AAS22: 46372 | AAT22: 46373 | AAU22: 46374 | AAV22: 46375 | AAW22: 46376 | AAX22: 46377 | AAY22: 46378 | AAZ22: 46379 | ABA22: 46380 | ABB22: 46381 | ABC22: 46382 | ABD22: 46383 | ABE22: 46384 | ABF22: 46385 | ABG22: 46386 | ABH22: 46387 | ABI22: 46388 | ABJ22: 46389 | ABK22: 46390 | ABL22: 46391 | ABM22: 46392 | ABN22: 46393 | ABO22: 46394 | ABP22: 46395 | ABQ22: 46396 | ABR22: 46397 | ABS22: 46398 | ABT22: 46399 | ABU22: 46400 | ABV22: 46401 | ABW22: 46402 | ABX22: 46403 | ABY22: 46404 | ABZ22: 46405 | ACA22: 46406 | ACB22: 46407 | ACC22: 46408 | ACD22: 46409 | ACE22: 46410 | ACF22: 46411 | ACG22: 46412 | ACH22: 46413 | ACI22: 46414 | ACJ22: 46415 | ACK22: 46416 | ACL22: 46417 | ACM22: 46418 | ACN22: 46419 | ACO22: 46420 | ACP22: 46421 | ACQ22: 46422 | ACR22: 46423 | ACS22: 46424 | ACT22: 46425 | ACU22: 46426 | ACV22: 46427 | ACW22: 46428 | ACX22: 46429 | ACY22: 46430 | ACZ22: 46431 | ADA22: 46432 | ADB22: 46433 | ADC22: 46434 | ADD22: 46435 | ADE22: 46436 | ADF22: 46437 | ADG22: 46438 | ADH22: 46439 | ADI22: 46440 | ADJ22: 46441 | ADK22: 46442 | ADL22: 46443 | ADM22: 46444 | ADN22: 46445 | ADO22: 46446 | ADP22: 46447 | ADQ22: 46448 | ADR22: 46449 | ADS22: 46450 | ADT22: 46451 | ADU22: 46452 | ADV22: 46453 | ADW22: 46454 | ADX22: 46455 | ADY22: 46456 | ADZ22: 46457 | AEA22: 46458 | AEB22: 46459 | AEC22: 46460 | AED22: 46461 | AEE22: 46462 | AEF22: 46463 | AEG22: 46464 | AEH22: 46465 | AEI22: 46466 | AEJ22: 46467 | AEK22: 46468 | AEL22: 46469 | AEM22: 46470 | AEN22: 46471 | AEO22: 46472 | AEP22: 46473 | AEQ22: 46474 | AER22: 46475 | AES22: 46476 | AET22: 46477 | AEU22: 46478 | AEV22: 46479 | AEW22: 46480 | AEX22: 46481 | AEY22: 46482 | AEZ22: 46483 | AFA22: 46484 | AFB22: 46485 | AFC22: 46486 | AFD22: 46487 | AFE22: 46488 | AFF22: 46489 | AFG22: 46490 | AFH22: 46491 | AFI22: 46492 | AFJ22: 46493 | AFK22: 46494 | AFL22: 46495 | AFM22: 46496 | AFN22: 46497 | AFO22: 46498 | AFP22: 46499 | AFQ22: 46500 | AFR22: 46501 | AFS22: 46502 | AFT22: 46503 | AFU22: 46504 | AFV22: 46505 | AFW22: 46506 | AFX22: 46507 | AFY22: 46508 | AFZ22: 46509 | AGA22: 46510 | AGB22: 46511 | AGC22: 46512 | AGD22: 46513 | AGE22: 46514 | AGF22: 46515 | AGG22: 46516 | AGH22: 46517 | AGI22: 46518 | AGJ22: 46519 | AGK22: 46520 | AGL22: 46521 | AGM22: 46522 | AGN22: 46523 | AGO22: 46524 | AGP22: 46525 | AGQ22: 46526 | AGR22: 46527 | AGS22: 46528 | AGT22: 46529 | AGU22: 46530 | AGV22: 46531 | AGW22: 46532 | AGX22: 46533 | AGY22: 46534 | AGZ22: 46535 | AHA22: 46536 | AHB22: 46537 | AHC22: 46538 | AHD22: 46539 | AHE22: 46540 | AHF22: 46541 | AHG22: 46542 | AHH22: 46543 | AHI22: 46544 | AHJ22: 46545 | AHK22: 46546 | AHL22: 46547 | AHM22: 46548 | AHN22: 46549 | AHO22: 46550 | AHP22: 46551 | AHQ22: 46552 | AHR22: 46553 | AHS22: 46554 | AHT22: 46555 | AHU22: 46556 | AHV22: 46557 | AHW22: 46558 | AHX22: 46559 | AHY22: 46560 | AHZ22: 46561 | AIA22: 46562 | AIB22: 46563 | AIC22: 46564 | AID22: 46565 | AIE22: 46566 | AIF22: 46567 | AIG22: 46568 | AIH22: 46569 | AII22: 46570 | AIJ22: 46571 | AIK22: 46572 | AIL22: 46573 | AIM22: 46574 | AIN22: 46575 | AIO22: 46576 | AIP22: 46577 | AIQ22: 46578 | AIR22: 46579 | AIS22: 46580 | AIT22: 46581 | AIU22: 46582 | AIV22: 46583 | AIW22: 46584 | AIX22: 46585 | AIY22: 46586 | AIZ22: 46587 | AJA22: 46588 | AJB22: 46589 | AJC22: 46590 | AJD22: 46591 | AJE22: 46592 | AJF22: 46593 | AJG22: 46594 | AJH22: 46595 | AJI22: 46596 | AJJ22: 46597 | AJK22: 46598 | AJL22: 46599 | AJM22: 46600 | AJN22: 46601 | AJO22: 46602 | AJP22: 46603 | AJQ22: 46604 | AJR22: 46605 | AJS22: 46606 | AJT22: 46607 | AJU22: 46608 | AJV22: 46609 | AJW22: 46610 | AJX22: 46611 | AJY22: 46612 | AJZ22: 46613 | AKA22: 46614 | AKB22: 46615 | AKC22: 46616 | AKD22: 46617 | AKE22: 46618 | AKF22: 46619 | AKG22: 46620 | AKH22: 46621 | AKI22: 46622 | AKJ22: 46623 | AKK22: 46624 | AKL22: 46625 | AKM22: 46626 | AKN22: 46627 | AKO22: 46628 | AKP22: 46629 | AKQ22: 46630 | AKR22: 46631 | AKS22: 46632 | AKT22: 46633 | AKU22: 46634 | AKV22: 46635 | AKW22: 46636 | AKX22: 46637 | AKY22: 46638 | AKZ22: 46639 | ALA22: 46640 | ALB22: 46641 | ALC22: 46642 | ALD22: 46643 | ALE22: 46644 | ALF22: 46645 | ALG22: 46646 | ALH22: 46647 | ALI22: 46648 | ALJ22: 46649 | ALK22: 46650 | ALL22: 46651 | ALM22: 46652 | ALN22: 46653 | ALO22: 46654 | ALP22: 46655 | ALQ22: 46656 | ALR22: 46657 | ALS22: 46658 | ALT22: 46659 | ALU22: 46660 | ALV22: 46661 | ALW22: 46662 | ALX22: 46663 | ALY22: 46664 | ALZ22: 46665 | AMA22: 46666 | AMB22: 46667 | AMC22: 46668 | AMD22: 46669 | AME22: 46670 | AMF22: 46671 | AMG22: 46672 | AMH22: 46673 | AMI22: 46674 | AMJ22: 46675 | AMK22: 46676 | AML22: 46677 | AMM22: 46678 | AMN22: 46679 | AMO22: 46680 | AMP22: 46681 | AMQ22: 46682 | AMR22: 46683 | AMS22: 46684 | AMT22: 46685 | AMU22: 46686 | AMV22: 46687 | AMW22: 46688 | AMX22: 46689 | AMY22: 46690 | AMZ22: 46691 | ANA22: 46692 | ANB22: 46693 | ANC22: 46694 | AND22: 46695 | ANE22: 46696 | ANF22: 46697 | ANG22: 46698 | ANH22: 46699 | ANI22: 46700 | ANJ22: 46701 | ANK22: 46702 | ANL22: 46703 | ANM22: 46704 | ANN22: 46705 | ANO22: 46706 | ANP22: 46707 | ANQ22: 46708 | ANR22: 46709 | ANS22: 46710 | ANT22: 46711 | ANU22: 46712 | ANV22: 46713 | ANW22: 46714 | ANX22: 46715 | ANY22: 46716 | ANZ22: 46717 | AOA22: 46718 | AOB22: 46719 | AOC22: 46720 | AOD22: 46721 | AOE22: 46722 | AOF22: 46723 | AOG22: 46724 | AOH22: 46725 | AOI22: 46726 | AOJ22: 46727 | AOK22: 46728 | AOL22: 46729 | AOM22: 46730 | AON22: 46731 | AOO22: 46732 | AOP22: 46733 | AOQ22: 46734 | AOR22: 46735 | AOS22: 46736 | AOT22: 46737 | AOU22: 46738 | AOV22: 46739 | AOW22: 46740 | AOX22: 46741 | AOY22: 46742 | AOZ22: 46743 | APA22: 46744 | APB22: 46745 | APC22: 46746 | APD22: 46747 | APE22: 46748 | APF22: 46749 | APG22: 46750 | APH22: 46751 | API22: 46752 | APJ22: 46753 | APK22: 46754 | APL22: 46755 | APM22: 46756 | APN22: 46757 | APO22: 46758 | APP22: 46759 | APQ22: 46760 | APR22: 46761 | APS22: 46762 | APT22: 46763 | APU22: 46764 | APV22: 46765 | APW22: 46766 | APX22: 46767 | APY22: 46768 | APZ22: 46769 | AQA22: 46770 | AQB22: 46771 | AQC22: 46772 | AQD22: 46773 | AQE22: 46774 | AQF22: 46775 | AQG22: 46776 | AQH22: 46777 | AQI22: 46778 | AQJ22: 46779 | AQK22: 46780 | AQL22: 46781 | AQM22: 46782 | AQN22: 46783 | AQO22: 46784 | AQP22: 46785 | AQQ22: 46786 | AQR22: 46787 | AQS22: 46788 | AQT22: 46789 | AQU22: 46790 | AQV22: 46791 | AQW22: 46792 | AQX22: 46793 | AQY22: 46794 | AQZ22: 46795 | ARA22: 46796 | ARB22: 46797 | ARC22: 46798 | ARD22: 46799 | ARE22: 46800 | ARF22: 46801 | ARG22: 46802 | ARH22: 46803 | ARI22: 46804 | ARJ22: 46805 | ARK22: 46806 | ARL22: 46807 | ARM22: 46808 | ARN22: 46809 | ARO22: 46810 | ARP22: 46811 | ARQ22: 46812 | ARR22: 46813 | ARS22: 46814 | ART22: 46815 | ARU22: 46816 | ARV22: 46817 | ARW22: 46818 | ARX22: 46819 | ARY22: 46820 | ARZ22: 46821 | ASA22: 46822 | ASB22: 46823 | ASC22: 46824 | ASD22: 46825 | ASE22: 46826 | ASF22: 46827 | ASG22: 46828 | ASH22: 46829 | ASI22: 46830 | ASJ22: 46831 | ASK22: 46832 | ASL22: 46833 | ASM22: 46834 | ASN22: 46835 | ASO22: 46836 | ASP22: 46837 | ASQ22: 46838 | ASR22: 46839 | ASS22: 46840 | AST22: 46841 | ASU22: 46842 | ASV22: 46843 | ASW22: 46844 | ASX22: 46845 | ASY22: 46846 | ASZ22: 46847 | ATA22: 46848 | ATB22: 46849 | ATC22: 46850 | ATD22: 46851 | ATE22: 46852 | ATF22: 46853 | ATG22: 46854 | ATH22: 46855 | ATI22: 46856 | ATJ22: 46857 | ATK22: 46858 | ATL22: 46859 | ATM22: 46860 | ATN22: 46861 | ATO22: 46862 | ATP22: 46863 | ATQ22: 46864 | ATR22: 46865 | ATS22: 46866 | ATT22: 46867 | ATU22: 46868 | ATV22: 46869 | ATW22: 46870 | ATX22: 46871 | ATY22: 46872 | ATZ22: 46873 | AUA22: 46874 | AUB22: 46875 | AUC22: 46876 | AUD22: 46877 | AUE22: 46878 | AUF22: 46879 | AUG22: 46880 | AUH22: 46881 | AUI22: 46882 | AUJ22: 46883 | AUK22: 46884 | AUL22: 46885 | AUM22: 46886 | AUN22: 46887 | AUO22: 46888 | AUP22: 46889 | AUQ22: 46890 | AUR22: 46891 | AUS22: 46892 | AUT22: 46893 | AUU22: 46894 | AUV22: 46895 | AUW22: 46896 | AUX22: 46897 | AUY22: 46898 | AUZ22: 46899 | AVA22: 46900 | AVB22: 46901 | AVC22: 46902 | AVD22: 46903 | AVE22: 46904 | AVF22: 46905 | AVG22: 46906 | AVH22: 46907 | AVI22: 46908 | AVJ22: 46909 | AVK22: 46910 | AVL22: 46911 | AVM22: 46912 | AVN22: 46913 | AVO22: 46914 | AVP22: 46915 | AVQ22: 46916 | AVR22: 46917 | AVS22: 46918 | AVT22: 46919 | AVU22: 46920 | AVV22: 46921 | AVW22: 46922 | AVX22: 46923 | AVY22: 46924 | AVZ22: 46925 | AWA22: 46926 | AWB22: 46927 | AWC22: 46928 | AWD22: 46929 | AWE22: 46930 | AWF22: 46931 | AWG22: 46932 | AWH22: 46933 | AWI22: 46934 | AWJ22: 46935 | AWK22: 46936 | AWL22: 46937 | AWM22: 46938 | AWN22: 46939 | AWO22: 46940 | AWP22: 46941 | AWQ22: 46942 | AWR22: 46943 | AWS22: 46944 | AWT22: 46945 | AWU22: 46946 | AWV22: 46947 | AWW22: 46948 | AWX22: 46949 | AWY22: 46950 | AWZ22: 46951 | AXA22: 46952 | AXB22: 46953 | AXC22: 46954 | AXD22: 46955 | AXE22: 46956 | AXF22: 46957 | AXG22: 46958 | AXH22: 46959 | AXI22: 46960 | AXJ22: 46961 | AXK22: 46962 | AXL22: 46963 | AXM22: 46964 | AXN22: 46965 | AXO22: 46966 | AXP22: 46967 | AXQ22: 46968 | AXR22: 46969 | AXS22: 46970 | AXT22: 46971 | AXU22: 46972 | AXV22: 46973 | AXW22: 46974 | AXX22: 46975 | AXY22: 46976 | AXZ22: 46977 | AYA22: 46978 | AYB22: 46979 | AYC22: 46980 | AYD22: 46981 | AYE22: 46982 | AYF22: 46983 | AYG22: 46984 | AYH22: 46985 | AYI22: 46986 | AYJ22: 46987 | AYK22: 46988 | AYL22: 46989 | AYM22: 46990 | AYN22: 46991 | AYO22: 46992 | AYP22: 46993 | AYQ22: 46994 | AYR22: 46995 | AYS22: 46996 | AYT22: 46997 | AYU22: 46998 | AYV22: 46999 | AYW22: 47000 | AYX22: 47001 | AYY22: 47002 | AYZ22: 47003 | AZA22: 47004 | AZB22: 47005 | AZC22: 47006 | AZD22: 47007 | AZE22: 47008 | AZF22: 47009 | AZG22: 47010 | AZH22: 47011 | AZI22: 47012 | AZJ22: 47013 | AZK22: 47014 | AZL22: 47015 | AZM22: 47016 | AZN22: 47017 | AZO22: 47018 | AZP22: 47019 | AZQ22: 47020 | AZR22: 47021 | AZS22: 47022 | AZT22: 47023 | AZU22: 47024 | AZV22: 47025 | AZW22: 47026 | AZX22: 47027 | AZY22: 47028 | AZZ22: 47029 | BAA22: 47030 | BAB22: 47031 | BAC22: 47032 | BAD22: 47033 | BAE22: 47034 | BAF22: 47035 | BAG22: 47036 | BAH22: 47037 | BAI22: 47038 | BAJ22: 47039 | BAK22: 47040 | BAL22: 47041 | BAM22: 47042 | BAN22: 47043 | BAO22: 47044 | BAP22: 47045 | BAQ22: 47046 | BAR22: 47047 | BAS22: 47048 | BAT22: 47049 | BAU22: 47050 | BAV22: 47051 | BAW22: 47052 | BAX22: 47053 | BAY22: 47054 | BAZ22: 47055 | BBA22: 47056 | BBB22: 47057 | BBC22: 47058 | BBD22: 47059 | BBE22: 47060 | BBF22: 47061 | BBG22: 47062 | BBH22: 47063 | BBI22: 47064 | BBJ22: 47065 | BBK22: 47066 | BBL22: 47067 | BBM22: 47068 | BBN22: 47069 | BBO22: 47070 | BBP22: 47071 | BBQ22: 47072 | BBR22: 47073 | BBS22: 47074 | BBT22: 47075 | BBU22: 47076 | BBV22: 47077 | BBW22: 47078 | BBX22: 47079 | BBY22: 47080 | BBZ22: 47081 | BCA22: 47082 | BCB22: 47083 | BCC22: 47084 | BCD22: 47085 | BCE22: 47086 | BCF22: 47087 | BCG22: 47088 | BCH22: 47089 | BCI22: 47090 | BCJ22: 47091 | BCK22: 47092 | BCL22: 47093 | BCM22: 47094 | BCN22: 47095 | BCO22: 47096 | BCP22: 47097 | BCQ22: 47098 | BCR22: 47099 | BCS22: 47100 | BCT22: 47101 | BCU22: 47102 | BCV22: 47103 | BCW22: 47104 | BCX22: 47105 | BCY22: 47106 | BCZ22: 47107 | BDA22: 47108 | BDB22: 47109 | BDC22: 47110 | BDD22: 47111 | BDE22: 47112 | BDF22: 47113 | BDG22: 47114 | BDH22: 47115 | BDI22: 47116 | BDJ22: 47117 | BDK22: 47118
